Workbook
Name BASE: #REF!
Name BASE1: #REF!
Name BASE2: #REF!
Name BASE3: #REF!

Sheet ESFA 1 ENE 2015
C3: HOJA DE TRABAJO - PREPARACIÓN DE ESTADO DE SITUACIÓN FINANCIERA DE APERTURA ESFA Cifras expresadas en miles de pesos
C5: PUC Resoluciones No. 1515-01 y 890-04 | E5: Saldo Inicial PCGA 01/01/2015 | F5: Ajustes por Errores en PCGA Debitos | G5: Ajustes por Errores en PCGA Créditos | H5: Ajustes por Convergencia a NIIF Debitos | I5: Ajustes por Convergencia a NIIF Créditos | J5: Reclasificaciones por Convergencia a NIIF Debitos | K5: Reclasificaciones por Convergencia a NIIF Créditos | L5: Columna de Control A 01/01/2015 | M5: =+L6-L135-L226 -> 0
B6: =+E6-E135-E226 -> 0 | C6: 1000 | D6: ACTIVO | E6: =+E7+E13+E31+E48+E71+E98+E120+E123 -> 5.7154227e+10 | F6: =+F7+F13+F31+F48+F71+F98+F120+F123 -> 0 | G6: =+G7+G13+G31+G48+G71+G98+G120+G123 -> 0 | H6: =+H7+H13+H31+H48+H71+H98+H120+H123 -> 3.6385502e+08 | I6: =+I7+I13+I31+I48+I71+I98+I120+I123 -> 6.3055924e+08 | J6: =+J7+J13+J31+J48+J71+J98+J120+J123 -> 0 | K6: =+K7+K13+K31+K48+K71+K98+K120+K123 -> 0 | L6: =+L7+L13+L31+L48+L71+L98+L120+L123 -> 5.6887523e+10
C7: 1100 | D7: DISPONIBLE | E7: =+SUM(E8:E12) -> 3.8376055e+09 | F7: =+SUM(F8:F12) -> 0 | G7: =+SUM(G8:G12) -> 0 | H7: =+SUM(H8:H12) -> 0 | I7: =+SUM(I8:I12) -> 0 | J7: =+SUM(J8:J12) -> 0 | K7: =+SUM(K8:K12) -> 0 | L7: =+SUM(L8:L12) -> 3.8376055e+09
C8: 1105 | D8: Caja | E8: 0 | L8: =+E8+F8+H8+J8-K8-I8-G8 -> 0
C9: 1110 | D9: Bancos Y Otras Entidades | E9: 3.8376055e+09 | L9: =+E9+F9+H9+J9-K9-I9-G9 -> 3.8376055e+09
C10: 1115 | D10: Fondos Especificos | E10: 0 | L10: =+E10+F10+H10+J10-K10-I10-G10 -> 0
C11: 1120 | D11: Fondo De Liquidez | E11: 0 | L11: =+E11+F11+H11+J11-K11-I11-G11 -> 0
C12: 1130 | D12: Remesas En Transito | E12: 0 | L12: =+E12+F12+H12+J12-K12-I12-G12 -> 0
C13: 1200 | D13: INVERSIONES | E13: =+SUM(E14:E30) -> 317452094 | F13: =+SUM(F14:F30) -> 0 | G13: =+SUM(G14:G30) -> 0 | H13: =+SUM(H14:H30) -> 0 | I13: =+SUM(I14:I30) -> 52939995 | J13: =+SUM(J14:J30) -> 0 | K13: =+SUM(K14:K30) -> 0 | L13: =+SUM(L14:L30) -> 264512099
C14: 1201 | D14: Compromisos De Reventa De Inversiones | E14: 0 | L14: =+E14+F14+H14+J14-K14-I14-G14 -> 0
C15: 1202 | D15: Compromisos De Reventa De Cartera | E15: 0 | L15: =+E15+F15+H15+J15-K15-I15-G15 -> 0
C16: 1203 | D16: Fondo De Liquidez | E16: 0 | L16: =+E16+F16+H16+J16-K16-I16-G16 -> 0
C17: 1204 | D17: Inversiones Negociables En Titulos De Deuda | E17: 0 | L17: =+E17+F17+H17+J17-K17-I17-G17 -> 0
C18: 1206 | D18: Inversiones Negociables En Titulos Participativos | E18: 0 | L18: =+E18+F18+H18+J18-K18-I18-G18 -> 0
C19: 1208 | D19: Inversiones Para Mantener Hasta El Vencimiento | E19: 213420044 | L19: =+E19+F19+H19+J19-K19-I19-G19 -> 213420044
C20: 1213 | D20: Inversiones Disponibles Para La Venta En Titulos De Deuda | E20: 0 | L20: =+E20+F20+H20+J20-K20-I20-G20 -> 0
C21: 1216 | D21: Inversiones Disponibles Para La Venta En Titulos Participativos | E21: 104032050 | I21: =+E21-(39151*1305) -> 52939995 | L21: =+E21+F21+H21+J21-K21-I21-G21 -> 51092055
C22: 1231 | D22: Derechos De Recompra De Inversiones Negociables En Titulos De Deuda | E22: 0 | L22: =+E22+F22+H22+J22-K22-I22-G22 -> 0
C23: 1232 | D23: Derechos De Recompra De Inversiones Negociables En Titulos Participativos | E23: 0 | L23: =+E23+F23+H23+J23-K23-I23-G23 -> 0
C24: 1235 | D24: Derechos De Recompra De Inversiones Disponibles Para La Venta En Titulos De Deuda | E24: 0 | L24: =+E24+F24+H24+J24-K24-I24-G24 -> 0
C25: 1236 | D25: Derechos De Recompra De Inversiones Disponibles Para La Venta En Titulos Participativos | E25: 0 | L25: =+E25+F25+H25+J25-K25-I25-G25 -> 0
C26: 1286 | D26: Provision De Inversiones Negociables En Titulos De Deuda | E26: 0 | L26: =+E26+F26+H26+J26-K26-I26-G26 -> 0
C27: 1287 | D27: Provision De Inversiones Negociables En Titulos Participativos | E27: 0 | L27: =+E27+F27+H27+J27-K27-I27-G27 -> 0
C28: 1288 | D28: Provision De Inversiones Para Mantener Hasta El Vencimiento | E28: 0 | L28: =+E28+F28+H28+J28-K28-I28-G28 -> 0
C29: 1289 | D29: Provision De Inversiones Disponibles Para La Venta En Titulos De Deuda | E29: 0 | L29: =+E29+F29+H29+J29-K29-I29-G29 -> 0
C30: 1291 | D30: Provision De Inversiones Disponibles Para La Venta En Titulos Participativos | E30: 0 | L30: =+E30+F30+H30+J30-K30-I30-G30 -> 0
C31: 1300 | D31: INVENTARIOS | E31: 0 | L31: =+E31+F31+H31+J31-K31-I31-G31 -> 0
C32: 1305 | D32: Bienes No Transformados Por La Entidad | E32: 0 | L32: =+E32+F32+H32+J32-K32-I32-G32 -> 0
C33: 1310 | D33: Materias Primas | E33: 0 | L33: =+E33+F33+H33+J33-K33-I33-G33 -> 0
... C47: 1390 | D47: Provision | E47: 0 | L47: =+E47+F47+H47+J47-K47-I47-G47 -> 0
C48: 1400 | D48: CARTERA DE CRÉDITOS | E48: =+SUM(E49:E70) -> 50994808643 | F48: =+SUM(F49:F70) -> 0 | G48: =+SUM(G49:G70) -> 0 | H48: =+SUM(H49:H70) -> 0 | I48: =+SUM(I49:I70) -> 2.9940684e+08 | J48: =+SUM(J49:J70) -> 0 | K48: =+SUM(K49:K70) -> 0 | L48: =+SUM(L49:L70) -> 5.0695402e+10 | M48: 0.005 | N48: =+L48*M48 -> 2.5347701e+08
C49: 1404 | D49: Creditos De Vivienda - Con Libranza | E49: 0 | L49: =+E49+F49+H49+J49-K49-I49-G49 -> 0 | N49: =L48-#REF! -> #REF!
C50: 1405 | D50: Creditos De Vivienda - Sin Libranza | E50: 0 | L50: =+E50+F50+H50+J50-K50-I50-G50 -> 0
C51: 1411 | D51: Creditos De Consumo, Garantia Admisible - Con Libranza | E51: 387667225 | L51: =+E51+F51+H51+J51-K51-I51-G51 -> 387667225
C52: 1412 | D52: Creditos De Consumo , Garantia Admisible, - Sin Libranza | E52: 490176374 | L52: =+E52+F52+H52+J52-K52-I52-G52 -> 490176374
C53: 1441 | D53: Creditos De Consumo, Otras Garantias - Con Libranza | E53: 48743561557 | L53: =+E53+F53+H53+J53-K53-I53-G53 -> 48743561557
C54: 1442 | D54: Creditos De Consumo , Otras Garantias - Sin Libranza | E54: 1781960857 | L54: =+E54+F54+H54+J54-K54-I54-G54 -> 1781960857
C55: 1455 | D55: Microcreditos Inmobiliario - Sin Libranza | E55: 0 | L55: =+E55+F55+H55+J55-K55-I55-G55 -> 0
C56: 1456 | D56: Microcreditos, Empresarial - Garantia Admisible - Con Libranza | E56: 0 | L56: =+E56+F56+H56+J56-K56-I56-G56 -> 0
C57: 1457 | D57: Microcreditos, Empresarial - Garantia Admisible - Sin Libranza | E57: 0 | L57: =+E57+F57+H57+J57-K57-I57-G57 -> 0
C58: 1458 | D58: Microcreditos, Empresarial - Otras Garantias - Con Libranza | E58: 0 | L58: =+E58+F58+H58+J58-K58-I58-G58 -> 0
C59: 1459 | D59: Microcreditos, Empresarial - Otras Garantias - Sin Libranza | E59: 0 | L59: =+E59+F59+H59+J59-K59-I59-G59 -> 0
C60: 1460 | D60: Creditos Comerciales , Garantia Admisible - Con Libranza | E60: 0 | L60: =+E60+F60+H60+J60-K60-I60-G60 -> 0
C61: 1462 | D61: Creditos Comerciales , Garantia Admisible - Sin Libranza | E61: 133923980 | L61: =+E61+F61+H61+J61-K61-I61-G61 -> 133923980
... C69: 1495 | D69: Provision Creditos Comerciales | E69: -289233 | L69: =+E69+F69+H69+J69-K69-I69-G69 -> -289233
C70: 1498 | D70: Provision General | E70: -517254244 | I70: =+I255-I80 -> 2.9940684e+08 | L70: =+E70+F70+H70+J70-K70-I70-G70 -> -8.1666108e+08
C71: 1600 | D71: CUENTAS POR COBRAR | E71: =+SUM(E72:E97) -> 974680501 | F71: =+SUM(F72:F97) -> 0 | G71: =+SUM(G72:G97) -> 0 | H71: =+SUM(H72:H97) -> 0 | I71: =+SUM(I72:I97) -> 14145146 | J71: =+SUM(J72:J97) -> 0 | K71: =+SUM(K72:K97) -> 0 | L71: =+E71+F71+H71+J71-K71-I71-G71 -> 9.6053536e+08
C72: 1605 | D72: Convenios Por Cobrar | E72: 35911538 | L72: =+E72+F72+H72+J72-K72-I72-G72 -> 35911538
C73: 1620 | D73: Prometientes Vendedores | E73: 0 | L73: =+E73+F73+H73+J73-K73-I73-G73 -> 0
C74: 1625 | D74: Anticipos De Contratos Y Proveedores | E74: 307357451 | L74: =+E74+F74+H74+J74-K74-I74-G74 -> 307357451
C75: 1635 | D75: Adelantos Al Personal | E75: 0 | L75: =+E75+F75+H75+J75-K75-I75-G75 -> 0
C76: 1636 | D76: Pagos Por Cuenta De Asociados, Vivienda | E76: 0 | L76: =+E76+F76+H76+J76-K76-I76-G76 -> 0
C77: 1637 | D77: Pagos Por Cuenta De Asociados, Consumo | E77: 0 | L77: =+E77+F77+H77+J77-K77-I77-G77 -> 0
C78: 1638 | D78: Pagos Por Cuenta De Asociados, Microcredito | E78: 0 | L78: =+E78+F78+H78+J78-K78-I78-G78 -> 0
C79: 1639 | D79: Pagos Por Cuenta De Asociados Comercial | E79: 0 | L79: =+E79+F79+H79+J79-K79-I79-G79 -> 0
C80: 1640 | D80: Creditos A Empleados | E80: 267801172 | I80: 14145146 | L80: =+E80+F80+H80+J80-K80-I80-G80 -> 2.5365603e+08
C81: 1645 | D81: Deudores Por Venta De Bienes | E81: 0 | L81: =+E81+F81+H81+J81-K81-I81-G81 -> 0
C82: 1648 | D82: Deudores Por Prestacion De Servicios | E82: 0 | L82: =+E82+F82+H82+J82-K82-I82-G82 -> 0
C83: 1650 | D83: Deudores Patronales Y Empresas | E83: 2088601 | L83: =+E83+F83+H83+J83-K83-I83-G83 -> 2088601
C84: 1655 | D84: Intereses | E84: 180571991 | L84: =+E84+F84+H84+J84-K84-I84-G84 -> 180571991
C85: 1657 | D85: Intereses Cartera Por Venta De Bienes | E85: 0 | L85: =+E85+F85+H85+J85-K85-I85-G85 -> 0
C86: 1658 | D86: Intereses Cartera Por Prestacion De Servicios | E86: 0 | L86: =+E86+F86+H86+J86-K86-I86-G86 -> 0
C87: 1660 | D87: Ingresos Por Cobrar | E87: 988320 | L87: =+E87+F87+H87+J87-K87-I87-G87 -> 988320
C88: 1665 | D88: Dividendos, Participaciones Y Excedentes | E88: 0 | L88: =+E88+F88+H88+J88-K88-I88-G88 -> 0
C89: 1675 | D89: Anticipo De Impuestos | E89: 3421096 | L89: =+E89+F89+H89+J89-K89-I89-G89 -> 3421096
C90: 1690 | D90: Otras Cuentas Por Cobrar | E90: 202907475 | L90: =+E90+F90+H90+J90-K90-I90-G90 -> 202907475
C91: 1691 | D91: Provision Cuentas Por Cobrar, Cartera Venta De Bienes Y Servicios | E91: 0 | L91: =+E91+F91+H91+J91-K91-I91-G91 -> 0
C92: 1692 | D92: Provision Cuentas Por Cobrar, Microcredito Empresarial | E92: 0 | L92: =+E92+F92+H92+J92-K92-I92-G92 -> 0
... C97: 1698 | D97: Otras Provisiones Cuentas Por Cobrar | E97: 0 | L97: =+E97+F97+H97+J97-K97-I97-G97 -> 0
C98: 1700 | D98: PROPIEDADES PLANTA Y EQUIPO | E98: =+SUM(E99:E119) -> 7.5012034e+08 | F98: =+SUM(F99:F119) -> 0 | G98: =+SUM(G99:G119) -> 0 | H98: =+SUM(H99:H119) -> 3.6385502e+08 | I98: =+SUM(I99:I119) -> 2840830.9 | J98: =+SUM(J99:J119) -> 0 | K98: =+SUM(K99:K119) -> 0 | L98: =+SUM(L99:L119) -> 1.1111345e+09
C99: 1705 | D99: Terrenos | E99: 24226374 | H99: =+[2]inmuebles!H4-'ESFA 1 ENE 2015'!E99 -> 39456085 | L99: =+E99+F99+H99+J99-K99-I99-G99 -> 63682459
C100: 1710 | D100: Construcciones O Montajes En Curso | E100: 0 | L100: =+E100+F100+H100+J100-K100-I100-G100 -> 0
C101: 1715 | D101: Edificaciones | E101: 717741525 | I101: =+E101-[2]inmuebles!H7-[2]inmuebles!H10 -> 2840830.9 | L101: =+E101+F101+H101+J101-K101-I101-G101 -> 7.1490069e+08
C102: 1720 | D102: Muebles Y Equipo De Oficina | E102: 240925844 | L102: =+E102+F102+H102+J102-K102-I102-G102 -> 240925844
C103: 1722 | D103: Equipo Medico - Cientifico | E103: 0 | L103: =+E103+F103+H103+J103-K103-I103-G103 -> 0
C104: 1725 | D104: Equipo De Computo Y Comunicacion | E104: 87604463 | H104: =140946110/60*57 -> 1.338988e+08 | L104: =+E104+F104+H104+J104-K104-I104-G104 -> 2.2150327e+08
C105: 1728 | D105: Equipo De Hoteles Y Restaurantes | E105: 0 | L105: =+E105+F105+H105+J105-K105-I105-G105 -> 0
C106: 1730 | D106: Vehiculos | E106: 0 | L106: =+E106+F106+H106+J106-K106-I106-G106 -> 0
C107: 1732 | D107: Envases Y Empaques | E107: 0 | L107: =+E107+F107+H107+J107-K107-I107-G107 -> 0
C108: 1735 | D108: Armamento De Vigilancia | E108: 0 | L108: =+E108+F108+H108+J108-K108-I108-G108 -> 0
C109: 1740 | D109: Plantaciones Agricolas Y Forestales | E109: 0 | L109: =+E109+F109+H109+J109-K109-I109-G109 -> 0
C110: 1745 | D110: Maquinaria Y Equipo | E110: 0 | L110: =+E110+F110+H110+J110-K110-I110-G110 -> 0
C111: 1750 | D111: Propiedades En Transito | E111: 0 | L111: =+E111+F111+H111+J111-K111-I111-G111 -> 0
C112: 1755 | D112: Semovientes | E112: 0 | L112: =+E112+F112+H112+J112-K112-I112-G112 -> 0
C113: 1760 | D113: Mausoleos | E113: 0 | L113: =+E113+F113+H113+J113-K113-I113-G113 -> 0
C114: 1765 | D114: Elementos Didacticos | E114: 0 | L114: =+E114+F114+H114+J114-K114-I114-G114 -> 0
C115: 1770 | D115: Bienes De Fondos Sociales | E115: 0 | L115: =+E115+F115+H115+J115-K115-I115-G115 -> 0
C116: 1775 | D116: Recursos Naturales | E116: 0 | L116: =+E116+F116+H116+J116-K116-I116-G116 -> 0
C117: 1780 | D117: Amortizacion Y Agotamiento Acumulada | E117: 0 | L117: =+E117+F117+H117+J117-K117-I117-G117 -> 0
C118: 1795 | D118: Depreciacion Acumulada | E118: -3.2037787e+08 | H118: =-[2]inmuebles!B16 -> 1.9050013e+08 | L118: =+E118+F118+H118+J118-K118-I118-G118 -> -1.2987773e+08
C119: 1799 | D119: Provision | E119: 0 | L119: =+E119+F119+H119+J119-K119-I119-G119 -> 0
C120: 1800 | D120: DIFERIDOS | E120: =+SUM(E121:E122) -> 0 | F120: =+SUM(F121:F122) -> 0 | G120: =+SUM(G121:G122) -> 0 | H120: =+SUM(H121:H122) -> 0 | I120: =+SUM(I121:I122) -> 0 | J120: =+SUM(J121:J122) -> 0 | K120: =+SUM(K121:K122) -> 0 | L120: =+SUM(L121:L122) -> 0
C121: 1810 | D121: Gastos Anticipados | E121: 0 | L121: =+E121+F121+H121+J121-K121-I121-G121 -> 0
C122: 1820 | D122: Cargos Diferidos | E122: 0 | L122: =+E122+F122+H122+J122-K122-I122-G122 -> 0
C123: 1900 | D123: OTROS ACTIVOS | E123: =+SUM(E124:E134) -> 279560075 | H123: =+SUM(H124:H134) -> 0 | I123: =+SUM(I124:I134) -> 261226427 | J123: =+SUM(J124:J134) -> 0 | K123: =+SUM(K124:K134) -> 0 | L123: =+SUM(L124:L134) -> 18333648
C124: 1904 | D124: Sucursales Y Agencias | E124: 0 | L124: =+E124+F124+H124+J124-K124-I124-G124 -> 0
C125: 1910 | D125: Activos Intangibles | E125: 0 | L125: =+E125+F125+H125+J125-K125-I125-G125 -> 0
C126: 1930 | D126: Activos De Operacion | E126: 0 | L126: =+E126+F126+H126+J126-K126-I126-G126 -> 0
C127: 1950 | D127: Bienes Recibidos En Pago | E127: 0 | L127: =+E127+F127+H127+J127-K127-I127-G127 -> 0
...

Sheet ESF
B2: COOPEJEMPLO
B3: COOPERATIVA ESPECIALIZADA DE AHORRO Y CREDITO
B4: ESTADO DE SITUACION FINANCIERA
C5: Por Orden de Liquidez
B6: Acumulado a 31 de Diciembre de los años 2022 y 2021
B7: (Información en pesos colombianos)
C9: ACTIVOS | D9: Nota | F9: 2022 | G9: % | H9: 2021 | I9: % | J9: Variación $ | K9: %
C11: Efectivo y Equivalentes al Efectivo | D11: -4 | F11: =SUM(F12:F13) -> 3.362434e+09 | G11: =+F11/F$48 -> 0.048956541 | H11: =SUM(H12:H13) -> 3.078682e+09 | I11: =+H11/H$48 -> 0.047341268 | J11: =+F11-H11 -> 2.83752e+08 | K11: =IFERROR(+J11/H11,0%) -> 0.092166716
C12: Bancos | F12: =+'Hoja trabajo ESF'!E7 -> 2.6712039e+09 | G12: =+F12/F$48 -> 0.038892334 | H12: =+'Hoja trabajo ESF'!G7 -> 2.7851696e+09 | I12: =+H12/H$48 -> 0.042827893 | J12: =+F12-H12 -> -1.139657e+08 | K12: =IFERROR(+J12/H12,0%) -> -0.040918764
C13: Efectivo Restringido - Fondo de Liquidez | F13: =+'Hoja trabajo ESF'!E8 -> 6.9123007e+08 | G13: =+F13/F$48 -> 0.010064208 | H13: =+'Hoja trabajo ESF'!G8 -> 2.9351237e+08 | I13: =+H13/H$48 -> 0.0045133755 | J13: =+F13-H13 -> 3.977177e+08 | K13: =IFERROR(+J13/H13,0%) -> 1.3550288
C15: Activos Financieros de Inversión | D15: -5 | F15: =SUM(F16:F18) -> 698283723 | G15: =+F15/F$48 -> 0.010166908 | H15: =SUM(H16:H18) -> 621597211 | I15: =+H15/H$48 -> 0.0095583762 | J15: =+F15-H15 -> 76686512 | K15: =IFERROR(+J15/H15,0%) -> 0.1233701
C16: Inversiones en instrumentos de Deuda (Costo amortizado) | F16: =+'Hoja trabajo ESF'!E10 -> 571056269 | G16: =+F16/F$48 -> 0.0083144948 | H16: =+'Hoja trabajo ESF'!G10 -> 535845042 | I16: =+H16/H$48 -> 0.0082397546 | J16: =+F16-H16 -> 35211227 | K16: =IFERROR(+J16/H16,0%) -> 0.065711585
C17: Inversiones en instrumentos Patrimonio a Valor Razonable | F17: =+'Hoja trabajo ESF'!E11 -> 51287810 | G17: =+F17/F$48 -> 0.00074674293 | H17: =+'Hoja trabajo ESF'!G11 -> 46589690 | I17: =+H17/H$48 -> 0.00071641535 | J17: =+F17-H17 -> 4698120 | K17: =IFERROR(+J17/H17,0%) -> 0.10084034
C18: Otras inversiones de patrimonio al costo histórico | F18: =+'Hoja trabajo ESF'!E12 -> 75939644 | G18: =+F18/F$48 -> 0.00110567 | H18: =+'Hoja trabajo ESF'!G12 -> 39162479 | I18: =+H18/H$48 -> 0.00060220622 | J18: =+F18-H18 -> 36777165 | K18: =IFERROR(+J18/H18,0%) -> 0.93909185
C20: Cartera de Créditos (costo amortizado) | D20: -6 | F20: =SUM(F21:F29) -> 6.196017e+10 | G20: =+F20/F$48 -> 0.90213091 | H20: =SUM(H21:H29) -> 59071085688 | I20: =+H20/H$48 -> 0.9083433 | J20: =+F20-H20 -> 2.8890843e+09 | K20: =IFERROR(+J20/H20,0%) -> 0.048908603
C21: Cartera de Crédito Asociados - Consumo (capital) | F21: =+'Hoja trabajo ESF'!E14 -> 62598064199 | G21: =+F21/F$48 -> 0.91141856 | H21: =+'Hoja trabajo ESF'!G14 -> 59838406262 | I21: =+H21/H$48 -> 0.92014248 | J21: =+F21-H21 -> 2759657937 | K21: =IFERROR(+J21/H21,0%) -> 0.046118507
C22: Cartera de Crédito Asociados - Comercial (capital) | F22: =+'Hoja trabajo ESF'!E15 -> 416771952 | G22: =+F22/F$48 -> 0.006068138 | H22: =+'Hoja trabajo ESF'!G15 -> 240063536 | I22: =+H22/H$48 -> 0.0036914863 | J22: =+F22-H22 -> 176708416 | K22: =IFERROR(+J22/H22,0%) -> 0.7360902
C23: Créditos a Empleados | F23: =+'Hoja trabajo ESF'!E16 -> 282817633 | G23: =+F23/F$48 -> 0.0041177829 | H23: =+'Hoja trabajo ESF'!G16 -> 273363689 | I23: =+H23/H$48 -> 0.0042035468 | J23: =+F23-H23 -> 9453944 | K23: =IFERROR(+J23/H23,0%) -> 0.034583759
C24: Intereses Cartera Asociados (Método Interés Efectivo) | F24: =+'Hoja trabajo ESF'!E17 -> 227781509 | G24: =+F24/F$48 -> 0.0033164651 | H24: =+'Hoja trabajo ESF'!G17 -> 196248890 | I24: =+H24/H$48 -> 0.0030177431 | J24: =+F24-H24 -> 31532619 | K24: =IFERROR(+J24/H24,0%) -> 0.16067667
C25: Intereses Créditos Comerciales | F25: =+'Hoja trabajo ESF'!E18 -> 3136492 | G25: =+F25/F$48 -> 4.566686e-05 | H25: =+'Hoja trabajo ESF'!G18 -> 3863458 | I25: =+H25/H$48 -> 5.9408865e-05 | J25: =+F25-H25 -> -726966 | K25: =IFERROR(+J25/H25,0%) -> -0.18816459
C26: Deterioro Cartera Crédito Asociados Capital (individual) | F26: =+'Hoja trabajo ESF'!E19 -> -702958376 | G26: =+F26/F$48 -> -0.01023497 | H26: =+'Hoja trabajo ESF'!G19 -> -820283195 | I26: =+H26/H$48 -> -0.012613595 | J26: =+F26-H26 -> 117324819 | K26: =IFERROR(+J26/H26,0%) -> -0.14302965
C27: Deterioro Cartera Crédito Asociados Capital (General) | F27: =+'Hoja trabajo ESF'!E20 -> -793986936 | G27: =+F27/F$48 -> -0.011560332 | H27: =+'Hoja trabajo ESF'!G20 -> -600784698 | I27: =+H27/H$48 -> -0.0092383396 | J27: =+F27-H27 -> -193202238 | K27: =IFERROR(+J27/H27,0%) -> 0.32158315
C28: Deterioro Creditos a Empleados | F28: =+'Hoja trabajo ESF'!E21 -> -15454768 | G28: =+F28/F$48 -> -0.00022501913 | H28: =+'Hoja trabajo ESF'!G21 -> -15347844 | I28: =+H28/H$48 -> -0.00023600567 | J28: =+F28-H28 -> -106923.74 | K28: =IFERROR(+J28/H28,0%) -> 0.0069666945
C29: Deterioro Intereses Cartera | F29: =+'Hoja trabajo ESF'!E22 -> -56001724 | G29: =+F29/F$48 -> -0.00081537682 | H29: =+'Hoja trabajo ESF'!G22 -> -44444410 | I29: =+H29/H$48 -> -0.00068342712 | J29: =+F29-H29 -> -11557314 | K29: =IFERROR(+J29/H29,0%) -> 0.26003977
C31: Cuentas por Cobrar | D31: -7 | F31: =SUM(F32:F35) -> 2.0641917e+08 | G31: =+F31/F$48 -> 0.0030054325 | H31: =SUM(H32:H35) -> 1.3771798e+08 | I31: =+H31/H$48 -> 0.0021177061 | J31: =+F31-H31 -> 68701191 | K31: =IFERROR(+J31/H31,0%) -> 0.49885421
C32: Convenios | F32: =+'Hoja trabajo ESF'!E24 -> 111579896 | G32: =+F32/F$48 -> 0.0016245868 | H32: =+'Hoja trabajo ESF'!G24 -> 63523626 | I32: =+H32/H$48 -> 0.00097681055 | J32: =+F32-H32 -> 48056270 | K32: =IFERROR(+J32/H32,0%) -> 0.75651018
C33: Activos por impuestos corriente | F33: =+'Hoja trabajo ESF'!E25 -> 40165 | G33: =+F33/F$48 -> 5.8479646e-07 | H33: =+'Hoja trabajo ESF'!G25 -> 0 | I33: =+H33/H$48 -> 0 | J33: =+F33-H33 -> 40165 | K33: =IFERROR(+J33/H33,0%) -> 0
C34: Deudores Patronales | F34: =+'Hoja trabajo ESF'!E26 -> 28603226 | G34: =+F34/F$48 -> 0.00041645874 | H34: =+'Hoja trabajo ESF'!G26 -> 23153554 | I34: =+H34/H$48 -> 0.00035603503 | J34: =+F34-H34 -> 5449672 | K34: =IFERROR(+J34/H34,0%) -> 0.23537086
C35: Otras cuentas por cobrar | F35: =+'Hoja trabajo ESF'!E27 -> 66195880 | G35: =+F35/F$48 -> 0.00096380222 | H35: =+'Hoja trabajo ESF'!G27 -> 51040795 | I35: =+H35/H$48 -> 0.00078486054 | J35: =+F35-H35 -> 15155084 | K35: =IFERROR(+J35/H35,0%) -> 0.296921
C37: Propiedades, Planta y Equipo | D37: -8 | F37: =SUM(F38:F42) -> 2.1530064e+09 | G37: =+F37/F$48 -> 0.031347455 | H37: =SUM(H38:H42) -> 1.6089902e+09 | I37: =+H37/H$48 -> 0.024741639 | J37: =+F37-H37 -> 5.4401619e+08 | K37: =IFERROR(+J37/H37,0%) -> 0.33811032
C38: Terrenos | F38: =+'Hoja trabajo ESF'!E29 -> 179682458 | G38: =+F38/F$48 -> 0.00261615 | H38: =+'Hoja trabajo ESF'!G29 -> 179682458 | I38: =+H38/H$48 -> 0.0027629991 | J38: =+F38-H38 -> 0 | K38: =IFERROR(+J38/H38,0%) -> 0
C39: Edificiaciones | F39: =+'Hoja trabajo ESF'!E30 -> 1401846479 | G39: =+F39/F$48 -> 0.020410677 | H39: =+'Hoja trabajo ESF'!G30 -> 968895289 | I39: =+H39/H$48 -> 0.014898821 | J39: =+F39-H39 -> 432951190 | K39: =IFERROR(+J39/H39,0%) -> 0.44685034
C40: Muebles y Equipos de Oficina | F40: =+'Hoja trabajo ESF'!E31 -> 5.8370085e+08 | G40: =+F40/F$48 -> 0.008498598 | H40: =+'Hoja trabajo ESF'!G31 -> 412105156 | I40: =+H40/H$48 -> 0.0063369913 | J40: =+F40-H40 -> 1.7159569e+08 | K40: =IFERROR(+J40/H40,0%) -> 0.41638812
C41: Equipo de Computo y Comunicación | F41: =+'Hoja trabajo ESF'!E32 -> 3.6759674e+08 | G41: =+F41/F$48 -> 0.0053521541 | H41: =+'Hoja trabajo ESF'!G32 -> 3.0137684e+08 | I41: =+H41/H$48 -> 0.0046343085 | J41: =+F41-H41 -> 66219894 | K41: =IFERROR(+J41/H41,0%) -> 0.21972456
C42: Depreciación Acumulada | F42: =+'Hoja trabajo ESF'!E33 -> -3.7982014e+08 | G42: =+F42/F$48 -> -0.005530125 | H42: =+'Hoja trabajo ESF'!G33 -> -2.5306955e+08 | I42: =+H42/H$48 -> -0.0038914814 | J42: =+F42-H42 -> -1.2675059e+08 | K42: =IFERROR(+J42/H42,0%) -> 0.50085278
C44: Otros Activos NO Financieros | D44: -9 | F44: =SUM(F45:F47) -> 3.0170314e+08 | G44: =+F44/F$48 -> 0.0043927531 | H44: =SUM(H45:H47) -> 513601670 | I44: =+H44/H$48 -> 0.0078977156 | J44: =+F44-H44 -> -2.1189853e+08 | K44: =IFERROR(+J44/H44,0%) -> -0.41257368
C45: Intangibles - Licencias y Software | F45: =+'Hoja trabajo ESF'!E35 -> 2.742566e+08 | G45: =+F45/F$48 -> 0.0039931356 | H45: =+'Hoja trabajo ESF'!G35 -> 279281886 | I45: =+H45/H$48 -> 0.0042945517 | J45: =+F45-H45 -> -5025281.6 | K45: =IFERROR(+J45/H45,0%) -> -0.017993582
C46: Anticipos de Contratos | F46: =+'Hoja trabajo ESF'!E36 -> 27446536 | G46: =+F46/F$48 -> 0.0003996175 | H46: =+'Hoja trabajo ESF'!G36 -> 234319784 | I46: =+H46/H$48 -> 0.0036031639 | J46: =+F46-H46 -> -206873248 | K46: =IFERROR(+J46/H46,0%) -> -0.88286718
C48: TOTAL ACTIVO | F48: =+F44+F37+F31+F20+F15+F11 -> 6.8682016e+10 | G48: =+F48/F$48 -> 1 | H48: =+H44+H37+H31+H20+H15+H11 -> 6.5031675e+10 | I48: =+H48/H$48 -> 1 | J48: =+F48-H48 -> 3.6503417e+09 | K48: =IFERROR(+J48/H48,0%) -> 0.056131749
B50: PASIVOS
C52: Depósitos y Exigibilidades | D52: -10 | F52: =SUM(F53:F56) -> 6.2699362e+09 | G52: =+F52/F$48 -> 0.091289344 | H52: =SUM(H53:H56) -> 2665064702 | I52: =+H52/H$48 -> 0.040981025 | J52: =+F52-H52 -> 3.6048715e+09 | K52: =IFERROR(+J52/H52,0%) -> 1.3526394
C53: Depósitos de Ahorro a la Vista | F53: =+'Hoja trabajo ESF'!E41 -> 6.3209276e+08 | G53: =+F53/F$48 -> 0.0092031771 | H53: =+'Hoja trabajo ESF'!G41 -> 481188436 | I53: =+H53/H$48 -> 0.0073992933 | J53: =+F53-H53 -> 1.5090432e+08 | K53: =IFERROR(+J53/H53,0%) -> 0.31360754
C54: Certificados de Depósito a Término | F54: =+'Hoja trabajo ESF'!E42 -> 3985472112 | G54: =+F54/F$48 -> 0.058027884 | H54: =+'Hoja trabajo ESF'!G42 -> 1442510778 | I54: =+H54/H$48 -> 0.022181664 | J54: =+F54-H54 -> 2542961334 | K54: =IFERROR(+J54/H54,0%) -> 1.7628716
C55: Depósitos de Ahorro Contractual | F55: =+'Hoja trabajo ESF'!E43 -> 83259899 | G55: =+F55/F$48 -> 0.0012122518 | H55: =+'Hoja trabajo ESF'!G43 -> 22691501 | I55: =+H55/H$48 -> 0.00034892998 | J55: =+F55-H55 -> 60568398 | K55: =IFERROR(+J55/H55,0%) -> 2.6692107
C56: Depósitos de Ahorro Permanente | F56: =+'Hoja trabajo ESF'!E44 -> 1569111425 | G56: =+F56/F$48 -> 0.02284603 | H56: =+'Hoja trabajo ESF'!G44 -> 718673987 | I56: =+H56/H$48 -> 0.011051138 | J56: =+F56-H56 -> 850437438 | K56: =IFERROR(+J56/H56,0%) -> 1.1833425
C58: Obligaciones Financieras | D58: -11 | F58: =SUM(F59:F61) -> 3.398437e+10 | G58: =+F58/F$48 -> 0.49480741 | H58: =SUM(H59:H61) -> 3.5212991e+10 | I58: =+H58/H$48 -> 0.54147447 | J58: =+F58-H58 -> -1.2286208e+09 | K58: =IFERROR(+J58/H58,0%) -> -0.034891122
C59: Corto Plazo Capital | F59: =+'Hoja trabajo ESF'!E46 -> 9692401851 | G59: =+F59/F$48 -> 0.14111994 | H59: =+'Hoja trabajo ESF'!G46 -> 9763944849 | I59: =+H59/H$48 -> 0.15014137 | J59: =+F59-H59 -> -71542998 | K59: =IFERROR(+J59/H59,0%) -> -0.0073272636
C60: Largo Plazo Capital | F60: =+'Hoja trabajo ESF'!E47 -> 24174590291 | G60: =+F60/F$48 -> 0.35197846 | H60: =+'Hoja trabajo ESF'!G47 -> 25242818305 | I60: =+H60/H$48 -> 0.3881619 | J60: =+F60-H60 -> -1068228014 | K60: =IFERROR(+J60/H60,0%) -> -0.042318096
C61: Intereses (método interés efectivo) | F61: =+'Hoja trabajo ESF'!E48 -> 1.1737833e+08 | G61: =+F61/F$48 -> 0.0017090112 | H61: =+'Hoja trabajo ESF'!G48 -> 2.0622811e+08 | I61: =+H61/H$48 -> 0.0031711948 | J61: =+F61-H61 -> -88849778 | K61: =IFERROR(+J61/H61,0%) -> -0.43083252
C63: Cuentas por Pagar | D63: -12 | F63: =+'Hoja trabajo ESF'!E49 -> 1.3034838e+09 | G63: =+F63/F$48 -> 0.018978532 | H63: =+'Hoja trabajo ESF'!G49 -> 1.4535305e+09 | I63: =+H63/H$48 -> 0.022351117 | J63: =+F63-H63 -> -1.500467e+08 | K63: =IFERROR(+J63/H63,0%) -> -0.10322914
C64: Proveedores | F64: =+'Hoja trabajo ESF'!E50 -> 710366910 | G64: =+F64/F$48 -> 0.010342837 | H64: =+'Hoja trabajo ESF'!G50 -> 619795343 | I64: =+H64/H$48 -> 0.0095306686 | J64: =+F64-H64 -> 90571567 | K64: =IFERROR(+J64/H64,0%) -> 0.14613141
C65: Consignaciones por identificar | F65: =+'Hoja trabajo ESF'!E54 -> 209380147 | G65: =+F65/F$48 -> 0.003048544 | H65: =+'Hoja trabajo ESF'!G54 -> 111749172 | I65: =+H65/H$48 -> 0.0017183807 | J65: =+F65-H65 -> 97630975 | K65: =IFERROR(+J65/H65,0%) -> 0.87366173
C66: Servicios de Recaudo | F66: =+'Hoja trabajo ESF'!E55 -> 123669786 | G66: =+F66/F$48 -> 0.0018006138 | H66: =+'Hoja trabajo ESF'!G55 -> 95849538 | I66: =+H66/H$48 -> 0.00147389 | J66: =+F66-H66 -> 27820248 | K66: =IFERROR(+J66/H66,0%) -> 0.29024916
C67: Otras | F67: =+F63-F64-F65-F66 -> 2.60067e+08 | G67: =+F67/F$48 -> 0.0037865371 | H67: =+H63-H64-H65-H66 -> 6.261365e+08 | I67: =+H67/H$48 -> 0.0096281773 | J67: =+F67-H67 -> -3.6606949e+08 | K67: =IFERROR(+J67/H67,0%) -> -0.58464807
C69: Impuestos | F69: =SUM(F70:F71) -> 6340046 | G69: =+F69/F$48 -> 9.2310132e-05 | H69: =SUM(H70:H71) -> 6209833 | I69: =+H69/H$48 -> 9.548936e-05 | J69: =+F69-H69 -> 130213 | K69: =IFERROR(+J69/H69,0%) -> 0.020968841
C70: Industria y Comercio | F70: 5921473 | G70: =+F70/F$48 -> 8.6215771e-05 | H70: 6004123 | I70: =+H70/H$48 -> 9.2326132e-05 | J70: =+F70-H70 -> -82650 | K70: =IFERROR(+J70/H70,0%) -> -0.013765541
C71: Impuesto sobre las Ventas I.V.A. | F71: 418573 | G71: =+F71/F$48 -> 6.094361e-06 | H71: 205710 | I71: =+H71/H$48 -> 3.1632278e-06 | J71: =+F71-H71 -> 212863 | K71: =IFERROR(+J71/H71,0%) -> 1.0347723
C73: Beneficios a Empleados | D73: -13 | F73: =SUM(F74:F77) -> 97611019 | G73: =+F73/F$48 -> 0.001421202 | H73: =SUM(H74:H77) -> 78206395 | I73: =+H73/H$48 -> 0.0012025893 | J73: =+F73-H73 -> 19404624 | K73: =IFERROR(+J73/H73,0%) -> 0.24812069
C74: Cesantías | F74: =+'Hoja trabajo ESF'!E68 -> 49260958 | G74: =+F74/F$48 -> 0.00071723227 | H74: =+'Hoja trabajo ESF'!G68 -> 42723903 | I74: =+H74/H$48 -> 0.00065697067 | J74: =+F74-H74 -> 6537055.4 | K74: =IFERROR(+J74/H74,0%) -> 0.15300698
C75: Intereses Cesantías | F75: =+'Hoja trabajo ESF'!E69 -> 6600743 | G75: =+F75/F$48 -> 9.6105842e-05 | H75: =+'Hoja trabajo ESF'!G69 -> 5688630 | I75: =+H75/H$48 -> 8.7474758e-05 | J75: =+F75-H75 -> 912113 | K75: =IFERROR(+J75/H75,0%) -> 0.16033966
C76: Vacaciones | F76: =+'Hoja trabajo ESF'!E70 -> 20901032 | G76: =+F76/F$48 -> 0.00030431593 | H76: =+'Hoja trabajo ESF'!G70 -> 15219958 | I76: =+H76/H$48 -> 0.00023403915 | J76: =+F76-H76 -> 5681074 | K76: =IFERROR(+J76/H76,0%) -> 0.37326476
C77: Otras prestaciones | F77: =+'Hoja trabajo ESF'!E71 -> 20848286 | G77: =+F77/F$48 -> 0.00030354796 | H77: =+'Hoja trabajo ESF'!G71 -> 14573904 | I77: =+H77/H$48 -> 0.0002241047 | J77: =+F77-H77 -> 6274382 | K77: =IFERROR(+J77/H77,0%) -> 0.43052171
C79: Fondos Sociales y Mutuales | D79: -14 | F79: =SUM(F80:F81) -> 39112176 | G79: =+F79/F$48 -> 0.0005694675 | H79: =SUM(H80:H81) -> 90007369 | I79: =+H79/H$48 -> 0.0013840543 | J79: =+F79-H79 -> -50895193 | K79: =IFERROR(+J79/H79,0%) -> -0.56545584
C80: =+'Hoja trabajo ESF'!B73 -> Educacion | F80: =+'Hoja trabajo ESF'!E73 -> 7038736 | G80: =+F80/F$48 -> 0.00010248295 | H80: =+'Hoja trabajo ESF'!G73 -> 56184313 | I80: =+H80/H$48 -> 0.00086395304 | J80: =+F80-H80 -> -49145577 | K80: =IFERROR(+J80/H80,0%) -> -0.87472062
C81: =+'Hoja trabajo ESF'!B74 -> Mutual | F81: =+'Hoja trabajo ESF'!E74 -> 32073440 | G81: =+F81/F$48 -> 0.00046698455 | H81: =+'Hoja trabajo ESF'!G74 -> 33823056 | I81: =+H81/H$48 -> 0.00052010126 | J81: =+F81-H81 -> -1749616 | K81: =IFERROR(+J81/H81,0%) -> -0.051728501
C83: Otros Pasivos | D83: -15 | F83: =SUM(F84:F85) -> 3.7056404e+08 | G83: =+F83/F$48 -> 0.0053953576 | H83: =SUM(H84:H85) -> 3.2060792e+08 | I83: =+H83/H$48 -> 0.0049300272 | J83: =+F83-H83 -> 49956112 | K83: =IFERROR(+J83/H83,0%) -> 0.15581683
C84: Ingresos Anticipados | F84: =+'Hoja trabajo ESF'!E76 -> 10440461 | G84: =+F84/F$48 -> 0.00015201157 | H84: =+'Hoja trabajo ESF'!G76 -> 10571826 | I84: =+H84/H$48 -> 0.00016256426 | J84: =+F84-H84 -> -131365 | K84: =IFERROR(+J84/H84,0%) -> -0.012425952
C85: Ingresos Recibidos Para Terceros | F85: =+'Hoja trabajo ESF'!E77 -> 3.6012358e+08 | G85: =+F85/F$48 -> 0.005243346 | H85: =+'Hoja trabajo ESF'!G77 -> 3.100361e+08 | I85: =+H85/H$48 -> 0.0047674629 | J85: =+F85-H85 -> 50087477 | K85: =IFERROR(+J85/H85,0%) -> 0.16155369
C87: TOTAL PASIVO | F87: =+F83+F79+F69+F63+F58+F52+F73 -> 4.2071418e+10 | G87: =+F87/F$48 -> 0.61255362 | H87: =+H83+H79+H69+H63+H58+H52+H73 -> 3.9826618e+10 | I87: =+H87/H$48 -> 0.61241877 | J87: =+F87-H87 -> 2.2447998e+09 | K87: =IFERROR(+J87/H87,0%) -> 0.056364308
B89: PATRIMONIO
C91: Capital Social | D91: -16 | F91: =+'Hoja trabajo ESF'!E80 -> 21566148953 | G91: =+F91/F$48 -> 0.31399994 | H91: =+'Hoja trabajo ESF'!G80 -> 20857759414 | I91: =+H91/H$48 -> 0.32073231 | J91: =+F91-H91 -> 708389539 | K91: =IFERROR(+J91/H91,0%) -> 0.033962878
C93: Reservas | F93: =+'Hoja trabajo ESF'!E84 -> 1.6497952e+09 | G93: =+F93/F$48 -> 0.024020774 | H93: =+'Hoja trabajo ESF'!G84 -> 1.500229e+09 | I93: =+H93/H$48 -> 0.023069205 | J93: =+F93-H93 -> 1.4956613e+08 | K93: =IFERROR(+J93/H93,0%) -> 0.099695534
C95: Fondos de destinación Específica | F95: =+'Hoja trabajo ESF'!E85 -> 2.1312394e+09 | G95: =+F95/F$48 -> 0.031030531 | H95: =+'Hoja trabajo ESF'!G85 -> 1.8620204e+09 | I95: =+H95/H$48 -> 0.028632515 | J95: =+F95-H95 -> 2.6921904e+08 | K95: =IFERROR(+J95/H95,0%) -> 0.14458437
C97: Ajustes por Adopción NIIF | F97: =+'Hoja trabajo ESF'!E86 -> 386783268 | G97: =+F97/F$48 -> 0.0056315072 | H97: =+'Hoja trabajo ESF'!G86 -> 386783268 | I97: =+H97/H$48 -> 0.0059476135 | J97: =+F97-H97 -> 0 | K97: =IFERROR(+J97/H97,0%) -> 0
C99: Excedentes del Periodo | F99: =+'Hoja trabajo ESF'!E88 -> 8.7663173e+08 | G99: =+F99/F$48 -> 0.012763628 | H99: =+'Hoja trabajo ESF'!G88+'Hoja trabajo ESF'!G87 -> 598264538 | I99: =+H99/H$48 -> 0.0091995868 | J99: =+F99-H99 -> 2.7836719e+08 | K99: =IFERROR(+J99/H99,0%) -> 0.46529114
C101: TOTAL PATRIMONIO | F101: =SUM(F91:F100) -> 2.6610599e+10 | G101: =+F101/F$48 -> 0.38744638 | H101: =SUM(H91:H99) -> 2.5205057e+10 | I101: =+H101/H$48 -> 0.38758123 | J101: =+F101-H101 -> 1.4055419e+09 | K101: =IFERROR(+J101/H101,0%) -> 0.055764283
C103: TOTAL PASIVO Y PATRIMONIO | F103: =+F87+F101 -> 6.8682016e+10 | G103: =+F103/F$48 -> 1 | H103: =+H87+H101 -> 6.5031675e+10 | I103: =+H103/H$48 -> 1 | J103: =+F103-H103 -> 3.6503417e+09 | K103: =IFERROR(+J103/H103,0%) -> 0.056131749 | L103: =+F48-F103 -> 0
C106: Las Notas a los Estados Financieros adjuntas hacen parte integral de los mismos.

Sheet FEI
A1: COOPEJEMPLO
A2: COOPERATIVA ESPECIALIZADA DE AHORRO Y CREDITO
A3: ESTADO DE FLUJOS DE EFECTIVO INDIVIDUAL (Método Indirecto)
A4: Por los Años Terminados a Diciembre 31 de 2022 y 2021
A5: Expresado en Pesos Colombianos
C7: 2022 | F7: 2021
A9: Efectivo Generado por las Operaciones | D9: =+ESF!F99 -> 8.7663173e+08 | G9: =+ESF!H99 -> 598264538
A10: mas partidas que no afectan el efectivo: Gastos Depreciación | C10: =-ESF!J42 -> 1.2675059e+08 | F10: 76162836
A11: MENOS partidas que no afectan el efectivo: Valoración acciones AVAL | C11: =-ESF!J17 -> -4698120 | F11: =+ERI!G44 -> 61357460
A12: mas partidas que no afectan el efectivo: Deterioro | C12: =-ESF!J26-ESF!J27-ESF!J29-ESF!J28 -> 87541657 | F12: 324726282
A13: Excedentes Netos Del Año | D13: =+D9+C10+C12+C11 -> 1.0862258e+09 | G13: =+G9+F10+F11+F12 -> 1.0605111e+09
A15: Efectivo Generado en actividades de INVERSION
A16: (Aumento) Disminución en Inversiones de Patrimonio | C16: =-ESF!J18 -> -36777165 | F16: -21201675
A17: (Aumento) Disminución Inversiones de Deuda | C17: =-ESF!J16 -> -35211227 | F17: -319729794
A18: (Aumento) Disminución de Propiedades planta y equipo | C18: =-ESF!J38-ESF!J39-ESF!J40-ESF!J41 -> -6.7076678e+08 | F18: -536927796
A19: Subtotal efectivo generado en actividades de INVERSION | D19: =SUM(C16:C18) -> -7.4275517e+08 | G19: -877859265
A21: Efectivo Generado en actividades de FINANCIACION
A22: Aumento (Disminución) Obligaciones Financieras | C22: =+ESF!J58 -> -1.2286208e+09 | F22: 2.9913694e+09
A23: Aumento (Disminución) Excedentes, reservas y fondos patrimoniales | C23: =-ESF!H99+ESF!J93+ESF!J95 -> -1.7947936e+08 | F23: -399038711
A24: Subtotal efectivo generado en actividades de INVERSION | D24: =+SUM(C22:C23) -> -1.4081002e+09 | G24: 2.5923307e+09
A26: Efectivo Generado en Actividades de OPERACIÓN
A27: (Aumento) Disminución Cartera Credito | C27: =-ESF!J21-ESF!J22-ESF!J23-ESF!J24-ESF!J25 -> -2976625950 | F27: -5585524249
A28: (Aumento) Disminución de Cuentas por Cobrar | C28: =-ESF!J31 -> -68701191 | F28: 1.6954981e+08
A29: Aumento (Disminución) Depósitos | C29: =+ESF!J52 -> 3.6048715e+09 | F29: 2665064702
A30: Aumento (Disminución) Cuentas por Pagar | C30: =+ESF!J63 -> -1.500467e+08 | F30: -2.8799975e+08
A31: Aumento (Disminución) Beneficios a Empleados | C31: =+ESF!J73 -> 19404624 | F31: 13083572
A32: Aumento (Disminución) de Impuestos | C32: =+ESF!J69 -> 130213 | F32: 862346
A33: Aumento (Disminución) de Aportes Sociales | C33: =+ESF!J91 -> 708389539 | F33: 996817662
A34: Aumento (Disminución) de Fondos Sociales, Mutuales y Otros | C34: =+ESF!J79 -> -50895193 | F34: 44116171
A35: (Aumento) Disminución en Intangibles y otros activos | C35: =-ESF!J44 -> 2.1189853e+08 | F35: -279281886
A36: Aumento (Disminución) otros pasivos | C36: =+ESF!J83 -> 49956112 | F36: -35957693
A37: Total Recursos de Financiacion & Operación | D37: =SUM(C27:C36) -> 1.3483815e+09 | G37: -2.2992693e+09
A40: Aumento (Disminución) del Disponible | D40: =+D13+D19+D24+D37 -> 2.83752e+08 | G40: 4.7571321e+08
A42: Saldo al Incio del Periodo. | D42: =+ESF!H11 -> 3.078682e+09 | G42: 2.6029688e+09
A44: Total Saldo en Disponible a Diciembre 31 de 2022 | D44: =D40+D42 -> 3.362434e+09 | G44: 3.078682e+09

Sheet Hoja trabajo ESF
B1: COOIPEJEMPLO
B2: NIT 800-020-034-8
B3: ESTADO DE SITUACION FINANCIERA | D3: Nota | E3: 31 de diciembre de 2022 | F3: % | G3: 31 de diciembre de 2021 | H3: %
B4: A 31 de diciembre de 2022 y 2021
A5: Cuentas puc | B5: ACTIVO | C5: Código
B6: Efectivo y Equivalentes al efectivo | D6: -4 | E6: =SUM(E7:E8) -> 3.362434e+09 | F6: =+E6/E$37 -> 0.048956541 | G6: =SUM(G7:G8) -> 3.078682e+09 | H6: =+G6/G$37 -> 0.047341268
B7: Bancos | C7: 1110 | E7: =+'Año 2022'!C4 -> 2.6712039e+09 | G7: ='Año 2021'!C7 -> 2.7851696e+09
B8: Efectivo Restringido - Fondo de Liquidez | C8: 1120 | E8: =+'Año 2022'!C31 -> 6.9123007e+08 | G8: ='Año 2021'!C34 -> 2.9351237e+08
B9: Activos Financieros de Inversión | D9: -5 | E9: =SUM(E10:E12) -> 698283723 | F9: =+E9/E$37 -> 0.010166908 | G9: =SUM(G10:G12) -> 621597211 | H9: =+G9/G$37 -> 0.0095583762
B10: Inversiones Deuda (costo amortizado) > 90 días | C10: 1208 | E10: =+'Año 2022'!C44 -> 571056269 | G10: ='Año 2021'!C46 -> 535845042
B11: De Patrimonio a Valor Razonable (Grupo Aval) | C11: 1206 | E11: =+'Año 2022'!C41 -> 51287810 | G11: ='Año 2021'!C43 -> 46589690
A12: 1226 | B12: Otras inversiones de patrimonio al costo historico | C12: 1226 | E12: =+'Año 2022'!C47 -> 75939644 | G12: ='Año 2021'!C49 -> 39162479
B13: Cartera de Créditos | D13: -6 | E13: =+SUM(E14:E22) -> 6.196017e+10 | F13: =+E13/E$37 -> 0.90213091 | G13: =+SUM(G14:G22) -> 59071085688 | H13: =+G13/G$37 -> 0.9083433
A14: 1411-12-41-42 | B14: Cartera de Crédito Asociados - Consumo (capital) | C14: 1411-1412-1441-1442 | E14: =+'Año 2022'!C51+'Año 2022'!C54+'Año 2022'!C63+'Año 2022'!C74 -> 62598064199 | G14: ='Año 2021'!C53+'Año 2021'!C56+'Año 2021'!C63+'Año 2021'!C74 -> 59838406262
A15: 1461-1462 | B15: Cartera de Crédito Asociados - Comercial (capital) | C15: 1461 - 1462 | E15: =+ 'Año 2022'!C121+'Año 2022'!C124 -> 416771952 | G15: ='Año 2021'!C121+'Año 2021'!C124 -> 240063536
A16: 1469 | B16: Créditos a Empleados | C16: 1469 | E16: =+'Año 2022'!C139 -> 282817633 | G16: ='Año 2021'!C148 -> 273363689
A17: 1443 | B17: Intereses Causados Cartera Asociados (Método Interés Efectivo) | C17: 1443 | E17: =+'Año 2022'!C85 -> 227781509 | G17: ='Año 2021'!C85 -> 196248890
A18: 1463 | B18: Intereses Créditos Comerciales | C18: 1463 | E18: =+'Año 2022'!C128 -> 3136492 | G18: ='Año 2021'!C130 -> 3863458
A19: 1445 | B19: Deterioro Cartera Crédito Asociados Capital (individual) | C19: 1445 | E19: =+'Año 2022'!C101 -> -702958376 | G19: ='Año 2021'!C101 -> -820283195
A20: 1468 | B20: Deterioro Cartera Crédito Asociados Capital (General) | C20: 14680501, 02, 146810 | E20: =+'Año 2022'!C134+'Año 2022'!C135+'Año 2022'!C136 -> -793986936 | G20: -600784698
A21: 1471 | B21: Deterioro Creditos a Empleados | C21: 1471 | E21: =+'Año 2022'!C145 -> -15454768 | G21: ='Año 2021'!C154 -> -15347844
A22: 1446 | B22: Deterioro Intereses Cartera | C22: 1446 | E22: =+'Año 2022'!C114 -> -56001724 | G22: ='Año 2021'!C114 -> -44444410
B23: Cuentas por Cobrar | D23: -7 | E23: =+SUM(E24:E27) -> 2.0641917e+08 | F23: =+E23/E$37 -> 0.0030054325 | G23: =+SUM(G24:G27) -> 1.3771798e+08 | H23: =+G23/G$37 -> 0.0021177061
A24: 1473 | B24: Convenios | C24: 1473 | E24: =+'Año 2022'!C148 -> 111579896 | G24: ='Año 2021'!C157 -> 63523626
B25: Activos por impuesto corriente | C25: 1640 | E25: =+'Año 2022'!C161 -> 40165 | G25: 0
B26: Deudores Patronales | C26: 1650 | E26: =+'Año 2022'!C164 -> 28603226 | G26: ='Año 2021'!C175 -> 23153554
A27: 1660-1675-1690 | B27: Otras cuentas por cobrar | C27: 1660-1675-1690 | E27: =+'Año 2022'!C167 -> 66195880 | G27: ='Año 2021'!C179 -> 51040795
B28: Propiedades, Planta y Equipo | D28: -8 | E28: =+SUM(E29:E33) -> 2.1530064e+09 | F28: =+E28/E$37 -> 0.031347455 | G28: =+SUM(G29:G33) -> 1.6089902e+09 | H28: =+G28/G$37 -> 0.024741639
B29: Terrenos | C29: 170502 | E29: =+'Año 2022'!C176 -> 179682458 | G29: ='Año 2021'!C191 -> 179682458
B30: Edificiaciones | C30: 170504 | E30: =+'Año 2022'!C178 -> 1401846479 | G30: ='Año 2021'!C193 -> 968895289
B31: Muebles y Equipos de Oficina | C31: 170505 | E31: =+'Año 2022'!C180 -> 5.8370085e+08 | G31: ='Año 2021'!C195 -> 412105156
B32: Equipo de Computo y Comunicación | C32: 170520 | E32: =+'Año 2022'!C183 -> 3.6759674e+08 | G32: ='Año 2021'!C198 -> 3.0137684e+08
B33: Depreciación Acumulada | C33: 170595 | E33: =+'Año 2022'!C187 -> -3.7982014e+08 | G33: ='Año 2021'!C202 -> -2.5306955e+08
B34: Otros Activos NO Financieros | D34: -9 | E34: =SUM(E35:E36) -> 3.0170314e+08 | F34: =+E34/E$37 -> 0.0043927531 | G34: =SUM(G35:G36) -> 513601670 | H34: =+G34/G$37 -> 0.0078977156
B35: Intangibles - Software | C35: 1910 | E35: =+'Año 2022'!C192 -> 2.742566e+08 | G35: ='Año 2021'!C209 -> 279281886
A36: 1630 | B36: Anticipos de Contratos | E36: =+'Año 2022'!C158 -> 27446536 | G36: =+'Año 2021'!C171 -> 234319784
B37: TOTAL ACTIVO | E37: =+E34+E28+E23+E13+E9+E6 -> 6.8682016e+10 | F37: =+E37/E$37 -> 1 | G37: =+G34+G28+G23+G13+G9+G6 -> 6.5031675e+10 | H37: =+G37/G$37 -> 1
B39: PASIVO
B40: Depósitos Y Exigibilidades (costo amortizado) | D40: -10 | E40: =SUM(E41:E44) -> 6.2699362e+09 | F40: =+E40/E$37 -> 0.091289344 | G40: =SUM(G41:G44) -> 2665064702 | H40: =+G40/G$37 -> 0.040981025
B41: A la Vista | C41: 2105 | E41: =+'Año 2022'!C199 -> 6.3209276e+08 | G41: ='Año 2021'!C214 -> 481188436
B42: CDAT | C42: 2110 | E42: =+'Año 2022'!C204 -> 3985472112 | G42: ='Año 2021'!C219 -> 1442510778
B43: Contractual | C43: 2125 | E43: =+'Año 2022'!C215 -> 83259899 | G43: ='Año 2021'!C228 -> 22691501
B44: Permanente | C44: 2130 | E44: =+'Año 2022'!C222 -> 1569111425 | G44: ='Año 2021'!C235 -> 718673987
B45: Obligaciones Financieras (Costo amortizado) | D45: -11 | E45: =+SUM(E46:E48) -> 3.398437e+10 | F45: =+E45/E$37 -> 0.49480741 | G45: =+SUM(G46:G48) -> 3.5212991e+10 | H45: =+G45/G$37 -> 0.54147447
A46: 2305-2350 | B46: Corto Plazo Capital | C46: 230505, 10, 30 | E46: =+'Año 2022'!C229+'Año 2022'!C233+'Año 2022'!C231 -> 9692401851 | G46: ='Año 2021'!C241-G48 -> 9763944849
A47: 2308 | B47: Largo Plazo Capital | C47: 2308 | E47: =+'Año 2022'!C237 -> 24174590291 | G47: ='Año 2021'!C250 -> 25242818305
B48: Intereses (método interés efectivo) | C48: 230535 | E48: =+'Año 2022'!C235 -> 1.1737833e+08 | G48: =+'Año 2021'!C249 -> 2.0622811e+08
B49: Cuentas por Pagar | D49: -12 | E49: =+SUM(E50:E63) -> 1.3034838e+09 | F49: =+E49/E$37 -> 0.018978532 | G49: =+SUM(G50:G63) -> 1.4535305e+09 | H49: =+G49/G$37 -> 0.022351117
B50: Proveedores | C50: 2420 | E50: =+'Año 2022'!C251 -> 710366910 | G50: 619795343
B51: Remanentes Por Pagar | C51: 2465 | E51: =+'Año 2022'!C311 -> 36915253 | G51: 156424142
B52: Valores Causados por Pagar | C52: 24159501 | E52: =+'Año 2022'!C245 -> 49609590 | G52: 134054981
B53: Pasivos Varios | C53: 24959514 - 27959501 - 27959503 | E53: =+'Año 2022'!C250+'Año 2022'!C293+'Año 2022'!C294 -> 27882148 | G53: 119436661
B54: Consignaciones pendientes de identificar | C54: 27959502 -04 | E54: =+'Año 2022'!C295 -> 209380147 | G54: 111749172
B55: Exigibilidades Por Servicios De Recaudo | C55: 2460 | E55: =+'Año 2022'!C307 -> 123669786 | G55: 95849538
B56: Auxilio Educativo Trabajadores Fallecidos y pensionados | C56: 24959515 | E56: 0 | G56: 92619124
B57: Auxilios por Desembolsar a Asociados | C57: 24959512 | E57: 1710405 | G57: 0
B58: Abonos Para Aplicar a Obligaciones y Tarjeta Afinidad | C58: 27950501 (03), (04) | E58: =+'Año 2022'!C290+'Año 2022'!C291+'Año 2022'!C292 -> 47291292 | G58: 66062916
B59: Retefuente | C59: 2435 | E59: =+'Año 2022'!C255 -> 23676096 | G59: 23579241
B60: Retenciones Y Aportes De Nomina | C60: 2450 | E60: =+'Año 2022'!C296 -> 27639000 | G60: 19283877
B61: Transitoria y préstamos Tarjeta Afinidad | C61: 24959506 - 24959517 - 24959511 | E61: =+'Año 2022'!C247+'Año 2022'!C248 -> 16846554 | G61: 12675553
B62: Pagos Mapfre/Seguros la Equidad | C62: 24959519 | E62: =+'Año 2022'!C317 -> 25012263 | G62: 0
B63: Vr Por Pagar Asoc-Proveedores-Terceros | C63: 24959501 | E63: =+'Año 2022'!C246 -> 3484402 | G63: 2000000
B64: IMPUESTOS | E64: =+SUM(E65:E66) -> 6340046 | F64: =+E64/E$37 -> 9.2310132e-05 | G64: =+SUM(G65:G66) -> 6209833 | H64: =+G64/G$37 -> 9.548936e-05
B65: Industria y Comercio | C65: 244015 | E65: =+'Año 2022'!C283 -> 5921473 | G65: ='Año 2021'!C313 -> 6004123
B66: IVA | C66: 244010 | E66: =+'Año 2022'!C281 -> 418573 | G66: ='Año 2021'!C311 -> 205710
B67: BENEFICIOS A EMPLEADOS | D67: -13 | E67: =+SUM(E68:E71) -> 97611019 | F67: =+E67/E$37 -> 0.001421202 | G67: =+SUM(G68:G71) -> 78206395 | H67: =+G67/G$37 -> 0.0012025893
B68: Cesantías | C68: 27101001 | E68: =+'Año 2022'!C328 -> 49260958 | G68: ='Año 2021'!C365 -> 42723903
B69: Intereses Cesantías | C69: 27101501 | E69: =+'Año 2022'!C329 -> 6600743 | G69: ='Año 2021'!C366 -> 5688630
B70: Vacaciones | C70: 27102501 | E70: =+'Año 2022'!C330 -> 20901032 | G70: ='Año 2021'!C367 -> 15219958
B71: Otras prestaciones | C71: 27109501 | E71: =+'Año 2022'!C331 -> 20848286 | G71: ='Año 2021'!C368 -> 14573904
B72: FONDOS SOCIALES Y MUTUALES | D72: -14 | E72: =SUM(E73:E74) -> 39112176 | F72: =+E72/E$37 -> 0.0005694675 | G72: =SUM(G73:G74) -> 90007369 | H72: =+G72/G$37 -> 0.0013840543
B73: Educacion | C73: 2605 | E73: =+'Año 2022'!C319 -> 7038736 | G73: ='Año 2021'!C352 -> 56184313
B74: Mutual | C74: 2695 | E74: =+'Año 2022'!C321 -> 32073440 | G74: ='Año 2021'!C356 -> 33823056
B75: OTROS PASIVOS | D75: -15 | E75: =SUM(E76:E77) -> 3.7056404e+08 | F75: =+E75/E$37 -> 0.0053953576 | G75: =SUM(G76:G77) -> 3.2060792e+08 | H75: =+G75/G$37 -> 0.0049300272
B76: Ingresos Anticipados | C76: 2720 | E76: =+'Año 2022'!C332 -> 10440461 | G76: ='Año 2021'!C373 -> 10571826
B77: Ingresos Recibidos Para Terceros | C77: 2725 | E77: =+'Año 2022'!C335 -> 3.6012358e+08 | G77: ='Año 2021'!C376 -> 3.100361e+08
B78: TOTAL PASIVOS | E78: =+E67+E72+E49+E45+E40+E64+E75 -> 4.2071418e+10 | F78: =+E78/E$37 -> 0.61255362 | G78: =+G67+G72+G49+G45+G40+G64+G75 -> 3.9826618e+10 | H78: =+G78/G$37 -> 0.61241877
B80: CAPITAL SOCIAL | E80: =+SUM(E81:E82) -> 21566148953 | F80: =+E80/E$37 -> 0.31399994 | G80: =+SUM(G81:G82) -> 20857759414 | H80: =+G80/G$37 -> 0.32073231
A81: 3110 | B81: Capital Permanentemente Restringido (irreductible) | C81: 93120501 | E81: =+'Año 2022'!C348 -> 16598632500 | G81: ='Año 2021'!C391 -> 15512715000
A82: 3105 | B82: Capital Temporalmente Restringido (Aportes) | C82: 31050501 - 98050501 | E82: =+'Año 2022'!C344 -> 4967516453 | G82: ='Año 2021'!C387 -> 5345044414
B83: RESERVAS, FONDOS, SUPERAVIT | E83: =+SUM(E84:E85) -> 3.7810346e+09 | F83: =+E83/E$37 -> 0.055051305 | G83: =+SUM(G84:G85) -> 3.3622494e+09 | H83: =+G83/G$37 -> 0.05170172
A84: 3205 | B84: Reserva Protección de Aportes | C84: 3205 | E84: =+'Año 2022'!C352 -> 1.6497952e+09 | G84: ='Año 2021'!C395 -> 1.500229e+09
A85: 33 | B85: Otros Fondos Patrimoniales | C85: 3305 - 3325 | E85: =+'Año 2022'!C355 -> 2.1312394e+09 | G85: ='Año 2021'!C398 -> 1.8620204e+09
B86: RESULTADOS ACUMULADOS ADOPCION | E86: 386783268 | F86: =+E86/E$37 -> 0.0056315072 | G86: 386783268 | H86: =+G86/G$37 -> 0.0059476135
B87: RESULTADOS DE LA TRANSICION | E87: 0 | F87: =+E87/E$37 -> 0 | G87: -61357460 | H87: =+G87/G$37 -> -0.00094350115
B88: RESULTADOS DEL EJERCICIO | E88: =+'Año 2022'!C366-'Año 2022'!C398-'Año 2022'!C628 -> 8.7663173e+08 | F88: =+E88/E$37 -> 0.012763628 | G88: 659621998 | H88: =+G88/G$37 -> 0.010143088
B89: PATRIMONIO | D89: -15 | E89: =+E80+E83+E88+E86+E87 -> 2.6610599e+10 | F89: =+E89/E$37 -> 0.38744638 | G89: =+G80+G83+G88+G86+G87 -> 2.5205057e+10 | H89: =+G89/G$37 -> 0.38758123
B90: TOTAL PASIVOS Y PATRIMONIO | E90: =+E78+E89 -> 6.8682016e+10 | G90: =+G78+G89 -> 6.5031675e+10
E91: =E90-E37 -> 0 | G91: =G90-G37 -> -0.29000854

Sheet ERI
B1: =+ESF!B2 -> COOPEJEMPLO
B2: =+ESF!B3 -> COOPERATIVA ESPECIALIZADA DE AHORRO Y CREDITO
B3: ESTADO DE RESULTADO INTEGRAL
B4: Acumulado del 01 de enero al 31 de Diciembre de los años 2022 y 2021
B5: Expresado en Pesos Colombianos y Clasificado por Naturaleza del Gasto
C6: Nota | E6: Año 2022 | F6: % | G6: Año 2021 | H6: % | I6: Var 2022 | J6: Var $%
B7: INGRESOS ORDINARIOS | C7: -17
B8: Intereses | D8: CODIGO | E8: =+SUM(E9:E11) -> 1.0580343e+10 | F8: =+E8/E$20 -> 0.95523255 | G8: 9.5025932e+09 | H8: =+G8/G$20 -> 0.97177011 | I8: =+E8-G8 -> 1.0777494e+09 | J8: =IF(G8>0,+(E8-G8)/G8,"N.A.") -> 0.11341635
B9: Cartera de Crédito (Método del interés efectivo) | D9: 4150 - 42100503 | E9: =+'Año 2022'!C367+'Año 2022'!C385 -> 1.053317e+10 | F9: =+E9/E$20 -> 0.95097363 | G9: 9476526862 | H9: =+G9/G$20 -> 0.96910447 | I9: =+E9-G9 -> 1.0566431e+09 | J9: =IF(G9>0,+(E9-G9)/G9,"N.A.") -> 0.11150109
B10: Intereses fondo de liquidez | D10: 41509805 | E10: =+'Año 2022'!C379 -> 7830037.8 | F10: =+E10/E$20 -> 0.00070692484 | G10: 2941395.4 | H10: =+G10/G$20 -> 0.0003007979 | I10: =+E10-G10 -> 4888642.5 | J10: =IF(G10>0,+(E10-G10)/G10,"N.A.") -> 1.6620148
B11: Rendimientos financieros (método interés efectivo) | D11: 41509801 | E11: =+'Año 2022'!C382 -> 39342661 | F11: =+E11/E$20 -> 0.0035520013 | G11: 23124945 | H11: =+G11/G$20 -> 0.0023648419 | I11: =+E11-G11 -> 16217716 | J11: =IF(G11>0,+(E11-G11)/G11,"N.A.") -> 0.70130832
B12: Otros Ingresos Ordinario | E12: =+SUM(E13:E15) -> 62311439 | F12: =+E12/E$20 -> 0.0056257077 | G12: 45856229 | H12: =+G12/G$20 -> 0.0046894265 | I12: =+E12-G12 -> 16455210 | J12: =IF(G12>0,+(E12-G12)/G12,"N.A.") -> 0.35884352
B13: Dividendos y Participaciones | D13: 421030 | E13: =+'Año 2022'!C387-E18 -> 8848659 | F13: =+E13/E$20 -> 0.00079888973 | G13: 9032685 | H13: =+G13/G$20 -> 0.00092371557 | I13: =+E13-G13 -> -184026 | J13: =IF(G13>0,+(E13-G13)/G13,"N.A.") -> -0.020373344
B14: Otros ingresos de crédito | D14: 41509803 | E14: =+'Año 2022'!C384 -> 19528956 | F14: =+E14/E$20 -> 0.0017631465 | G14: 3998016.5 | H14: =+G14/G$20 -> 0.00040885187 | I14: =+E14-G14 -> 15530939 | J14: =IF(G14>0,+(E14-G14)/G14,"N.A.") -> 3.8846611
B15: Comisiones Tarjeta y Descuentos Proveedores | D15: 4220 - 41509802 | E15: =+'Año 2022'!C390+'Año 2022'!C383 -> 33933824 | F15: =+E15/E$20 -> 0.0030636714 | G15: 32825527 | H15: =+G15/G$20 -> 0.0033568591 | I15: =+E15-G15 -> 1108297 | J15: =IF(G15>0,+(E15-G15)/G15,"N.A.") -> 0.033763266
B16: Ganancias | C16: -18 | E16: =+SUM(E17:E19) -> 4.3354158e+08 | F16: =+E16/E$20 -> 0.039141741 | G16: 2.3019375e+08 | H16: =+G16/G$20 -> 0.023540459 | I16: =+E16-G16 -> 2.0334783e+08 | J16: =IF(G16>0,+(E16-G16)/G16,"N.A.") -> 0.88337687
B17: Otras Ganancias | D17: 4240 | E17: =+'Año 2022'!C394 -> 1535846.3 | F17: =+E17/E$20 -> 0.0001386619 | G17: 6214165.9 | H17: =+G17/G$20 -> 0.00063548345 | I17: =+E17-G17 -> -4678319.7 | J17: =IF(G17>0,+(E17-G17)/G17,"N.A.") -> -0.75284756
B18: Valorizacion de inversiones grupo AVAL | E18: =+'Año 2022'!E614 -> 9983505 | F18: =+E18/E$20 -> 0.00090134784 | G18: 3915100 | H18: =+G18/G$20 -> 0.00040037252 | I18: =+E18-G18 -> 6068405 | J18: =IF(G18>0,+(E18-G18)/G18,"N.A.") -> 1.55
B19: Recuperación del Deterioro | D19: 41509804 - 4225 | E19: =+'Año 2022'!C391 -> 422022230 | F19: =+E19/E$20 -> 0.038101731 | G19: 220064482 | H19: =+G19/G$20 -> 0.022504603 | I19: =+E19-G19 -> 201957748 | J19: =IF(G19>0,+(E19-G19)/G19,"N.A.") -> 0.91772078
B20: TOTAL INGRESOS Y GANANCIAS | E20: =+E16+E8+E12 -> 1.1076196e+10 | F20: =+E20/E$20 -> 1 | G20: 9.7786432e+09 | H20: =+G20/G$20 -> 1 | I20: =+E20-G20 -> 1.2975525e+09 | J20: =IF(G20>0,+(E20-G20)/G20,"N.A.") -> 0.13269249
B21: COSTOS
B22: Intereses (método interés efectivo) | E22: =+SUM(E23:E29) -> 4.227982e+09 | F22: =+E22/E$20 -> 0.38171789 | G22: 4.0027154e+09 | H22: =+G22/G$20 -> 0.4093324 | I22: =+E22-G22 -> 2.2526655e+08 | J22: =IF(G22>0,+(E22-G22)/G22,"N.A.") -> 0.056278433
B23: Intereses Ahorro a la vista | D23: 615005 | E23: =+'Año 2022'!C632 -> 8135782 | F23: =+E23/E$20 -> 0.00073452856 | G23: 8668425 | H23: =+G23/G$20 -> 0.00088646501 | I23: =+E23-G23 -> -532643 | J23: =IF(G23>0,+(E23-G23)/G23,"N.A.") -> -0.061446341
B24: Intereses Certificados de depósito a Término | D24: 615010 | E24: =+'Año 2022'!C634 -> 202554684 | F24: =+E24/E$20 -> 0.018287388 | G24: 47697614 | H24: =+G24/G$20 -> 0.0048777334 | I24: =+E24-G24 -> 154857070 | J24: =IF(G24>0,+(E24-G24)/G24,"N.A.") -> 3.2466419
B25: Intereses Ahorro Contractual | D25: 615015 | E25: =+'Año 2022'!C636 -> 2100484 | F25: =+E25/E$20 -> 0.00018963948 | G25: 364133 | H25: =+G25/G$20 -> 3.7237579e-05 | I25: =+E25-G25 -> 1736351 | J25: =IF(G25>0,+(E25-G25)/G25,"N.A.") -> 4.7684527
B26: Intereses Ahorro Permanente | D26: 615020 | E26: =+'Año 2022'!C638 -> 9190230 | F26: =+E26/E$20 -> 0.00082972803 | G26: 3208367 | H26: =+G26/G$20 -> 0.0003280994 | I26: =+E26-G26 -> 5981863 | J26: =IF(G26>0,+(E26-G26)/G26,"N.A.") -> 1.8644572
B27: Intereses Obligaciones Financieras | D27: 615035 - 615095 | E27: =+'Año 2022'!C642 -> 3.5666409e+09 | F27: =+E27/E$20 -> 0.32200956 | G27: 3.5779638e+09 | H27: =+G27/G$20 -> 0.36589573 | I27: =+E27-G27 -> -11322906 | J27: =IF(G27>0,+(E27-G27)/G27,"N.A.") -> -0.0031646228
B28: Gravamen a los Movimientos Financieros - Propio | D28: 61753501 | E28: =+'Año 2022'!C640 -> 3.4463023e+08 | F28: =+E28/E$20 -> 0.031114494 | G28: 2.9421181e+08 | H28: =+G28/G$20 -> 0.030087182 | I28: =+E28-G28 -> 50418412 | J28: =IF(G28>0,+(E28-G28)/G28,"N.A.") -> 0.17136773
B29: Gravamen a los Movimientos Financieros - Asumido | D29: 61753502 | E29: =+'Año 2022'!C641 -> 94729704 | F29: =+E29/E$20 -> 0.0085525488 | G29: 70601298 | H29: =+G29/G$20 -> 0.0072199482 | I29: =+E29-G29 -> 24128406 | J29: =IF(G29>0,+(E29-G29)/G29,"N.A.") -> 0.34175585
B30: GASTOS BANCARIOS
B31: Gastos Bancarios | E31: =+SUM(E32:E33) -> 1.7678492e+08 | F31: =+E31/E$20 -> 0.015960798 | G31: 1.5015718e+08 | H31: =+G31/G$20 -> 0.015355626 | I31: =+E31-G31 -> 26627733 | J31: =IF(G31>0,+(E31-G31)/G31,"N.A.") -> 0.1773324
B32: Comisiones Bancarias | D32: 521005 - 51401501 | E32: =+'Año 2022'!C611+'Año 2022'!C613 -> 1.036924e+08 | F32: =+E32/E$20 -> 0.0093617338 | G32: 88147831 | H32: =+G32/G$20 -> 0.0090143213 | I32: =+E32-G32 -> 15544564 | J32: =IF(G32>0,+(E32-G32)/G32,"N.A.") -> 0.17634653
B33: Tarjeta de Afinidad | D33: 51401502 | E33: =+'Año 2022'!C614 -> 73092522 | F33: =+E33/E$20 -> 0.0065990638 | G33: 62009352 | H33: =+G33/G$20 -> 0.0063413043 | I33: =+E33-G33 -> 11083170 | J33: =IF(G33>0,+(E33-G33)/G33,"N.A.") -> 0.17873384
B34: TOTAL COSTOS FINANCIEROS Y GASTOS BANCARIOS | C34: -19 | E34: =+E31+E22 -> 4.4047669e+09 | F34: =+E34/E$20 -> 0.39767868 | G34: 4.1528726e+09 | H34: =+G34/G$20 -> 0.42468802 | I34: =+E34-G34 -> 2.5189429e+08 | J34: =IF(G34>0,+(E34-G34)/G34,"N.A.") -> 0.060655433
B35: GASTOS ORDINARIOS
B36: Beneficios a Empleados | D36: 5105 | E36: =+'Año 2022'!C400 -> 1.4593446e+09 | F36: =+E36/E$20 -> 0.13175504 | G36: 1.2046883e+09 | H36: =+G36/G$20 -> 0.12319586 | I36: =+E36-G36 -> 2.5465624e+08 | J36: =IF(G36>0,+(E36-G36)/G36,"N.A.") -> 0.21138766
B37: Gastos Generales | D37: 5110 | E37: =+'Año 2022'!C456+'Año 2022'!C617-E38 -> 2.3276299e+09 | F37: =+E37/E$20 -> 0.21014705 | G37: 2.1313583e+09 | H37: =+G37/G$20 -> 0.21796053 | I37: =+E37-G37 -> 1.962716e+08 | J37: =IF(G37>0,+(E37-G37)/G37,"N.A.") -> 0.09208757
B38: Gastos Sociales | E38: =+'Nota Gastos y sociales'!C16 -> 1.3201826e+09 | F38: =+E38/E$20 -> 0.11919098 | G38: 1.0241381e+09 | H38: =+G38/G$20 -> 0.10473212 | I38: =+E38-G38 -> 2.9604454e+08 | J38: =IF(G38>0,+(E38-G38)/G38,"N.A.") -> 0.28906702
B39: Depreciaciones | D39: 5125 | E39: =+'Año 2022'!C599 -> 1.3037059e+08 | F39: =+E39/E$20 -> 0.01177034 | G39: 76920605 | H39: =+G39/G$20 -> 0.0078661838 | I39: =+E39-G39 -> 53449982 | J39: =IF(G39>0,+(E39-G39)/G39,"N.A.") -> 0.6948721
B40: TOTAL GASTOS ORDINARIOS | C40: -20 | E40: =SUM(E36:E39) -> 5.2375276e+09 | F40: =+E40/E$20 -> 0.47286341 | G40: 4.4367056e+09 | H40: =+G40/G$20 -> 0.45371383 | I40: =+E40-G40 -> 8.0082197e+08 | J40: =IF(G40>0,+(E40-G40)/G40,"N.A.") -> 0.18049923
B41: PERDIDAS
B42: Deterioro Individual de Cartera (capital e intereses) | D42: 511517 - 511532 | E42: =+'Año 2022'!C593+'Año 2022'!C598 -> 358781795 | F42: =+E42/E$20 -> 0.03239215 | G42: 443587867 | H42: =+G42/G$20 -> 0.045362926 | I42: =+E42-G42 -> -84806072 | J42: =IF(G42>0,+(E42-G42)/G42,"N.A.") -> -0.19118213
B43: Deterioro General de Cartera | D43: 511529 | E43: =+'Año 2022'!C595 -> 193202238 | F43: =+E43/E$20 -> 0.017443014 | G43: 85855057 | H43: =+G43/G$20 -> 0.0087798538 | I43: =+E43-G43 -> 107347181 | J43: =IF(G43>0,+(E43-G43)/G43,"N.A.") -> 1.2503303
B44: Pérdida en valoración de inversiones de patrimonio a valor razonable | E44: =+'Año 2022'!C616 -> 5285385 | F44: =+E44/E$20 -> 0.00047718415 | G44: 61357460 | H44: =+G44/G$20 -> 0.0062746394 | I44: =+E44-G44 -> -56072075 | J44: =IF(G44>0,+(E44-G44)/G44,"N.A.") -> -0.91385913
B45: TOTAL PERDIDAS | E45: =+SUM(E42:E44) -> 557269418 | F45: =+E45/E$20 -> 0.050312349 | G45: =+SUM(G42:G44) -> 590800384 | H45: =+G45/G$20 -> 0.060417419 | I45: =+E45-G45 -> -33530966 | J45: =IF(G45>0,+(E45-G45)/G45,"N.A.") -> -0.056755153
B47: TOTAL COSTOS, GASTOS Y PERDIDAS | E47: =+E45+E40+E34 -> 1.0199564e+10 | F47: =+E47/E$20 -> 0.92085444 | G47: =+G45+G40+G34 -> 9.1803786e+09 | H47: =+G47/G$20 -> 0.93881927 | I47: =+E47-G47 -> 1.0191853e+09 | J47: =IF(G47>0,+(E47-G47)/G47,"N.A.") -> 0.11101778
B49: EXCEDENTES NETOS | E49: =+E20-E47 -> 8.7663173e+08 | F49: =+E49/E$20 -> 0.079145562 | G49: =+G20-G47 -> 5.9826454e+08 | H49: =+G49/G$20 -> 0.061180731 | I49: =+E49-G49 -> 2.7836719e+08 | J49: =IF(G49>0,+(E49-G49)/G49,"N.A.") -> 0.46529114
B51: Las Notas a los Estados Financieros adjuntas hacen parte integral de los mismos.

Sheet CP
B1: COOPEJEMPLO
B2: COOPERATIVA ESPECIALIZADA DE AHORRO Y CREDITO
B3: ESTADO DE CAMBIOS EN EL PATRIMONIO
B4: Acumulados del 01 de enero al 31 de Diciembre de los Años 2022 y 2021
B5: ( Cifras en pesos Colombianos)
B8: CONCEPTO | C8: 31/12/12015 | D8: Disminución | E8: Aumento | F8: 44561 | G8: Disminución | H8: Aumento | I8: 44926
B9: Capital Social | C9: 19860941752 | D9: 0 | E9: 996817662 | F9: 20857759414 | G9: 0 | H9: =+ESF!J91 -> 708389539 | I9: =+F9+H9-G9 -> 21566148953
B10: Fondos, Reservas y Superavit | C10: 2.9423342e+09 | D10: 0 | E10: 4.199152e+08 | F10: 3.3622494e+09 | G10: 0 | H10: =+ESF!J93+ESF!J95 -> 4.1878518e+08 | I10: =+F10+H10-G10 -> 3.7810346e+09
B11: Ajustes por adopción NIIF | C11: 386783268 | E11: 0 | F11: =+C11 -> 386783268 | G11: 0 | H11: 0 | I11: =+F11+H11-G11 -> 386783268
B12: Resultados del Ejercicio | C12: 7.5759646e+08 | D12: 1.5933196e+08 | E12: 0 | F12: =+C12-D12 -> 598264502 | G12: 0 | H12: 278367224 | I12: =+F12+H12-G12 -> 876631726
B13: TOTAL PATRIMONIO | C13: 2.3947656e+10 | D13: 1.5933196e+08 | E13: 1.4167329e+09 | F13: 2.5205057e+10 | G13: =SUM(G9:G12) -> 0 | H13: =SUM(H9:H12) -> 1.4055419e+09 | I13: =+F13+H13-G13 -> 2.6610599e+10

Sheet Año 2022
A1: COD | B1: DESCRIPCION | C1: Anterior
A2: 1 | B2: ACTIVOS | C2: 6.8682016e+10
A3: 11 | B3: EFECTIVO Y EQUIVALENTE AL EFECTIVO | C3: 3.362434e+09
A4: 1110 | B4: BANCOS Y OTRAS ENTIDADES FINANCIERAS | C4: 2.6712039e+09
A5: 111005 | B5: BANCOS COMERCIALES | C5: 2.1665148e+09
A6: 1110050101 | B6: Banco Caja Social Cta Cte 21002301162 | C6: 2.2297636e+08
A7: 1110050102 | B7: Banco Bbva Cta Cte 001304640100003821 | C7: 1.6434431e+08
A8: 1110050103 | B8: Banco Davivienda Cte Cte 0287-6999-6464 | C8: 62365727
A9: 1110050104 | B9: Banco De Occidente Cta Cte 800-57798-3 | C9: 49371581
A10: 1110050105 | B10: Banco Popular Cta Cte 110221175151 | C10: 2.3683395e+08
A11: 1110050106 | B11: Banco Bogotá Bquilla Cta Cte 96053988 | C11: 2.0557223e+08
A12: 1110050107 | B12: Banco Sudameris Colombia Cta Cte 33430034 | C12: 5.4582862e+08
A13: 1110050108 | B13: Gnb Sudmeris | C13: 2e+08
... A236: 24053501 | B236: Intereses Sobre Créditos Obligaciones Financi | C236: 1.1737833e+08
A237: 2308 | B237: CREDITOS ORDINARIOS LARGO PLAZO | C237: =+C238+C240 -> 24174590291
A238: 230805 | B238: BANCOS COMERCIALES | C238: =+C239 -> 16762109137
A239: 23080501 | B239: Obligacion Fra Largo Plazo Bcos Comerciales | C239: 16762109137
A240: 230810 | B240: BANCOS COOPERATIVOS | C240: =+C241 -> 7412481154
A241: 23081001 | B241: Bancos Cooperativos | C241: 7412481154
A242: 24 | B242: CUENTAS POR PAGAR Y OTRAS | C242: =1305323892.37+4500000 -> 1.3098239e+09
A243: 2410 | B243: COSTOS Y GASTOS POR PAGAR | C243: 97971287
A244: 241095 | B244: OTROS | C244: 97971287
A245: 24159501 | B245: Vr Causados por Pagar | C245: 49609590
A246: 24959501 | B246: Vr Por Pagar Asoc-Proveedores-Terceros | C246: 3484402
A247: 24959506 | B247: Transitoria Tarjeta Afinidad | C247: 16767790
A248: 24959511 | B248: Créditos Compras de Cartera | C248: 78764
A249: 24959512 | B249: Auxilios por Desembolsar a Asociados | C249: 1710405
A250: 24959514 | B250: Pasivos Varios | C250: 26320336
A251: 2420 | B251: PROVEEDORES | C251: 710366910
A252: 242005 | B252: NACIONALES | C252: 710366910
A253: 24350501 | B253: Proveedores Nacionales Por Convenios | C253: 672152287
A254: 24350503 | B254: Garantías Comunitarias | C254: 38214623
... A386: 421030 | B386: EN INVERSIONES PARA MANTENER HASTA EL VENCIMI | C386: 18832164
A387: 41508301 | B387: Rendimiento Acciones | C387: 18832164 | D387: Que hay aquí? | E387: Dividendos del grupo aval? Y que mas?
A388: 4220 | B388: OTROS INGRESOS | C388: 2764960
A389: 422010 | B389: COMISIONES Y/O HONORARIOS | C389: 2764960
A390: 41506001 | B390: Cobro ComisionTarjeta | C390: 2764960
A391: 4225 | B391: RECUPERACIONES DETERIORO | C391: 422022230
A392: 422512 | B392: DE CRÉDITOS DE CONSUMO | C392: 422022230
A393: 41801601 | B393: Consumo Reintegro Provision | C393: 422022230
A394: 4240 | B394: SERVICIOS DIFERENTES AL OBJETO SOCIAL | C394: 1535846.3
A395: 424090 | B395: OTROS | C395: 1535846.3
A396: 42505001 | B396: Reintegro de Otros Costos y Gastos | C396: 1396000
A397: 42950501 | B397: Aprovechamientos | C397: 139846.29
A398: 5 | B398: GASTOS | C398: 5.9715819e+09
A399: 51 | B399: GASTOS DE ADMINISTRACION | C399: 4.9172217e+09
... A455: 51059510 | B455: Deterioro Prestamo a Empleados sin Intereses | C455: 10112368
A456: 5110 | B456: GASTOS GENERALES | C456: 2.7755226e+09 | D456: =C456+C617 -> 3.6478125e+09
A457: 511001 | B457: HONORARIOS | C457: 102448199
A458: 51100101 | B458: Honorarios en Asesores Externos | C458: 66448199
A459: 51100102 | B459: Revisoria Fiscal | C459: 36000000
A460: 511002 | B460: IMPUESTOS | C460: 2.6212819e+08
A461: 51100201 | B461: Industria y Comercio | C461: 31022201
A462: 51100202 | B462: Predial | C462: 6320024
A463: 51100203 | B463: Al Patrimonio | C463: 3422000
A464: 51100204 | B464: Avisos y Tableros | C464: 5972494
A465: 51100205 | B465: Ajuste IVA - ICA - RTE FTE | C465: 2854.32
A466: 51100206 | B466: Retencion en la fuente asumida | C466: 1302601.9
A467: 51100207 | B467: Iva Bienes 16% | C467: 934741
A468: 51100209 | B468: Impto Al Consumo (8%) | C468: 9513812
... A596: 51152401 | B596: Provision General de Cartera | C596: 193202238
A597: 511532 | B597: CONVENIOS POR COBRAR | C597: 31320070 | D597: 511518 | E597: corregir amarre
A598: 51153001 | B598: Provisión Interés Corriente | C598: 31320070
A599: 5125 | B599: DEPRECIACIÓN PROPIEDAD, PLANTA Y EQUIPO | C599: 1.3037059e+08
A600: 512505 | B600: EDIFICACIONES | C600: 13145743
A601: 51251501 | B601: Edificaciones | C601: 13145743
A602: 512510 | B602: MUEBLES Y EQUIPO DE OFICINA | C602: 48918433
A603: 51252001 | B603: Muebles | C603: 28789119
A604: 51252002 | B604: Equipos de Oficina | C604: 20129314
A605: 512515 | B605: EQUIPO DE COMPUTO Y COMUNICACION | C605: 68306411
A606: 51252501 | B606: Equipo de Computo | C606: 67008202
A607: 51252502 | B607: Equipo de Comunicaciones | C607: 1298208.8
A608: 52 | B608: OTROS GASTOS | C608: 1.0543602e+09
A609: 5210 | B609: GASTOS FINANCIEROS | C609: 1.820703e+08
... A611: 51400501 | B611: I.V.A Por Comisiones Bancarias | C611: 18613555
A612: 521020 | B612: COMISIONES | C612: 1.5817136e+08 | E612: =+ESF!H17 -> 46589690
A613: 51401501 | B613: Comisiones | C613: 85078840 | E613: =-C616 -> -5285385
A614: 51401502 | B614: Tarjeta Afinidad | C614: 73092522 | E614: =+E615-E612-E613 -> 9983505 | F614: Dividendos
A615: 521040 | B615: POR VALORACION EN INVERSIONES NEGOCIABLES EN | C615: 5285385 | E615: =+ESF!F17 -> 51287810
A616: 51411001 | B616: Perdida Acciones Grupo Aval | C616: 5285385
A617: 5230 | B617: GASTOS VARIOS | C617: 872289889
A618: 523095 | B618: OTROS | C618: 872289889
A619: 51109501 | B619: Reunion Integrac | C619: 76514596
A620: 51109503 | B620: Entidades Sociales | C620: 38688972
A621: 51109507 | B621: Atencion Asociados | C621: 105868506
A622: 51109508 | B622: Transporte asociados | C622: 8474841
A623: 51109509 | B623: Logistica curso asociados | C623: 13851660
A624: 51109510 | B624: Aux Educativo Hijos Asociad | C624: 572350000
A625: 51109512 | B625: Gastos Navideños | C625: 4338049
A626: 51109525 | B626: Concursos | C626: 33282265
A627: 51109541 | B627: Atencion Asociados | C627: 18921000
... A694: 96051001 | B694: Acreedoras Contingentes por el Contra | C694: -4619159298

Sheet Año 2021
A1: CODIGO | B1: DESCRIPCION | C1: FINAL
A2: 1 | B2: ACTIVOS | C2: 6.4644891e+10
A3: 11 | B3: EFECTIVO Y EQUIVALENTE AL EFECTIVO | C3: 3.078682e+09
A4: 1105 | B4: CAJA | C4: 0
A5: 110510 | B5: CAJA MENOR | C5: 0
A6: 11051001 | B6: Caja Menor | C6: 0
A7: 1110 | B7: BANCOS Y OTRAS ENTIDADES FINANCIERAS | C7: 2.7851696e+09
A8: 111005 | B8: BANCOS COMERCIALES | C8: 2.4735135e+09
A9: 1110050101 | B9: Banco Caja Social Cta Cte 21002301162 | C9: 1.8886785e+08
A10: 1110050102 | B10: Banco Bbva Cta Cte 001304640100003821 | C10: 1.3124466e+08
A11: 1110050103 | B11: Banco Davivienda Cte Cte 0287-6999-6464 | C11: 77335766
A12: 1110050104 | B12: Banco De Occidente Cta Cte 800-57798-3 | C12: 1.1628515e+08
A13: 1110050105 | B13: Banco Popular Cta Cte 110221175151 | C13: 2.3028069e+08
... A153: 16409503 | B153: Empleados Intereses Corrientes Vivienda | C153: 54388
A154: 1471 | B154: DETERIORO CRÉDITOS A EMPLEADOS (CR) | C154: -15347844 | E154: =C131+C156 -> -11484386
A155: 147110 | B155: CRÉDITOS A EMPLEADOS CONSUMO | C155: -15347844
A156: 16984507 | B156: Creditos Empleados | C156: -15347844
A157: 1473 | B157: CONVENIOS POR COBRAR | C157: 63523626
A158: 147320 | B158: SERVICIOS FUNERARIOS | C158: 8998827
A159: 16052001 | B159: Servicios Funerarios | C159: 5948939
A160: 16052002 | B160: Servicios Funerarios Nuevo | C160: 3049888
A161: 147395 | B161: OTROS CONVENIOS | C161: 54524799
A162: 16053501 | B162: Otros Servicios | C162: 3503124
A163: 16053502 | B163: Otros Servicios Bonos | C163: 28996992
A164: 16059501 | B164: Seguro deudores Cartera | C164: 22024683
A165: 16 | B165: CUENTAS POR COBRAR Y OTRAS | C165: 3.0851413e+08
A166: 1630 | B166: ANTICIPOS | C166: 234319784
... A168: 16250501 | B168: Anticipos de Contratos | C168: 0
A169: 163015 | B169: PROVEEDORES
A170: 16251001 | B170: Anticipos a Proveedores | C170: 0
A171: 163095 | B171: OTROS | C171: 234319784
A172: 16259501 | B172: Anticipos cursos asociados | C172: 0
A173: 16250501 | B173: Anticipos de Contratos | C173: 232560184
A174: 16251001 | B174: Anticipos a Proveedores | C174: 1759600
A175: 1650 | B175: DEUDORES PATRONALES Y EMPRESAS | C175: 23153554
A176: 165005 | B176: DESCUENTO DE NOMINA | C176: 23153554
A177: 16500501 | B177: Descuentos de Nómina COPERCON | C177: 23140201
A178: 16500502 | B178: Descuentos de Nomina Empleados CootraCOPERCON | C178: 13353
A179: 1660 | B179: OTRAS CUENTAS POR COBRAR | C179: 51040795
A180: 166035 | B180: CUENTAS POR COBRAR DE TERCEROS | C180: 51040795
A181: 16902501 | B181: Terceros y proveedores | C181: 7499490.3
... A254: 23081001 | B254: Bancos Cooperativos | C254: 7780020864
A255: 24 | B255: CUENTAS POR PAGAR Y OTRAS | C255: 1.4597404e+09 | E255: =+C255-E270-E310 -> 1.4535305e+09
A256: 2410 | B256: COSTOS Y GASTOS POR PAGAR | C256: 3.6078632e+08
A257: 241095 | B257: OTROS | C257: 3.6078632e+08
A258: 24159501 | B258: Vr Causados por Pagar | C258: 134054981
A259: 24159502 | B259: 4 x 1000 Obligaciones Financieras | C259: 0
A260: 24159503 | B260: Reembolso de Caja Menor | C260: 0
A261: 24959501 | B261: Vr Por Pagar Asoc-Proveedores-Terceros | C261: 2000000
A262: 24959504 | B262: Transitoria Entidad Financiera No Bancarias | C262: 0
A263: 24959506 | B263: Transitoria Tarjeta Afinidad | C263: 12635553
A264: 24959507 | B264: Auxilio Educativo Pensionados | C264: 0
A265: 24959509 | B265: Transitoria Ahorros | C265: 0
A266: 24959511 | B266: Créditos Compras de Cartera | C266: 0
A267: 24959512 | B267: Auxilios por Desembolsar a Asociados | C267: 0
... A309: 24480510 | B309: ICA Retenido Riohacha 3/1000 | C309: 3720
A310: 2440 | B310: IMPUESTOS, GRAVÁMENES Y TASAS POR PAGAR | C310: 6209833 | E310: =+C310 -> 6209833
A311: 244010 | B311: IMPUESTO A LAS VENTAS POR PAGAR | C311: 205710
A312: 25100101 | B312: Impuesto a las Ventas por Pagar | C312: 205710
A313: 244015 | B313: INDUSTRIA Y COMERCIO | C313: 6004123
A314: 25150501 | B314: ICA - Vigencia Fiscal Corriente Barranquilla | C314: 1404101
A315: 25150502 | B315: ICA - Vigencia Fiscal Corriente Rioacha | C315: 1781086
A316: 25150503 | B316: ICA - Vigencia Fiscal Corriente Valledupar | C316: 1776816
A317: 25150504 | B317: Avisos y tableros | C317: 1042120
A318: 244095 | B318: OTROS | C318: 0
A319: 24420501 | B319: Sobre Depósitos de Ahorro | C319: 0
A320: 2445 | B320: VALORES POR REINTEGRAR | C320: 177812088
A321: 244595 | B321: OTROS | C321: 66062916
A322: 27950501 | B322: Abonos Destos Demas Obligaciones | C322: 43603641
... A384: 27400512 | B384: Honorarios comisiones | C384: 3652262
A385: 3 | B385: PATRIMONIO | C385: 2.4220009e+10 | E385: La diferencia es el excedente del periodo
A386: 31 | B386: CAPITAL SOCIAL | C386: 20857759414
A387: 3105 | B387: APORTES SOCIALES TEMPORALMENTE RESTRINGIDOS | C387: 5345044414
A388: 310505 | B388: APORTES ORDINARIOS | C388: 5345044414
A389: 31050501 | B389: Aportes Sociales | C389: 20857759414
A390: 98050501 | B390: Acreedoras de Control por el Contra | C390: -15512715000
A391: 3110 | B391: APORTES SOCIALES MINIMOS NO REDUCIBLES | C391: 15512715000
A392: 311005 | B392: APORTES ORDINARIOS | C392: 15512715000
A393: 93120501 | B393: Capital Minimo Irreducible | C393: 15512715000
A394: 32 | B394: RESERVAS | C394: 1.500229e+09
A395: 3205 | B395: RESERVA PROTECCIÓN DE APORTES | C395: 1.500229e+09
A396: 320505 | B396: RESERVA PROTECCIÓN DE APORTES | C396: 1.500229e+09
A397: 32050501 | B397: Reserva proteccion de Aportes | C397: 1.500229e+09
... A404: 33250501 | B404: Fondo Especial | C404: 111771915
A405: 4 | B405: INGRESOS | C405: 9.7747281e+09 | E405: hasta ahora tengo esta diferencia en los ingresos
A406: 41 | B406: INGRESOS POR VENTA DE BIENES Y SERVICIOS | C406: 9470357676 | E406: Excedentes
A407: 4150 | B407: INGRESOS CARTERA DE CRÉDITOS | C407: 9470357676
A408: 415005 | B408: INTERESES DE CRÉDITOS COMERCIALES | C408: 45195522 | E408: =+C405-C445-C688 -> 5.9826454e+08
A409: 4150050101 | B409: Comercial Interes Corriente | C409: 44778234
A410: 4150050201 | B410: Comercial Interes Moratorio | C410: 417288
A411: 415010 | B411: INTERESES DE CRÉDITOS CONSUMO | C411: 9425162154
A412: 4150100101 | B412: Consumo Interes Corriente | C412: 9410164446
A413: 4150100201 | B413: Consumo Interes Moratorio | C413: 14997708
A414: 415030 | B414: INTERESES DE CRÉDITOS A EMPLEADOS | C414: 6169186
A415: 42100503 | B415: Intereses Corrientes Empleados Vivienda | C415: 6169186
A416: 42 | B416: OTROS INGRESOS | C416: 3.043704e+08
A417: 4205 | B417: Ingresos por utilidad en venta de inversion | C417: 2941395.4
A418: 420505 | B418: inversiones fondo de liquidez | C418: 2941395.4
A419: 41509805 | B419: Intereses fondo de liquidez | C419: 2941395.4
A420: 4210 | B420: INGRESOS POR VALORACION INVERSIONES | C420: 1.0281822e+08
...

Sheet Nota Cartera
A1: CODIGO | B1: DESCRIPCION | C1: AÑO 2022 | D1: AÑO 2021 | E1: AÑO 2020 | F1: VAR 22-21 | G1: %
A2: 1411 | B2: Creditos De Consumo, Garantia Admisible – Con Libranza | C2: =VLOOKUP(A2,'Año 2022'!$A$2:$C$694,3,FALSE) -> 211376903 | D2: 299062183 | E2: 294658784 | F2: =+C2-D2 -> -87685280 | G2: =IFERROR(+(F2/D2),0) -> -0.29320083
A3: 141105 | B3: Categoria A Riesgo Normal | C3: =VLOOKUP(A3,'Año 2022'!$A$2:$C$694,3,FALSE) -> 211376903 | D3: 299062183 | E3: 262541487 | F3: =D3-E3 -> 36520696 | G3: =IFERROR(+(F3/D3),0) -> 0.1221174
A4: 141115 | B4: Categoria C Riesgo Apreciable | C4: 0 | D4: 0 | E4: 32117297 | F4: =D4-E4 -> -32117297 | G4: =IFERROR(+(F4/D4),0) -> 0
A5: 1412 | B5: Creditos De Consumo, Garantia Admisible, Sin Libranza | C5: =VLOOKUP(A5,'Año 2022'!$A$2:$C$694,3,FALSE) -> 499302723 | D5: =SUM(D6:D9) -> 451274737 | E5: 639004817 | F5: =D5-E5 -> -187730080 | G5: =IFERROR(+(F5/D5),0) -> -0.41599953
A6: 141205 | B6: Categoria A Riesgo Normal | C6: =VLOOKUP(A6,'Año 2022'!$A$2:$C$694,3,FALSE) -> 331582294 | D6: 401589347 | E6: 424309460 | F6: =D6-E6 -> -22720113 | G6: =IFERROR(+(F6/D6),0) -> -0.056575487
A7: 141215 | B7: Categoria C Riesgo Apreciable | C7: =VLOOKUP(A7,'Año 2022'!$A$2:$C$694,3,FALSE) -> 71324354 | E7: 112682973 | F7: =D7-E7 -> -112682973 | G7: =IFERROR(+(F7/D7),0) -> 0
A8: 141220 | B8: Categoria D Riesgo Significativo | C8: =VLOOKUP(A8,'Año 2022'!$A$2:$C$694,3,FALSE) -> 70717933 | E8: 52326994 | F8: =D8-E8 -> -52326994 | G8: =IFERROR(+(F8/D8),0) -> 0
A9: 141225 | B9: Categoria E Riesgo De Incobrabilidad | C9: =VLOOKUP(A9,'Año 2022'!$A$2:$C$694,3,FALSE) -> 25678142 | D9: 49685390 | E9: 49685390 | F9: =D9-E9 -> 0 | G9: =IFERROR(+(F9/D9),0) -> 0
A10: 1441 | B10: Creditos De Consumo, Otras Garantias – Con Libranza | C10: =VLOOKUP(A10,'Año 2022'!$A$2:$C$694,3,FALSE) -> 57460370468 | D10: =SUM(D11:D15) -> 55753105463 | E10: 50869829771 | F10: =D10-E10 -> 4883275692 | G10: =IFERROR(+(F10/D10),0) -> 0.08758751
A11: 144105 | B11: Categoria A Riesgo Normal | C11: =VLOOKUP(A11,'Año 2022'!$A$2:$C$694,3,FALSE) -> 56736006361 | D11: 54932259372 | E11: 49603964320 | F11: =D11-E11 -> 5328295052 | G11: =IFERROR(+(F11/D11),0) -> 0.096997559
A12: 144110 | B12: Categoria B Riesgo Aceptable | C12: =VLOOKUP(A12,'Año 2022'!$A$2:$C$694,3,FALSE) -> 160743609 | D12: 58449107 | E12: 130005337 | F12: =D12-E12 -> -71556230 | G12: =IFERROR(+(F12/D12),0) -> -1.2242485
A13: 144115 | B13: Categoria C Riesgo Apreciable | C13: =VLOOKUP(A13,'Año 2022'!$A$2:$C$694,3,FALSE) -> 160263765 | D13: 239768918 | E13: 377608185 | F13: =D13-E13 -> -137839267 | G13: =IFERROR(+(F13/D13),0) -> -0.5748838
A14: 144120 | B14: Categoria D Riesgo Significativo | C14: =VLOOKUP(A14,'Año 2022'!$A$2:$C$694,3,FALSE) -> 31165158 | D14: 81017556 | E14: 258698876 | F14: =D14-E14 -> -177681320 | G14: =IFERROR(+(F14/D14),0) -> -2.1931212
A15: 144125 | B15: Categoria E Riesgo De Incobrabilidad | C15: =VLOOKUP(A15,'Año 2022'!$A$2:$C$694,3,FALSE) -> 372191575 | D15: 441610510 | E15: 499553053 | F15: =D15-E15 -> -57942543 | G15: =IFERROR(+(F15/D15),0) -> -0.13120735
A16: 1442 | B16: Creditos De Consumo, Otras Gartantías – Sin Libranza | C16: =VLOOKUP(A16,'Año 2022'!$A$2:$C$694,3,FALSE) -> 4427014105 | D16: =SUM(D17:D21) -> 3334963879 | E16: 2421382908 | F16: =D16-E16 -> 913580971 | G16: =IFERROR(+(F16/D16),0) -> 0.27394029
A17: 144205 | B17: Categoria A Riesgo Normal | C17: =VLOOKUP(A17,'Año 2022'!$A$2:$C$694,3,FALSE) -> 3545029922 | D17: 2510106408 | E17: 1885460672 | F17: =D17-E17 -> 624645736 | G17: =IFERROR(+(F17/D17),0) -> 0.24885229
A18: 144210 | B18: Categoria B Riesgo Aceptable | C18: =VLOOKUP(A18,'Año 2022'!$A$2:$C$694,3,FALSE) -> 198529209 | D18: 201675605 | E18: 160917501 | F18: =D18-E18 -> 40758104 | G18: =IFERROR(+(F18/D18),0) -> 0.20209734
A19: 144215 | B19: Categoria C Riesgo Apreciable | C19: =VLOOKUP(A19,'Año 2022'!$A$2:$C$694,3,FALSE) -> 106484659 | D19: 18644324 | E19: 120002850 | F19: =D19-E19 -> -101358526 | G19: =IFERROR(+(F19/D19),0) -> -5.4364281
A20: 144220 | B20: Categoria D Riesgo Significativo | C20: =VLOOKUP(A20,'Año 2022'!$A$2:$C$694,3,FALSE) -> 121829666 | D20: 127719157 | E20: 38877672 | F20: =D20-E20 -> 88841485 | G20: =IFERROR(+(F20/D20),0) -> 0.69560031
A21: 144225 | B21: Categoria E Riesgo De Incobrabilidad | C21: =VLOOKUP(A21,'Año 2022'!$A$2:$C$694,3,FALSE) -> 455140649 | D21: 476818385 | E21: 216124213 | F21: =D21-E21 -> 260694172 | G21: =IFERROR(+(F21/D21),0) -> 0.54673683
A22: =+'Año 2022'!A101 -> 1445 | B22: Provision Creditos De Consumo | C22: =VLOOKUP(A22,'Año 2022'!$A$2:$C$694,3,FALSE) -> -702958376 | D22: =SUM(D23:D29) -> -820283195 | E22: -558427368 | F22: =D22-E22 -> -261855827 | G22: =IFERROR(+(F22/D22),0) -> 0.31922613
A23: =+'Año 2022'!A102 -> 144520 | B23: Categoria B Credito Aceptable, Otras Garantias | C23: =VLOOKUP(A23,'Año 2022'!$A$2:$C$694,3,FALSE) -> -3302644 | D23: -2413973 | E23: -2337974 | F23: =D23-E23 -> -75999 | G23: =IFERROR(+(F23/D23),0) -> 0.031482954
A24: 144525 | B24: Categoria C ‑ Credito Apreciable, Garantia Admisible | E24: -13041720 | F24: =D24-E24 -> 13041720 | G24: =IFERROR(+(F24/D24),0) -> 0
A25: =+'Año 2022'!A104 -> 144530 | B25: Categoria C ‑ Credito Apreciable, Otras Garantias | C25: =VLOOKUP(A25,'Año 2022'!$A$2:$C$694,3,FALSE) -> -25639461 | D25: -22806598 | E25: -40817219 | F25: =D25-E25 -> 18010621 | G25: =IFERROR(+(F25/D25),0) -> -0.78971099
A26: =+'Año 2022'!A106 -> 144535 | B26: Categoria D ‑ Credito Significativo, Garantia Admisible | C26: =VLOOKUP(A26,'Año 2022'!$A$2:$C$694,3,FALSE) -> -13811129 | E26: -9277277 | F26: =D26-E26 -> 9277277 | G26: =IFERROR(+(F26/D26),0) -> 0
A27: =+'Año 2022'!A108 -> 144540 | B27: Categoria D ‑ Credito Significativo, Otras Garantias | C27: =VLOOKUP(A27,'Año 2022'!$A$2:$C$694,3,FALSE) -> -29124480 | D27: -35875507 | E27: -49333543 | F27: =D27-E27 -> 13458036 | G27: =IFERROR(+(F27/D27),0) -> -0.37513159
A28: =+'Año 2022'!A110 -> 144545 | B28: Categoria E ‑ Credito Irrecuperable, Garantia Admisible | C28: =VLOOKUP(A28,'Año 2022'!$A$2:$C$694,3,FALSE) -> -24375374 | D28: -46507735 | E28: -31979712 | F28: =D28-E28 -> -14528023 | G28: =IFERROR(+(F28/D28),0) -> 0.31237864
A29: =+'Año 2022'!A112 -> 144550 | B29: Categoria E ‑ Credito Irrecuperable, Otras Garantias | C29: =VLOOKUP(A29,'Año 2022'!$A$2:$C$694,3,FALSE) -> -606705288 | D29: -712679382 | E29: -411639923 | F29: =D29-E29 -> -301039459 | G29: =IFERROR(+(F29/D29),0) -> 0.42240517
A30: 1461 | B30: Creditos Comerciales, Garantia Admisible Sin Libranza | C30: =VLOOKUP(A30,'Año 2022'!$A$2:$C$694,3,FALSE) -> 91939954 | D30: 0 | E30: 0 | F30: =D30-E30 -> 0 | G30: =IFERROR(+(F30/D30),0) -> 0
A31: 146105 | B31: Categoria A Riesgo Normal | C31: =VLOOKUP(A31,'Año 2022'!$A$2:$C$694,3,FALSE) -> 91939954 | D31: 0 | E31: 0 | F31: =D31-E31 -> 0 | G31: =IFERROR(+(F31/D31),0) -> 0
A32: 1462 | B32: Creditos Comerciales, Garantia Admisible Sin Libranza | C32: =VLOOKUP(A32,'Año 2022'!$A$2:$C$694,3,FALSE) -> 324831998 | D32: 121629211 | E32: 146198199 | F32: =D32-E32 -> -24568988 | G32: =IFERROR(+(F32/D32),0) -> -0.20199907
A33: 146205 | B33: Categoria A Riesgo Normal | C33: =VLOOKUP(A33,'Año 2022'!$A$2:$C$694,3,FALSE) -> 324831998 | D33: 121629211 | E33: 146198199 | F33: =D33-E33 -> -24568988 | G33: =IFERROR(+(F33/D33),0) -> -0.20199907
A34: 1463 | B34: Creditos Comerciales, Otras Garantias Con Libranza | C34: =VLOOKUP(A34,'Año 2022'!$A$2:$C$694,3,FALSE) -> 3136492 | D34: 1231894 | F34: =D34-E34 -> 1231894 | G34: =IFERROR(+(F34/D34),0) -> 1
A35: 146305 | B35: Categoria A Riesgo Normal | C35: =VLOOKUP(A35,'Año 2022'!$A$2:$C$694,3,FALSE) -> 3136492 | D35: 1231894 | F35: =D35-E35 -> 1231894 | G35: =IFERROR(+(F35/D35),0) -> 1
A36: 1465 | B36: Creditos Comerciales, Otras Garantias – Sin Libranza | C36: 0 | D36: 117202431 | E36: 152097210 | F36: =D36-E36 -> -34894779 | G36: =IFERROR(+(F36/D36),0) -> -0.29773085
A37: 146505 | B37: Categoria A Riesgo Normal | C37: 0 | D37: 117202431 | E37: 152097210 | F37: =D37-E37 -> -34894779 | G37: =IFERROR(+(F37/D37),0) -> -0.29773085
A38: 1469 | B38: Creditos A Empleados | C38: =VLOOKUP(A38,'Año 2022'!$A$2:$C$694,3,FALSE) -> 282817633 | D38: =SUM(D39:D41) -> 273363689 | E38: =SUM(E39:E41) -> 246142276 | F38: =D38-E38 -> 27221413 | G38: =IFERROR(+(F38/D38),0) -> 0.099579476
A39: =+'Año 2022'!A140 -> 146905 | B39: Categoria A Riesgo Normal, Vivienda | C39: =VLOOKUP(A39,'Año 2022'!$A$2:$C$694,3,FALSE) -> 160474387 | D39: 184815361 | E39: 153688233 | F39: =D39-E39 -> 31127128 | G39: =IFERROR(+(F39/D39),0) -> 0.16842284
A40: =+'Año 2022'!A142 -> 146930 | B40: Categoria A Riesgo Normal, Consumo | C40: =VLOOKUP(A40,'Año 2022'!$A$2:$C$694,3,FALSE) -> 122343246 | D40: 88493940 | E40: 92392931 | F40: =D40-E40 -> -3898991 | G40: =IFERROR(+(F40/D40),0) -> -0.044059412
A41: 16409503 | B41: Otros | C41: =VLOOKUP(A41,'Año 2022'!$A$2:$C$694,3,FALSE) -> 46654 | D41: 54388 | E41: 61112 | F41: =D41-E41 -> -6724 | G41: =IFERROR(+(F41/D41),0) -> -0.12363021
A42: 1471 | B42: Otras Provisiones Cuentas Por Cobrar | C42: =VLOOKUP(A42,'Año 2022'!$A$2:$C$694,3,FALSE) -> -15454768 | D42: -15347844 | F42: =D42-E42 -> -15347844 | G42: =IFERROR(+(F42/D42),0) -> 1
A43: 147110 | B43: Creditos A Empleados | C43: =VLOOKUP(A43,'Año 2022'!$A$2:$C$694,3,FALSE) -> -15454768 | D43: -15347844 | F43: =D43-E43 -> -15347844 | G43: =IFERROR(+(F43/D43),0) -> 1
A44: =+'Año 2022'!A85 -> 1443 | B44: Intereses | C44: =VLOOKUP(A44,'Año 2022'!$A$2:$C$694,3,FALSE) -> 227781509 | D44: =SUM(D45:D50) -> 200112348 | E44: 197107621 | F44: =D44-E44 -> 3004727 | G44: =IFERROR(+(F44/D44),0) -> 0.0150152
A45: =+'Año 2022'!A86 -> 144305 | B45: Categoria A Riesgo Normal, Consumo | C45: =VLOOKUP(A45,'Año 2022'!$A$2:$C$694,3,FALSE) -> 159925142 | D45: 144921584 | E45: 137176458 | F45: =D45-E45 -> 7745126 | G45: =IFERROR(+(F45/D45),0) -> 0.053443564
A46: =+'Año 2022'!A89 -> 144310 | B46: Categoria B Riesgo Aceptable, Consumo | C46: =VLOOKUP(A46,'Año 2022'!$A$2:$C$694,3,FALSE) -> 11854643 | D46: 6882896 | E46: 6134332 | F46: =D46-E46 -> 748564 | G46: =IFERROR(+(F46/D46),0) -> 0.10875713
A47: =+'Año 2022'!A92 -> 144315 | B47: Categoria C Riesgo Apreciable, Consumo | C47: =VLOOKUP(A47,'Año 2022'!$A$2:$C$694,3,FALSE) -> 13988540 | D47: 2115663 | E47: 11021324 | F47: =D47-E47 -> -8905661 | G47: =IFERROR(+(F47/D47),0) -> -4.2093949
A48: =+'Año 2022'!A95 -> 144320 | B48: Categoria D Riesgo Significativo, Consumo | C48: =VLOOKUP(A48,'Año 2022'!$A$2:$C$694,3,FALSE) -> 7241887 | D48: 3921358 | E48: 5163854 | F48: =D48-E48 -> -1242496 | G48: =IFERROR(+(F48/D48),0) -> -0.3168535
A49: =+'Año 2022'!A98 -> 144325 | B49: Categoria E Riesgo De Incobrabilidad, Consumo | C49: =VLOOKUP(A49,'Año 2022'!$A$2:$C$694,3,FALSE) -> 34771297 | D49: 38407389 | E49: 36278506 | F49: =D49-E49 -> 2128883 | G49: =IFERROR(+(F49/D49),0) -> 0.055428996
A50: =+'Año 2022'!A129 -> 146305 | B50: Categoria A Riesgo Normal, Comercial | C50: 0 | D50: 3863458 | E50: 1333147 | F50: =D50-E50 -> 2530311 | G50: =IFERROR(+(F50/D50),0) -> 0.65493426
A51: =+'Año 2022'!A114 -> 1446 | B51: Provision Cuentas Por Cobrar De Consumo | C51: =VLOOKUP(A51,'Año 2022'!$A$2:$C$694,3,FALSE) -> -56001724 | D51: =SUM(D52:D54) -> -44444410 | E51: -52474776 | F51: =D51-E51 -> 8030366 | G51: =IFERROR(+(F51/D51),0) -> -0.18068338
A52: =+'Año 2022'!A115 -> 144615 | B52: Categoria C ‑ Credito Apreciable, Intereses | C52: =VLOOKUP(A52,'Año 2022'!$A$2:$C$694,3,FALSE) -> -13988540 | D52: -2115663 | E52: -11023068 | F52: =D52-E52 -> 8907405 | G52: =IFERROR(+(F52/D52),0) -> -4.2102192
A53: =+'Año 2022'!A117 -> 144620 | B53: Categoria D ‑ Credito Significativo, Intereses | C53: =VLOOKUP(A53,'Año 2022'!$A$2:$C$694,3,FALSE) -> -7241887 | D53: -3921358 | E53: -5173202 | F53: =D53-E53 -> 1251844 | G53: =IFERROR(+(F53/D53),0) -> -0.31923737
A54: =+'Año 2022'!A119 -> 144625 | B54: Categoria E ‑ Credito Irrecuperable, Intereses | C54: =VLOOKUP(A54,'Año 2022'!$A$2:$C$694,3,FALSE) -> -34771297 | D54: -38407389 | E54: -36278506 | F54: =D54-E54 -> -2128883 | G54: =IFERROR(+(F54/D54),0) -> 0.055428996
A55: =+'Año 2022'!A132 -> 1468 | B55: Provision General | C55: =VLOOKUP(A55,'Año 2022'!$A$2:$C$694,3,FALSE) -> -793986936 | D55: =SUM(D56:D57) -> -600784698 | E55: -9.3201499e+08 | F55: =D55-E55 -> 3.3123029e+08 | G55: =IFERROR(+(F55/D55),0) -> -0.55132943
A56: =+'Año 2022'!A133 -> 146805 | B56: Provision Creditos Con Libranza | C56: =VLOOKUP(A56,'Año 2022'!$A$2:$C$694,3,FALSE) -> -727890139 | D56: -560533996 | E56: -8.9842815e+08 | F56: =D56-E56 -> 3.3789416e+08 | G56: =IFERROR(+(F56/D56),0) -> -0.60280761
A57: =+'Año 2022'!A136 -> 146810 | B57: Provision Creditos Sin Libranza | C57: =VLOOKUP(A57,'Año 2022'!$A$2:$C$694,3,FALSE) -> -66096797 | D57: -40250702 | E57: -33586831 | F57: =D57-E57 -> -6663871 | G57: =IFERROR(+(F57/D57),0) -> 0.16555912
B58: TOTAL GENERAL | C58: =C55+C51+C44+C42+C38+C36+C34+C32+C22+C16+C10+C5+C2+C30 -> 6.196017e+10 | D58: =D55+D51+D44+D42+D38+D36+D34+D32+D22+D16+D10+D5+D2+D30 -> 59071085688 | E58: =E55+E51+E44+E42+E38+E36+E34+E32+E22+E16+E10+E5+E2+E30 -> 5.3423504e+10 | F58: =F55+F51+F44+F42+F38+F36+F34+F32+F22+F16+F10+F5+F2 -> 5.5554926e+09 | G58: =IFERROR(+(F58/D58),0) -> 0.094047578
B60: DESCRIPCION | C60: =+C1 -> AÑO 2022 | D60: =+D1 -> AÑO 2021 | E60: =+E1 -> AÑO 2020 | F60: =+F1 -> VAR 22-21
B61: Cartera Bruta | C61: =+C58-C55-C51-C42-C22 -> 63528571785 | D61: =+D58-D55-D51-D42-D22 -> 60551945835 | E61: =+E58-E55-E51-E42-E22 -> 54966421586 | F61: =+C61-D61 -> 2976625950 | G61: =+F61/D61 -> 0.049158221
B62: Cartera Vigente | C62: =+C3+C6+C11+C17+C31+C33+C35+C37+C39+C40+C41+C45 -> 61686693353 | D62: =+D3+D6+D11+D17+D31+D33+D35+D37+D39+D40+D41+D45 -> 58801366119 | E62: =+E3+E6+E11+E17+E31+E33+E35+E37+E39+E40+E41+E45 -> 52857890082 | F62: =+C62-D62 -> 2885327234 | G62: =+F62/D62 -> 0.049069051
B63: Cartera en Mora | C63: =+C61-C62 -> 1841878432 | D63: =+D61-D62 -> 1750579716 | E63: =+E61-E62 -> 2108531504 | F63: =+C63-D63 -> 91298716 | G63: =+F63/D63 -> 0.052153418
B64: Cartera improductiva | C64: =+C63-C12-C18-C46 -> 1470750971 | D64: =+D63-D12-D18-D46 -> 1483572108 | E64: =+E63-E12-E18-E46 -> 1811474334 | F64: =+C64-D64 -> -12821137 | G64: =+F64/D64 -> -0.008642072
B65: Calidad de Cartera | C65: =+C63/C61 -> 0.028992914 | D65: =+D63/D61 -> 0.028910379 | E65: =+E63/E61 -> 0.038360356
B66: Cobertura deterioro individual improductiva | C66: =+(C25+C24+C26+C27+C28+C29+C51)/C64 -> -0.51379021 | D66: =+(D25+D24+D26+D27+D28+D29+D51)/D64 -> -0.58124147 | E66: =+(E25+E24+E26+E27+E28+E29+E51)/E64 -> -0.33594965
B67: Cobertura deterioro individual + general / Mora | C67: =+(C22+C51+C55)/C63 -> -0.84313221 | D67: =+(D22+D51+D55)/D63 -> -0.83715828 | E67: =+(E22+E51+E55)/E63 -> -0.73174962

Sheet PPE
A1: COSTO | B1: Terrenos | C1: Edificiaciones | D1: Muebles y Equipos de Oficina | E1: Equipo de Computo y Comunicación | F1: TOTAL
A2: Saldo 2021 | B2: =+ESF!H38 -> 179682458 | C2: =+ESF!H39 -> 968895289 | D2: =+ESF!H40 -> 412105156 | E2: =+ESF!H41 -> 3.0137684e+08 | F2: =+SUM(B2:E2) -> 1.8620597e+09
A3: Adquisiciones | B3: 0 | C3: =+ESF!J39 -> 432951190 | D3: =+ESF!J40 -> 1.7159569e+08 | E3: =+ESF!J41+3620000 -> 69839894 | F3: =+SUM(B3:E3) -> 6.7438678e+08
A4: Baja en Cuentas | B4: 0 | C4: 0 | D4: 0 | E4: =1900000+1720000 -> 3620000 | F4: =+SUM(B4:E4) -> 3620000
A5: Disposiciones | B5: 0 | C5: 0 | D5: 0 | E5: 0 | F5: =+SUM(B5:E5) -> 0
A6: Saldo Final 2022 | B6: =+B2+B3-B4-B5 -> 179682458 | C6: =+C2+C3-C4-C5 -> 1401846479 | D6: =+D2+D3-D4-D5 -> 5.8370085e+08 | E6: =+E2+E3-E4-E5 -> 3.6759674e+08 | F6: =+F2+F3-F4-F5 -> 2.5328265e+09 | G6: =F6+F12 -> 2.1530064e+09
A7: DEPRECIACION
A8: Saldo inicial 2021 | B8: 0 | C8: =+'Año 2021'!$C$203 -> -10439254 | D8: =+'Año 2021'!$C$204 -> -1.4538566e+08 | E8: =+'Año 2021'!$C$205 -> -97244635 | F8: =+SUM(B8:E8) -> -2.5306955e+08
A9: Gasto Depreciación | C9: =+'Año 2022'!C601 -> 13145743 | D9: =+'Año 2022'!C602 -> 48918433 | E9: =+'Año 2022'!C605 -> 68306411 | F9: =+SUM(B9:E9) -> 1.3037059e+08
A10: Baja en Cuentas | E10: 3620000 | F10: =+SUM(B10:E10) -> 3620000
A11: Disposiciones
A12: Saldo Final 2022 | B12: =+B8-B9+B10+B11 -> 0 | C12: =+C8-C9+C10+C11 -> -23584997 | D12: =+D8-D9+D10+D11 -> -1.9430409e+08 | E12: =+E8-E9+E10+E11 -> -1.6193105e+08 | F12: =+F8-F9+F10+F11 -> -3.7982014e+08
A13: TOTAL PPE | B13: =+B12+B6 -> 179682458 | C13: =+C12+C6 -> 1.3782615e+09 | D13: =+D12+D6 -> 3.8939676e+08 | E13: =+E12+E6 -> 2.0566569e+08 | F13: =+F12+F6 -> 2.1530064e+09

Sheet cxc
A1: CODIGO | B1: CONCEPTO | C1: Año 2022 | D1: Año 2021 | E1: Año 2015 | F1: VAR | G1: Nota
A2: 16053502 | B2: Otros Servicios Bonos | C2: =+'Año 2022'!C154+'Año 2022'!C155 -> 75202422 | D2: 28996992 | E2: 28053084 | F2: =+C2-D2 -> 46205430 | G2: 7.1
A3: 16059501 | B3: Seguro deudores Cartera | C3: =+'Año 2022'!C156 -> 22203591 | D3: 22024683 | E3: 18013122 | F3: =+C3-D3 -> 178908 | G3: 7.2
A4: 16052001 | B4: Servicios Funerarios | C4: =+'Año 2022'!C149 -> 10966668 | D4: 8998827 | E4: 6456184 | F4: =+C4-D4 -> 1967841 | G4: 7.3
A5: 16053501 | B5: Otros Servicios | C5: =+'Año 2022'!C153 -> 3207215 | D5: 3503124 | E5: 3800498 | F5: =+C5-D5 -> -295909
B6: Subtotal CONVENIOS | C6: =+SUM(C2:C5) -> 111579896 | D6: =+SUM(D2:D5) -> 63523626 | E6: =+SUM(E2:E5) -> 56322888 | F6: =+C6-D6 -> 48056270
B7: Subtotal PATRONALES | C7: 28603226 | D7: 23153554 | E7: 0 | F7: =+C7-D7 -> 5449672 | G7: 7.4
A8: 16909501 | B8: Asociados | C8: =+'Año 2022'!C171 -> 25242856 | D8: 39765752 | E8: 100175816 | F8: =+C8-D8 -> -14522896 | G8: 7.5
A9: 16902501 | B9: Terceros y proveedores | C9: =+'Año 2022'!C170 -> 40619565 | D9: 7499490.3 | E9: 5735255.6 | F9: =+C9-D9 -> 33120074
A10: 16909504 | B10: Deudas Garantias comunitaria | C10: =+'Año 2022'!C172 -> 100000 | D10: 3444480 | E10: 0 | F10: =+C10-D10 -> -3344480
A11: 16751001 | B11: Anticipos de impuestos | C11: =+'Año 2022'!C169+'Año 2022'!C163 -> 103566 | D11: 0 | E11: 633000 | F11: =+C11-D11 -> 103566
A12: 16909599 | B12: Intereses de Ajuste al Ciclo | C12: =+'Año 2022'!C173 -> 170058 | D12: 331073 | E12: 562160 | F12: =+C12-D12 -> -161015
B13: Subtotal OTRAS | C13: =+SUM(C8:C12) -> 66236045 | D13: =+SUM(D8:D12) -> 51040795 | E13: =+SUM(E8:E12) -> 1.0710623e+08 | F13: =+C13-D13 -> 15195249
B14: TOTAL CXC | C14: =+C13+C7+C6 -> 2.0641917e+08 | D14: =+D13+D7+D6 -> 1.3771798e+08 | E14: =+E13+E7+E6 -> 1.6342912e+08 | F14: =+C14-D14 -> 68701191
A16: 7.1 | B16: Bono Solidario vendido a los asociados por valor de $300,000 cada uno que se descuenta a 12 meses
A17: 7.2 | B17: Seguro de vida deudores que pagan los asociados mensualmente, liquidado sobre saldos y cubre las obligaciones crediticias en caso de fallecimiento
A18: 7.3 | B18: Convenio de servicios excequiales cobrado a los asociados mensualmente para pagarlo a las entidades con las que se tiene convenio
A19: 7.4 | B19: Valores pendientes de pago de COPERCON por descuentos de obligaciones crediticias, aportes y ahorros de sus trabajadores asociados a la Cooperativa y que ingresan el primer día hábil del mes inmediatamente siguiente. No presentan atrasos.
A20: 7.5 | B20: Casi su totalidad corresponde a $70,000 cobrados a cada asociado por la asesoría en la preparación de su declaración de renta y que se les cobra en dos cuotas por nómina. La Cooperativa asume otros $30,000 como subsidio.

Sheet Oblig financieras
A1: ENTIDAD | B1: No.OBLIGAC | C1: TASA INTERES | D1: VR CREDITO OTORGADO | E1: FECHA DE DESEMBOLSO | F1: FECHA INICIAL DE PAGO | G1: FECHA FINAL DE PAGO | H1: CUOTAS AMORTIZADAS | I1: PLAZO EN MESES | J1: VR.CUOTA CAPITAL | K1: ABONOS A CAPITAL ACUMULADOS | L1: SALDO A CAPITAL | M1: SALDO A CORTO PLAZO | N1: SALDO A LARGO PLAZO
A2: BCO BOGOTA | B2: 255578397 | C2: DTF+4,5 | D2: 500000000 | E2: SEPTIEMBRE 23-2014 | F2: OCTUBRE 23-2014 | G2: SEPTIEMBRE 23-2018 | H2: 39 | I2: 48 | J2: =D2/I2 -> 10416667 | K2: =J2*H2 -> 406250000 | L2: =D2-K2+3-11-1-1-1-1+1+1-3-1+1-1-1-1+1-1+1-6-2+1-2+1-2+1 -> 93749976 | M2: 93749976 | N2: =L2-M2 -> 0
A3: BCO BOGOTA | B3: 257524842 | C3: DTF+4,5 | D3: 400000000 | E3: ABRIL 10-2015 | F3: MAYO 10-2015 | G3: ABRIL 10-2020 | H3: 32 | I3: 60 | J3: =D3/I3 -> 6666666.7 | K3: =J3*H3 -> 2.1333333e+08 | L3: =D3-K3-4+2-1-5+1-1-2-1-1-2-1-1-2-1-1-1 -> 1.8666665e+08 | M3: =J3*12 -> 80000000 | N3: =L3-M3 -> 1.0666665e+08
A4: BCO BOGOTA | B4: 258210411 | C4: DTF+4,5 | D4: 3700000000 | E4: JUNIO 19-2015 | F4: JULIO 19-2015 | G4: JUNIO 19-2020 | H4: 30 | I4: 60 | J4: =D4/I4 -> 61666667 | K4: =J4*H4 -> 1850000000 | L4: =D4-K4-2-2-1-1-1-1-1-1-1-3-1-2-1 -> 1849999982 | M4: =J4*12 -> 740000000 | N4: =L4-M4 -> 1109999982
A5: BCO BOGOTA | B5: 259340920 | C5: DTF+4,5 | D5: 400000000 | E5: OCTUBRE 15-2015 | F5: NOVIEMBRE 15-2015 | G5: OCTUBRE 15-2020 | H5: 26 | I5: 60 | J5: =D5/I5 -> 6666666.7 | K5: =J5*H5 -> 1.7333333e+08 | L5: =D5-K5-1-1-2-1-1-1-1-1-1-1-4-1-2-1 -> 2.2666665e+08 | M5: =J5*12 -> 80000000 | N5: =L5-M5 -> 1.4666665e+08
A6: BCO BOGOTA | B6: 259614466 | C6: DTF+5,00 | D6: 500000000 | E6: NOVIEMBRE 17-2015 | F6: DICIEMBRE 17-2015 | G6: NOVIEMBRE 17-2020 | H6: 25 | I6: 60 | J6: =D6/I6 -> 8333333.3 | K6: =J6*H6 -> 2.0833333e+08 | L6: =D6-K6+1-1+1+1+1+1-3 -> 2.9166667e+08 | M6: =J6*12 -> 100000000 | N6: =L6-M6 -> 1.9166667e+08
A7: BCO BOGOTA | B7: 353109174 | C7: DTF+4,65 | D7: 1200000000 | E7: ENERO 12-2016 | F7: FEBRERO 12-2016 | G7: ENERO 12-2021 | H7: 23 | I7: 60 | J7: =D7/I7 -> 20000000 | K7: =J7*H7 -> 460000000 | L7: =D7-K7-1-3-1 -> 739999995 | M7: =J7*12 -> 240000000 | N7: =L7-M7 -> 499999995
A8: BCO BOGOTA | B8: 353654100 | C8: IBR+4,65 | D8: 200000000 | E8: MARZO 11-2016 | F8: ABRIL 11-2016 | G8: MARZO 11-2021 | H8: 21 | I8: 60 | J8: =D8/I8 -> 3333333.3 | K8: =J8*H8 -> 70000000 | L8: =D8-K8+1+1+1+1-5+1 -> 130000000 | M8: =J8*12 -> 40000000 | N8: =L8-M8 -> 90000000
A9: BCO BOGOTA | B9: 53751000086-2 | C9: IBR+4,65 | D9: 100000000 | E9: JUNIO 30-2017 | F9: JULIO 10-2017 | G9: DICIEMBRE 30-2017 | H9: 5 | I9: 6 | J9: =D9/I9 -> 16666667 | K9: =J9*H9 -> 83333333 | L9: =100000000-14404990-14265835-11888197-9906830-8255691 -> 41278457 | M9: 41278457
A10: BCO BOGOTA | B10: 35503741-6 | C10: IBR+4,2 | D10: 600000000 | E10: AGOSTO 14-2017 | F10: FEBRERO 14-2018 | G10: FEBRERO 18-2018 | H10: 0 | I10: 120 DIAS | J10: 600000000 | K10: 0 | L10: 600000000 | M10: 600000000
A11: BCO BOGOTA | B11: 356676544 | C11: IBR+4,2 | D11: 400000000 | E11: AGOSTO 11-2017 | F11: FEBRERO 11-2018 | G11: FEBRERO 11-2018 | H11: 0 | I11: 180 DIAS | J11: 400000000 | K11: 0 | L11: 400000000 | M11: 400000000
A12: BCO BOGOTA | B12: 356895120 | C12: IBR+4,2 | D12: 400000000 | E12: SEPTIEMBRE 9-2017 | F12: MARZO 4-2018 | G12: MARZO 4-2018 | H12: 0 | I12: 180 DIAS | J12: 400000000 | L12: 400000000 | M12: 400000000
A13: BCO BOGOTA | B13: 359228346 | C13: IBR+4,50 | D13: 270000000 | E13: NOVIEMBRE 29-2017 | F13: ENERO 26-2018 | G13: ENERO 26-2018 | H13: 0 | I13: 60 DIAS | J13: 270000000 | L13: 270000000 | M13: 270000000 | N13: 0
A14: BCO BOGOTA | B14: 359421118 | C14: IBR+4,00 | D14: 500000000 | E14: DICIEMBRE 20-2017 | F14: JUNIO 18-2018 | G14: JUNIO 18-2018 | H14: 0 | I14: 180 DIAS | J14: 500000000 | K14: 0 | L14: 500000000 | M14: 500000000 | N14: 0
A15: BCO C SOCIAL | B15: 31006240538 | C15: DTF+3,8 | D15: 1699000000 | E15: OCTUBRE 25-2017 | F15: NOVIEMBRE 25-2017 | G15: OCTUBRE 25-2020 | H15: 36 | I15: 36 | J15: =D15/I15 -> 47194444 | K15: =H15*J15 -> 1699000000 | L15: 0 | M15: 0 | N15: =L15-M15 -> 0
A16: BCO C SOCIAL | B16: 31006246295 | C16: DTF+3,8 | D16: 1838000000 | E16: NOVIEMBRE 28-2017 | F16: DICIEMBRE 28-2017 | G16: NOVIEMBRE 28-2020 | H16: 1 | I16: 36 | J16: =D16/I16 -> 51055556 | K16: =H16*J16 -> 51055556 | L16: =D16-K16-444 -> 1.786944e+09 | M16: =J16*12 -> 6.1266667e+08 | N16: =L16-M16 -> 1.1742773e+09
A17: BCO C SOCIAL | B17: 31006251242 | C17: DTF+3,8 | D17: 1647000000 | E17: DICIEMBRE 22-2017 | F17: ENERO 22-2018 | G17: DICIEMBRE 22-2020 | H17: 0 | I17: 36 | J17: =D17/I17 -> 45750000 | K17: =H17*J17 -> 0 | L17: =D17-K17 -> 1647000000 | M17: =J17*12 -> 549000000 | N17: =L17-M17 -> 1098000000
A18: BCO POPULAR | B18: 22113021220 | C18: IBR+4,50 | D18: 4700000000 | E18: NOVIEMBRE 2-2016 | F18: DICIEMBRE 2-2016 | G18: NOVIEMBRE 2-2019 | H18: 13 | I18: 36 | J18: =D18/I18 -> 1.3055556e+08 | K18: =H18*J18 -> 1.6972222e+09 | L18: =D18-K18-1-1-1-1+1-1+1-1-1-1 -> 3.0027778e+09 | M18: =J18*12 -> 1.5666667e+09 | N18: =L18-M18 -> 1.4361111e+09
A19: BCO POPULAR | B19: 22113021516 | C19: IBR+4,50 | D19: 340000000 | E19: MARZO 24-2017 | F19: ABRIL 24-2017 | G19: MARZO 24-2020 | H19: 9 | I19: 36 | J19: =D19/I19 -> 9444444.4 | K19: =H19*J19 -> 85000000 | L19: =D19-K19+1+1-15+1-1+1 -> 254999988 | M19: =J19*12 -> 1.1333333e+08 | N19: =L19-M19 -> 1.4166665e+08
A20: BCO POPULAR | B20: 22113021534 | C20: IBR+4,50 | D20: 220000000 | E20: ABRIL 19-2017 | F20: MAYO 19-2017 | G20: ABRIL 19-2020 | H20: 8 | I20: 36 | J20: =D20/I20 -> 6111111.1 | K20: =H20*J20 -> 48888889 | L20: =D20-K20+1-1+1 -> 1.7111111e+08 | M20: =J20*12 -> 73333333 | N20: =L20-M20 -> 97777779
A21: BCO POPULAR | B21: 22113021759 | C21: IBR+4,50 | D21: 480000000 | E21: SEPTIEMBRE 4-2017 | F21: OCTUBRE 4-2017 | G21: SEPTIEMBRE 4-2020 | H21: 3 | I21: 36 | J21: =D21/I21 -> 13333333 | K21: =H21*J21 -> 40000000 | L21: =D21-K21+1 -> 440000001 | M21: =J21*12 -> 160000000 | N21: =L21-M21 -> 280000001
A22: BCO POPULAR | B22: 22113021919 | C22: IBR+4,00 | D22: 1000000000 | E22: NOVIEMBRE 3-2017 | F22: DICIEMBRE 3-2017 | G22: NOVIEMBRE 3-2020 | H22: 1 | I22: 36 | J22: =D22/I22 -> 27777778 | K22: =H22*J22 -> 27777778 | L22: =D22-K22 -> 9.7222222e+08 | M22: =J22*12 -> 3.3333333e+08 | N22: =L22-M22 -> 6.3888889e+08
A23: BCO POPULAR | B23: 22113021901 | C23: IBR+4 | D23: 1200000000 | E23: NOVIEMBRE 3-2017 | F23: DICIEMBRE 3-2017 | G23: NOVIEMBRE 3-2020 | H23: 1 | I23: 36 | J23: =D23/I23 -> 33333333 | K23: =H23*J23 -> 33333333 | L23: =D23-K23 -> 1.1666667e+09 | M23: =J23*12 -> 400000000 | N23: =L23-M23 -> 7.6666667e+08
A24: BCO POPULAR | B24: 22113022012 | C24: IBR+4 | D24: 370000000 | E24: DICIEMBRE 1-2017 | F24: ENERO 1-2018 | G24: DICIEMBRE 1-2020 | H24: 0 | I24: 36 | J24: =D24/I24 -> 10277778 | K24: =H24*J24 -> 0 | L24: 370000000 | M24: =J24*12 -> 1.2333333e+08 | N24: =L24-M24 -> 2.4666667e+08
A25: BCO POPULAR | B25: 22113022003 | C25: IBR+4 | D25: 500000000 | E25: DICIEMBRE 1-2017 | F25: ENERO 1-2018 | G25: DICIEMBRE 1-2020 | H25: 0 | I25: 36 | J25: =D25/I25 -> 13888889 | K25: =H25*J25 -> 0 | L25: 500000000 | M25: =J25*12 -> 1.6666667e+08 | N25: =L25-M25 -> 3.3333333e+08
A26: BCO POPULAR | B26: 22113021641 | C26: IBR+3,00 | D26: 500000000 | E26: JUNIO-21-2017 | F26: DICIEMBRE 21-2017 | G26: DICIEMBRE 21-2017 | H26: 0 | I26: 180 DIAS | J26: 500000000 | L26: 0 | M26: 0
A27: BCO SUDAMERIS | B27: 11059506 | C27: DTF+4,65 | D27: 300000000 | E27: JUNIO 18-2015 | F27: JULIO 18-2015 | G27: JUNIO 18-2018 | H27: 30 | I27: 36 | J27: =D27/I27 -> 8333333.3 | K27: =+J27*H27 -> 250000000 | L27: =D27-K27+2-2+1-1+1+1+1+1+1+1+1 -> 50000007 | M27: 50000007 | N27: 0
A28: BCO SUDAMERIS | B28: 11061120 | C28: IBR+5,6 | D28: 300000000 | E28: FEBRERO 12-2016 | F28: MARZO 12-2016 | G28: FEBRERO 12-2019 | H28: 22 | I28: 36 | J28: =D28/I28 -> 8333333.3 | K28: =+J28*H28 -> 1.8333333e+08 | L28: =D28-K28+1+1+1+1+1+1+1 -> 1.1666667e+08 | M28: =J28*12 -> 100000000 | N28: =L28-M28 -> 16666674
A29: BCO SUDAMERIS | B29: 11063246 | C29: IBR+4,50 | D29: 280000000 | E29: FEBRERO 9-2017 | F29: MARZO 9-2017 | G29: FEBRERO 9-2018 | H29: 10 | I29: 12 | J29: =D29/I29 -> 23333333 | K29: =+J29*H29 -> 2.3333333e+08 | L29: =D29-K29+1+1+1 -> 46666670 | M29: 46666670 | N29: 0
A30: BCO SUDAMERIS | B30: 11063387 | C30: IBR+5,6 | D30: 400000000 | E30: MARZO 9-2017 | F30: ABRIL 9-2017 | G30: MARZO 9-2020 | H30: 9 | I30: 36 | J30: =D30/I30 -> 11111111 | K30: =+J30*H30 -> 100000000 | L30: =D30-K30+1 -> 300000001 | M30: =J30*12 -> 1.3333333e+08 | N30: =L30-M30 -> 1.6666667e+08
A31: BCO SUDAMERIS | B31: 11063564 | C31: IBR+4,1 | D31: 400000000 | E31: ABRIL 7-2017 | F31: MAYO 7-2017 | G31: MAYO 7-2018 | H31: 8 | I31: 13 | J31: =D31/I31 -> 30769231 | K31: =+J31*H31 -> 2.4615385e+08 | L31: =D31-K31-1+1+1-1 -> 1.5384615e+08 | M31: =J30*12 -> 1.3333333e+08 | N31: =L31-M31 -> 20512821
A32: BCO SUDAMERIS | B32: 11063577 | C32: IBR+4,1 | D32: 200000000 | E32: ABRIL 10-2017 | F32: MAYO 10-2017 | G32: MAYO 10-2018 | H32: 8 | I32: 13 | J32: =D32/I32 -> 15384615 | K32: =+J32*H32 -> 1.2307692e+08 | L32: =D32-K32+1+1+1 -> 76923080 | M32: 76923080 | N32: =L32-M32 -> -0.076923072
A33: BCO SUDAMERIS | B33: 11063978 | C33: 10.4 | D33: 300000000 | E33: JUNIO 12-2017 | F33: DICIEMBRE 4-2017 | G33: DICIEMBRE 4-2017 | H33: 0 | I33: 175 DIAS | J33: 300000000 | L33: 0 | M33: 0
A34: BCO SUDAMERIS | B34: 11063845 | C34: 10.5 | D34: 300000000 | E34: MAYO 17-2017 | F34: DICIEMBRE 1-2017 | G34: DICIEMBRE 1-2017 | H34: 0 | I34: 198 DIAS | J34: 300000000 | K34: 0 | L34: 0 | M34: 0
A35: BCO SUDAMERIS | B35: 11064099 | C35: 10.25 | D35: 2000000000 | E35: JULIO 5-2017 | F35: ENERO 5-2018 | G35: ENERO 5-2018 | H35: 0 | I35: 184 DIAS | J35: 2000000000 | K35: 0 | L35: 0 | M35: 0
A36: BCO SUDAMERIS | B36: 11064133 | C36: 10.25 | D36: 1500000000 | E36: JULIO 12-2017 | F36: ENERO 5-2018 | G36: ENERO 5-2018 | H36: 0 | I36: 177 DIAS | J36: 1500000000 | K36: 0 | L36: 0 | M36: 0
A37: BCO SUDAMERIS | B37: 11064190 | C37: 10.25 | D37: 1000000000 | E37: JULIO 19-2017 | F37: ENERO 5-2018 | G37: ENERO 5-2018 | H37: 0 | I37: 170 DIAS | J37: 1000000000 | K37: 0 | L37: 0 | M37: 0
A38: BCO SUDAMERIS | B38: 11064479 | C38: 9.8 | D38: 300000000 | E38: SEPTIEMBRE 18-2017 | F38: DICIEMBRE 4-2017 | G38: DICIEMBRE 4-2017 | H38: 0 | I38: 77 DIAS | J38: 300000000 | L38: 0 | M38: 0
A39: BCO SUDAMERIS | B39: 11064610 | C39: 9.8 | D39: 600000000 | E39: OCTUBRE 10-2017 | F39: DICIEMBRE 4-2017 | G39: DICIEMBRE 4-2017 | H39: 0 | I39: 55 DIAS | J39: 600000000 | K39: 0 | L39: 0 | M39: 0
A40: BCO SUDAMERIS | B40: 11064619 | C40: 9.8 | D40: 210000000 | E40: OCTUBRE 12-2017 | F40: DICIEMBRE 4-2017 | G40: DICIEMBRE 4-2017 | H40: 0 | I40: 53 DIAS | J40: 210000000 | K40: 0 | L40: 0 | M40: 0
A41: BCO SUDAMERIS | B41: 11064636 | C41: 9.8 | D41: 500000000 | E41: OCTUBRE 19-2017 | F41: DICIEMBRE 4-2017 | G41: DICIEMBRE 4-2017 | H41: 0 | I41: 46 DIAS | J41: 500000000 | K41: 0 | L41: 0 | M41: 0
A42: BCO SUDAMERIS | B42: 11064856 | C42: 9.8 | D42: 1500000000 | E42: DICIEMBRE 4-2017 | F42: JUNIO 1-2018 | G42: JUNIO 1-2018 | H42: 0 | I42: 179 DIAS | J42: 1500000000 | L42: 1500000000 | M42: 1500000000
A43: BCO SUDAMERIS | B43: 11064878 | C43: 9.8 | D43: 2000000000 | E43: DICIEMBRE 11-2017 | F43: JUNIO 1-2018 | G43: JUNIO 1-2018 | H43: 0 | I43: 172 DIAS | J43: 2000000000 | L43: 2000000000 | M43: 2000000000
A44: BCO SUDAMERIS | B44: 11064902 | C44: 9.8 | D44: 1200000000 | E44: DICIEMBRE 15-2017 | F44: JUNIO 1-2018 | G44: JUNIO 1-2018 | H44: 0 | I44: 168 DIAS | J44: 1200000000 | L44: 1200000000 | M44: 1200000000
A45: SINTRACARBON | B45: 2 | C45: DTF | D45: 5.4193752e+08 | F45: ABRIL 30 2009 | G45: ROTATIVO | H45: 0 | J45: 0 | K45: 0 | L45: =2439243330-4500000 -> 2434743330 | M45: =L45/2 -> 1217371665 | N45: =L45-M45 -> 1217371665
A46: BCO OCCIDENTE | B46: 80000291620 | C46: IBR+5,00 | D46: 500000000 | E46: MARZO 2-2016 | F46: ABRIL 8-2016 | G46: FEBRERO 22-2019 | H46: 21 | I46: 36 | J46: =D46/I46 -> 13888889 | K46: =+J46*H46 -> 2.9166667e+08 | L46: =D46-K46-1-1-1 -> 2.0833333e+08 | M46: =J46*12 -> 1.6666667e+08 | N46: =L46-M46 -> 41666664
A47: BCO OCCIDENTE | B47: 80000300336 | C47: IBR+5,00 | D47: 300000000 | E47: OCTUBRE 28-2016 | F47: NOVIEMBRE 28-2016 | G47: OCTUBRE 28-2019 | H47: 14 | I47: 36 | J47: =D47/I47 -> 8333333.3 | K47: =+J47*H47 -> 1.1666667e+08 | L47: =D47-K47+1+1+1+1+1 -> 1.8333334e+08 | M47: =J47*12 -> 100000000 | N47: =L47-M47 -> 83333338
A48: BANCOOMEVA | B48: 2037092900 | C48: DTF+5,0 | D48: 500000000 | E48: AGOSTO 29-2013 | F48: OCT 5-2013 | G48: SEPT 5-2018 | H48: 51 | I48: 60 | J48: =+D48/I48 -> 8333333.3 | K48: =J48*H48+4207-1-76-76-76-116+2082-116-157-157-157-157+6121-157-157-157-157-3-157-157-157-157+2049-159-157-157-158-157-157-157+5172-158-157-157-158-157-157-158-158-157-158-156-157-157 -> 425014136 | L48: =D48-K48-8666-2262-2354+1+1-1-1+157+1+158+157+1-2+2696+1 -> 74975751 | M48: 74975751 | N48: =L48-M48 -> 0
A49: BANCOOMEVA | B49: 2274453100 | C49: DTF+6,50 | D49: 500000000 | E49: FEBRERO 26-2014 | F49: ABRIL 5 2014 | G49: MARZO 5 2019 | H49: 45 | I49: 60 | J49: =+D49/I49 -> 8333333.3 | K49: =J49*H49-42+2439-42-85-85-85-85+7270-85-184-184-184+10075-3-184-184-184-184+2380-184-2-184-184-185-184+2688-184-184+5867-185-184-184-185-184-185-184-184-184-185-1 -> 375025783 | L49: =D49-K49-2620+1+184+184+1+184+185+184+1+183+1615 -> 124974319 | M49: =J49*12 -> 100000000 | N49: =L49-M49 -> 24974319
A50: BANCOOMEVA | B50: 2585693100 | C50: DTF+6,0 | D50: 300000000 | E50: OCTUBRE 31-2014 | F50: DIC 5-2014 | G50: NOVIEMBRE 5-2019 | H50: 37 | I50: 60 | J50: =+D50/I50 -> 5000000 | K50: =J50*H50+5866+1466+3486 -> 185010818 | L50: =D50-K50-1500-1651 -> 114986031 | M50: =J50*12 -> 60000000 | N50: =L50-M50 -> 54986031
A51: BANCOOMEVA | B51: 26531024 | C51: DTF+6,0 | D51: 400000000 | E51: DICIEMBRE 22-2014 | F51: ENERO 05-2015 | G51: ENERO 05-2020 | H51: 35 | I51: 60 | J51: =+D51/I51 -> 6666666.7 | K51: =J51*H51+7822+1+1+1955+1+2202+1+4648 -> 2.3334996e+08 | L51: =D51-K51-1-2000-1-1-1-1-1-1+716 -> 1.6664874e+08 | M51: =J51*12 -> 80000000 | N51: =L51-M51 -> 86648745
A52: BANCOOMEVA | B52: 2747924700 | C52: DTF+6,0 | D52: 400000000 | E52: MARZO 5-2015 | F52: ABRIL 5-2015 | G52: MARZO 5-2020 | H52: 32 | I52: 60 | J52: =+D52/I52 -> 6666666.7 | K52: =J52*H52+1+1955+2+2203+4648 -> 2.1334214e+08 | L52: =D52-K52+1-1-2000-1-1-1-1-1-1-1+372 -> 1.8665622e+08 | M52: =J52*12 -> 80000000 | N52: =L52-M52 -> 1.0665622e+08
A53: BANCOOMEVA | B53: 2842116500 | C53: DTF+6,0 | D53: 200000000 | E53: JUNIO 30-2015 | F53: AGOSTO 5-2015 | G53: JULIO 5-2020 | H53: 29 | I53: 60 | J53: =+D53/I53 -> 3333333.3 | K53: =J53*H53+978-1+1101 -> 96668745 | L53: =D53-K53+1-999+1+1-2324+1+1+1+1+1+169 -> 1.0332811e+08 | M53: =J53*12 -> 40000000 | N53: =L53-M53 -> 63328109
A54: BANCOOMEVA | B54: 2856687300 | C54: DTF+5,50 | D54: 500000000 | E54: ENERO 22-2016 | F54: MARZO 5-2016 | G54: FEBRERO 5-2021 | H54: 22 | I54: 60 | J54: =+D54/I54 -> 8333333.3 | K54: =J54*H54+2510+5569 -> 1.8334141e+08 | L54: =D54-K54+1-1+1+1+1+1+1+1+207 -> 3.166588e+08 | M54: =J54*12 -> 100000000 | N54: =L54-M54 -> 2.166588e+08
A55: BANCOOMEVA | B55: 2859423000 | C55: DTF+5,50 | D55: 560000000 | E55: MARZO 2-2016 | F55: ABRIL 5-2016 | G55: MARZO 5-2021 | H55: 21 | I55: 60 | J55: =+D55/I55 -> 9333333.3 | K55: =J55*H55+6507-162 -> 196006345 | L55: =D55-K55+1+1+1+1+1+1+1 -> 363993662 | M55: =J55*12 -> 112000000 | N55: =L55-M55 -> 251993662
A56: COOPCENTRAL | B56: 310880003530 | C56: DTF+4,50 | D56: 300000000 | E56: MARZO 10-2017 | F56: ABRIL 10-2017 | G56: MARZO 10-2020 | H56: 9 | I56: 36 | J56: =D56/I56 -> 8333333.3 | K56: =H56*J56 -> 75000000 | L56: =D56-K56-117+4+3+3+4+3+3+4-1+4 -> 224999910 | M56: =J56*12 -> 100000000 | N56: =L56-M56 -> 124999910
A57: COOPCENTRAL | B57: 310880003570 | C57: DTF+4,50 | D57: 400000000 | E57: MARZO 21-2017 | F57: ABRIL 21-2017 | G57: MARZO 21-2020 | H57: 9 | I57: 36 | J57: =D57/I57 -> 11111111 | K57: =H57*J57 -> 100000000 | L57: =D57-K57-39+1+1+1+2+1+1+1+1 -> 299999970 | M57: =J57*12 -> 1.3333333e+08 | N57: =L57-M57 -> 1.6666664e+08
A58: COOPCENTRAL | B58: 310880003660 | C58: DTF+4,50 | D58: 240000000 | E58: ABRIL 20-2017 | F58: MAYO 20-2017 | G58: ABRIL 20-2020 | H58: 8 | I58: 36 | J58: =D58/I58 -> 6666666.7 | K58: =H58*J58 -> 53333333 | L58: =D58-K58-233+6+7+7+6+7+7+6 -> 1.8666648e+08 | M58: =J58*12 -> 80000000 | N58: =L58-M58 -> 1.0666648e+08
A59: COOPCENTRAL | B59: 310880003760 | C59: DTF+4,50 | D59: 150000000 | E59: MAYO 18-2017 | F59: JUNIO 18-2017 | G59: MAYO 18-2020 | H59: 7 | I59: 36 | J59: =D59/I59 -> 4166666.7 | K59: =H59*J59 -> 29166667 | L59: =D59-K59-233+6+7+7+6+7+7 -> 1.2083314e+08 | M59: =J59*12 -> 50000000 | N59: =L59-M59 -> 70833140
A60: COOPCENTRAL | B60: 310880003970 | C60: DTF+4,50 | D60: 300000000 | E60: AGOSTO 23-2017 | F60: SEPTIEMBRE 23-2017 | G60: AGOSTO 23-2020 | H60: 4 | I60: 36 | J60: =D60/I60 -> 8333333.3 | K60: =H60*J60 -> 33333333 | L60: =D60-K60-117+4+3+3 -> 2.6666656e+08 | M60: =J60*12 -> 100000000 | N60: =L60-M60 -> 1.6666656e+08
A61: COOPCENTRAL | B61: 310880004230 | C61: dtf+4,50 | D61: 4962155937 | E61: NOVIEMBRE 16-2017 | F61: DICIEMBRE 16-2017 | G61: NOVIEMBRE 16-2022 | H61: 1 | I61: 60 | J61: =D61/I61 -> 82702599 | K61: =H61*J61 -> 82702599 | L61: =D61-K61-528 -> 4.8794528e+09 | M61: =J61*12 -> 9.9243119e+08 | N61: =L61-M61 -> 3.8870216e+09
A62: BBVA | B62: 9600110832 | C62: DTF+5,0 | D62: 1900000000 | E62: FEBRERO 20-2015 | F62: MARZO 19-2015 | G62: FEBRERO 19-2018 | H62: 34 | I62: 36 | J62: =D62/I62 -> 52777778 | K62: =J62*H62 -> 1.7944444e+09 | L62: =D62-K62-1-1-1+3-1-1-1-1-1+1 -> 1.0555555e+08 | M62: 105555552 | N62: =L62-M62 -> -0.44444442
A63: BBVA | B63: 9600129881 | C63: DTF+5,50 | D63: 500000000 | E63: ENERO 25-2017 | F63: FEBRERO 25-2017 | G63: ENERO 25-2018 | H63: 11 | I63: 12 | J63: =D63/I63 -> 41666667 | K63: =J63*H63 -> 4.5833333e+08 | L63: =D63-K63-1-1-1-1 -> 41666663 | M63: 41666663 | N63: =L63-M63 -> -0.33333331
A64: BBVA | B64: 9600132448 | C64: DTF+4,75 | D64: 500000000 | E64: MAYO 11-2017 | F64: JUNIO 11-2017 | G64: MAYO 11-2020 | H64: 7 | I64: 36 | J64: =D64/I64 -> 13888889 | K64: =J64*H64 -> 97222222 | L64: =D64-K64+1-1+1-1 -> 4.0277778e+08 | M64: =J64*12 -> 1.6666667e+08 | N64: =L64-M64 -> 2.3611111e+08
A65: BBVA | B65: 9600133248 | C65: DTF+4,75 | D65: 30000000 | E65: MAYO 31-2017 | F65: JUNIO 31-2017 | G65: MAYO 31-2018 | H65: 6 | I65: 12 | J65: =D65/I65 -> 2500000 | K65: =J65*H65 -> 15000000 | L65: =D65-K65 -> 15000000 | M65: 15000000 | N65: 0
A66: BBVA | B66: 9600133255 | C66: DTF+4,75 | D66: 20000000 | E66: MAYO 31-2017 | F66: JUNIO 31-2017 | G66: MAYO 31-2018 | H66: 6 | I66: 12 | J66: =D66/I66 -> 1666666.7 | K66: =J66*H66 -> 10000000 | L66: =D66-K66-1-1 -> 9999998 | M66: 9999998 | N66: 0
A67: BBVA | B67: 9600137140 | C67: DTF+4,75 | D67: 300000000 | E67: SEPTIEMBRE 18-2017 | F67: OCTUBRE 18-2017 | G67: SEPTIEMBRE 18-2020 | H67: 3 | I67: 36 | J67: =D67/I67 -> 8333333.3 | K67: =J67*H67 -> 25000000 | L67: =D67-K67+1 -> 275000001 | M67: =J67*12 -> 100000000 | N67: =L67-M67 -> 175000001
A68: BANCOLOMBIA | B68: 44363427 | C68: DTF+4,4 | D68: 500000000 | E68: DICIMBRE 10-2014 | F68: ENERO 10-2015 | G68: DICIEMBRE 10-2019 | H68: 36 | I68: 60 | J68: =D68/I68 -> 8333333.3 | K68: =J68*H68+10 -> 300000010 | L68: =D68-K68+1+1+2+1+1+1+1+1+1+10+1+1 -> 200000012 | M68: =J68*12 -> 100000000 | N68: =L68-M68 -> 100000012
A69: BANCOLOMBIA | B69: 44518434 | C69: DTF+5,0 | D69: 600000000 | E69: ABRIL 8-2015 | F69: MAYO 8-2015 | G69: ABRIL 8-2020 | H69: 32 | I69: 60 | J69: =D69/I69 -> 10000000 | K69: =J69*H69 -> 320000000 | L69: =D69-K69 -> 280000000 | M69: =J69*12 -> 120000000 | N69: =L69-M69 -> 160000000
A70: BANCOLOMBIA | B70: 45028765 | C70: IBR+5,75 | D70: 700000000 | E70: MARZO 23-2016 | F70: ABRIL 23-2016 | G70: MARZO 23-2021 | H70: 21 | I70: 60 | J70: =D70/I70 -> 11666667 | K70: =J70*H70 -> 245000000 | L70: =D70-K70+1+1+1+1+1+1+1+1+1+1+10-9+1+1+1 -> 455000014 | M70: =J70*12 -> 140000000 | N70: =L70-M70 -> 315000014
A71: BANCOLOMBIA | B71: 45312255 | C71: IBR+5,2 | D71: 610000000 | E71: AGOSTO 24-2016 | F71: SEPTIEMBRE 24-2016 | G71: AGOSTO 24-2019 | H71: 16 | I71: 36 | J71: =D71/I71 -> 16944444 | K71: =J71*H71 -> 2.7111111e+08 | L71: =D71-K71+1+1+1+1+1+1+1+1-1 -> 3.388889e+08 | M71: =J71*12 -> 2.0333333e+08 | N71: =L71-M71 -> 1.3555556e+08
J73: TOTAL | K73: =SUM(K2:K72) -> 1.4508498e+10 | L73: =SUM(L2:L72) -> 3.3866992e+10 | M73: =SUM(M2:M72) -> 1.7512619e+10 | N73: =SUM(N2:N72) -> 1.6354373e+10
L75: =L73-33984370475.68 -> -1.1737834e+08 | M75: Intereses

Sheet Nota otros pasivos
A2: CODIGO | B2: INGRESOS RECIBIDOS PARA TERCEROS | C2: AÑO 2022 | D2: AÑO 2021 | E2: AÑO 2015 | F2: NOTA
A3: 27400503 | B3: Fondo descuentro transporte COPERCON | C3: =+'Año 2022'!C337+'Año 2022'!C338 -> 2.4176406e+08 | D3: 2.2091255e+08 | E3: 219718573 | F3: 15.1
A4: 27400510 | B4: Seguro Vida Deudores Cuota Unica | C4: =+'Año 2022'!C340 -> 73147966 | D4: 85434607 | E4: 102517093 | F4: 15.2
A5: 27400512 | B5: Honorarios comisiones | C5: =+'Año 2022'!C341 -> 695960 | D5: 3652262 | E5: 3499068 | F5: 15.3
A6: 27400501 | B6: Vr Recibido para Terceros Seguros, Servicios, Bonos | C6: =+'Año 2022'!C339 -> 44515590 | D6: 36684 | E6: 18112021
A7: 272505 | B7: TOTAL | C7: =+SUM(C3:C6) -> 3.6012358e+08 | D7: 3.100361e+08 | E7: 343846755

Sheet cxp
A1: DESCRIPCION | C1: Año 2022 | D1: Año 2021 | E1: Año 2020 | F1: Año 2014
A2: Cuentas por Pagar | C2: 1.3034838e+09 | D2: 1.4535305e+09 | E2: 1741530297 | F2: 1.8771541e+09
A3: Proveedores | B3: 1 | C3: 710366910 | D3: 619795343 | E3: 863423269 | F3: 873736522
A4: Consignaciones pendientes de identificar | B4: 2 | C4: 209380147 | D4: 111749172 | E4: 81267352 | F4: 1.2678609e+08
A5: Exigibilidades Por Servicios De Recaudo | B5: 3 | C5: 123669786 | D5: 95849538 | E5: 45807947 | F5: 78329785
A6: Otras | C6: 2.60067e+08 | D6: 6.261365e+08 | E6: 751031729 | F6: 7.9830175e+08
A7: DETALLE OTRAS: | B7: N | C7: Año 2022 | D7: Año 2021 | E7: Año 2020 | F7: Año 2014
A8: Valores Causados por Pagar | B8: 4 | C8: 49609590 | D8: 134054981 | E8: 264924284 | F8: 363138995
A9: Abonos Para Aplicar a Obligaciones y Tarjeta Afinidad | B9: 5 | C9: 47291292 | D9: 66062916 | E9: 72905423 | F9: 74017368
A10: Remanentes Por Pagar | B10: 6 | C10: 36915253 | D10: 156424142 | E10: 87690949 | F10: 9059262
A11: Pasivos Varios | B11: 7 | C11: 27882148 | D11: 119436661 | E11: 34235360 | F11: 146579
A12: Retenciones Y Aportes De Nomina | B12: 8 | C12: 27639000 | D12: 19283877 | E12: 17451432 | F12: 14475972
A13: Pagos Mapfre/Seguros la Equidad | B13: 9 | C13: 25012263 | D13: 0 | E13: 0
A14: Retefuente | B14: 10 | C14: 23676096 | D14: 23579241 | E14: 21339499 | F14: 19184917
A15: Transitoria y préstamos Tarjeta Afinidad | B15: 11 | C15: 16846554 | D15: 12675553 | E15: 230864909 | F15: 300096469
A16: Vr Por Pagar Asoc-Proveedores-Terceros | B16: 12 | C16: 3484402 | D16: 2000000 | E16: 5510068 | F16: 18182189
A17: Auxilio Educativo Trabajadores Fallecidos y pensionados | B17: 13 | C17: 1710405 | D17: 92619124 | E17: 16109805 | F17: 0
A18: Subtotal OTRAS | C18: 2.60067e+08 | D18: 6.261365e+08 | E18: 751031729 | F18: 7.9830175e+08
A20: CONCEPTO | C20: DETALLE
A21: Proveedores | B21: 1 | C21: Corresponden principalmente a ordenes Universitarias
A22: Consignaciones pendientes de identificar | B22: 2 | C22: Valores ingresados a Bancos sin abonar al beneficiario
A23: Exigibilidades Por Servicios De Recaudo | B23: 3 | C23: Recaudos de servicios de terceros por seguros
A24: Vr Causados por Pagar | B24: 4 | C24: Facturas causadas pendientes de pago a 30 días
A25: Abonos Para Aplicar A Obligaciones y tarjeta afinidad | B25: 5 | C25: Mayor valor descontado pendiente de devolución
A26: Remanentes Por Pagar | B26: 6 | C26: Saldos de aportes y ahorros a favor de ex asociados
A27: Pasivos Varios | B27: 7 | C27: Cheques pendientes por cobrar asociados y otros
A28: Retenciones Y Aportes De Nomina | B28: 8 | C28: Aportes a la Seguridad Social
A29: Pagos Mapfre/Seguros la Equidad | B29: 9 | C29: Seguros de vida a favor de herederos de asociados fallecidos
A30: Retefuente | B30: 10 | C30: Renta, ICA e IVA
A31: Transitoria y préstamos Tarjeta Afinidad | B31: 11 | C31: Saldos pendientes de retiro de los asociados en cajero
A32: Vr Por Pagar Asoc-Proveedores-Terceros | B32: 12 | C32: Póliza por asociado fallecido para entregar Familiar
A33: Auxilio Educativo Trabajadores Fallecidos y pensionados | B33: 13 | C33: Recursos SINTRACARBON para sus pensionados

Sheet Nota Beneficios Empleados
A1: CODIGO | B1: BENEFICIOS A EMPLEADOS | C1: Año 2022 | D1: Año 2021 | E1: VAR $ | F1: Var %
A2: 51050601 | B2: Sueldos | C2: =VLOOKUP(A2,'Año 2022'!$A$2:$C$694,3,FALSE) -> 641613991 | D2: 544172021 | E2: =+C2-D2 -> 97441970 | F2: =+E2/D2 -> 0.17906465
A3: 51052101 | B3: Viajes Empleados | C3: =VLOOKUP(A3,'Año 2022'!$A$2:$C$694,3,FALSE) -> 1.1971332e+08 | D3: 87229676 | E3: =+C3-D3 -> 32483642 | F3: =+E3/D3 -> 0.3723921
A4: 51057001 | B4: Fondos Administradores de Pensiones | C4: =VLOOKUP(A4,'Año 2022'!$A$2:$C$694,3,FALSE) -> 85785713 | D4: 69751464 | E4: =+C4-D4 -> 16034249 | F4: =+E4/D4 -> 0.22987688
A5: 51056901 | B5: Entidades Promotoras de Salud | C5: =VLOOKUP(A5,'Año 2022'!$A$2:$C$694,3,FALSE) -> 61738156 | D5: 54545617 | E5: =+C5-D5 -> 7192539 | F5: =+E5/D5 -> 0.13186282
A6: 51053601 | B6: Prima Legal | C6: =VLOOKUP(A6,'Año 2022'!$A$2:$C$694,3,FALSE) -> 58024200 | D6: 49670459 | E6: =+C6-D6 -> 8353741 | F6: =+E6/D6 -> 0.16818329
A7: 51053001 | B7: Cesantías | C7: =VLOOKUP(A7,'Año 2022'!$A$2:$C$694,3,FALSE) -> 58140264 | D7: 49670450 | E7: =+C7-D7 -> 8469814 | F7: =+E7/D7 -> 0.17052018
A8: 51054201 | B8: Prima Navidad | C8: =VLOOKUP(A8,'Año 2022'!$A$2:$C$694,3,FALSE) -> 37749926 | D8: 32325076 | E8: =+C8-D8 -> 5424850 | F8: =+E8/D8 -> 0.16782172
A9: 51053901 | B9: Vacaciones | C9: =VLOOKUP(A9,'Año 2022'!$A$2:$C$694,3,FALSE) -> 35091556 | D9: 29114964 | E9: =+C9-D9 -> 5976592.3 | F9: =+E9/D9 -> 0.20527562
A10: 51054202 | B10: Prima de Vacaciones | C10: =VLOOKUP(A10,'Año 2022'!$A$2:$C$694,3,FALSE) -> 37884995 | D10: 28597101 | E10: =+C10-D10 -> 9287894 | F10: =+E10/D10 -> 0.32478446
A11: 51059508 | B11: Personal Temporal Apoyo | C11: =VLOOKUP(A11,'Año 2022'!$A$2:$C$694,3,FALSE) -> 43024146 | D11: 23249935 | E11: =+C11-D11 -> 19774211 | F11: 0
A12: 51059502 | B12: Atención Empleado | C12: =VLOOKUP(A12,'Año 2022'!$A$2:$C$694,3,FALSE) -> 25035802 | D12: 23130854 | E12: =+C12-D12 -> 1904948 | F12: =+E12/D12 -> 0.082355282
A13: 51054502 | B13: Educativos | C13: =VLOOKUP(A13,'Año 2022'!$A$2:$C$694,3,FALSE) -> 24666490 | D13: 23061533 | E13: =+C13-D13 -> 1604957 | F13: =+E13/D13 -> 0.06959455
A14: 51057201 | B14: Caja de Compensación | C14: =VLOOKUP(A14,'Año 2022'!$A$2:$C$694,3,FALSE) -> 27088556 | D14: 22809900 | E14: =+C14-D14 -> 4278656 | F14: =+E14/D14 -> 0.1875789
A15: 51059505 | B15: Logistica Capacitacion Empleado | C15: =VLOOKUP(A15,'Año 2022'!$A$2:$C$694,3,FALSE) -> 24778581 | D15: 17417757 | E15: =+C15-D15 -> 7360824 | F15: =+E15/D15 -> 0.42260459
A16: 51057501 | B16: Instituto Colombiano de Bienestar Familiar | C16: =VLOOKUP(A16,'Año 2022'!$A$2:$C$694,3,FALSE) -> 20318620 | D16: 17103170 | E16: =+C16-D16 -> 3215450 | F16: =+E16/D16 -> 0.18800316
A17: 51059510 | B17: Deterioro Prestamo a Empleados sin Intereses | C17: =VLOOKUP(A17,'Año 2022'!$A$2:$C$694,3,FALSE) -> 10112368 | D17: 15347844 | E17: =+C17-D17 -> -5235475.9 | F17: 0
A18: 51055101 | B18: Dotacion y Suministro Trabajadores | C18: =VLOOKUP(A18,'Año 2022'!$A$2:$C$694,3,FALSE) -> 11447263 | D18: 22780403 | E18: =+C18-D18 -> -11333140 | F18: =+E18/D18 -> -0.49749515
A19: 51052701 | B19: Auxilio de Transporte | C19: =VLOOKUP(A19,'Año 2022'!$A$2:$C$694,3,FALSE) -> 15184133 | D19: 12786830 | E19: =+C19-D19 -> 2397303 | F19: =+E19/D19 -> 0.1874822
A20: 51055401 | B20: Poliza Empleados | C20: =VLOOKUP(A20,'Año 2022'!$A$2:$C$694,3,FALSE) -> 7222514 | D20: 11595104 | E20: =+C20-D20 -> -4372590 | F20: =+E20/D20 -> -0.37710658
A21: 51057801 | B21: Servicio Nacional de Aprendizaje | C21: =VLOOKUP(A21,'Año 2022'!$A$2:$C$694,3,FALSE) -> 13549788 | D21: 11458680 | E21: =+C21-D21 -> 2091108 | F21: =+E21/D21 -> 0.18249118
A22: 51052102 | B22: Viaticos Gerente General | C22: =VLOOKUP(A22,'Año 2022'!$A$2:$C$694,3,FALSE) -> 18811657 | D22: 11223546 | E22: =+C22-D22 -> 7588111 | F22: =+E22/D22 -> 0.67608856
A23: 51059506 | B23: Comité Copaso | C23: =VLOOKUP(A23,'Año 2022'!$A$2:$C$694,3,FALSE) -> 4924000 | D23: 10251000 | E23: =+C23-D23 -> -5327000 | F23: =+E23/D23 -> -0.51965662
A24: 51054504 | B24: Cuota Sena | C24: =VLOOKUP(A24,'Año 2022'!$A$2:$C$694,3,FALSE) -> 7549313 | D24: 6756649 | E24: =+C24-D24 -> 792664 | F24: =+E24/D24 -> 0.11731614
A25: 51053301 | B25: Intereses sobre Cesantías | C25: =VLOOKUP(A25,'Año 2022'!$A$2:$C$694,3,FALSE) -> 6791184 | D25: 5819315 | E25: =+C25-D25 -> 971869 | F25: =+E25/D25 -> 0.16700746
A26: 51059507 | B26: Bono Semana Santa | C26: =VLOOKUP(A26,'Año 2022'!$A$2:$C$694,3,FALSE) -> 6105000 | D26: 4998556 | E26: =+C26-D26 -> 1106444 | F26: 0
A27: 51054801 | B27: Bonificaciones | C27: =VLOOKUP(A27,'Año 2022'!$A$2:$C$694,3,FALSE) -> 14971589 | D27: 4197898 | E27: =+C27-D27 -> 10773691 | F27: =+E27/D27 -> 2.566449
A28: 51054501 | B28: Cumpleaños | C28: =VLOOKUP(A28,'Año 2022'!$A$2:$C$694,3,FALSE) -> 4721385 | D28: 3913933 | E28: =+C28-D28 -> 807452 | F28: =+E28/D28 -> 0.20630195
A29: 51059509 | B29: Comisiones Comerciales | C29: =VLOOKUP(A29,'Año 2022'!$A$2:$C$694,3,FALSE) -> 9794200 | D29: 3775000 | E29: =+C29-D29 -> 6019200 | F29: 0
A30: 51057101 | B30: Administradoras de Riesgos Profesionales | C30: =VLOOKUP(A30,'Año 2022'!$A$2:$C$694,3,FALSE) -> 3563897 | D30: 2861173 | E30: =+C30-D30 -> 702724 | F30: =+E30/D30 -> 0.24560696
A31: 51054503 | B31: Anteojos | C31: =VLOOKUP(A31,'Año 2022'!$A$2:$C$694,3,FALSE) -> 2471349 | D31: 2068356 | E31: =+C31-D31 -> 402993 | F31: =+E31/D31 -> 0.19483735
A32: 51052401 | B32: Incapacidades | C32: =VLOOKUP(A32,'Año 2022'!$A$2:$C$694,3,FALSE) -> 4044139 | D32: 1585758 | E32: =+C32-D32 -> 2458381 | F32: 0
A33: 51059501 | B33: Auxilio de transporte Practicantes | C33: =VLOOKUP(A33,'Año 2022'!$A$2:$C$694,3,FALSE) -> 1167346 | D33: 1175000 | E33: =+C33-D33 -> -7654 | F33: =+E33/D33 -> -0.0065140426
A34: 51059504 | B34: Examen Ingreso Empleado | C34: =VLOOKUP(A34,'Año 2022'!$A$2:$C$694,3,FALSE) -> 705000 | D34: 243293 | E34: =+C34-D34 -> 461707 | F34: =+E34/D34 -> 1.8977406
A35: 51056001 | B35: Indemnizaciones | C35: 8954118 | D35: 0 | E35: =+C35-D35 -> 8954118
A36: 51059503 | B36: Bono de Productividad y otros | C36: =VLOOKUP(A36,'Año 2022'!$A$2:$C$694,3,FALSE) -> 6600000 | D36: 0 | E36: =+C36-D36 -> 6600000
B37: TOTAL | C37: =+SUM(C2:C36) -> 1.4593446e+09 | D37: =+SUM(D2:D36) -> 1.2046883e+09 | E37: =+C37-D37 -> 2.5465624e+08 | F37: =+E37/D37 -> 0.21138766

Sheet Nota Gastos Generales
A1: DESCRIPCION | B1: Año 2022 | C1: Año 2021 | D1: Variación
A2: Honorarios en Asesores Externos | B2: 66448199 | C2: 64278190 | D2: 2170009
A3: Revisoria Fiscal | B3: 36000000 | C3: 36528727 | D3: -528727
A4: Total HONORARIOS | B4: 102448199 | C4: 100806917 | D4: 1641282
A5: IVA Servicios 19% | B5: 1.3374142e+08 | C5: 0 | D5: 1.3374142e+08
A6: IVA Bienes 19% | B6: 52132154 | C6: 0 | D6: 52132154
A7: Industria y Comercio | B7: 31022201 | C7: 27788081 | D7: 3234120
A8: Iva Servicios 16% | B8: 9515691.6 | C8: 1.0750715e+08 | D8: -97991460
A9: Impto Al Consumo (8%) | B9: 9513812 | C9: 9170944.1 | D9: 342867.92
A10: IVA Honorarios 19% | B10: 6840000 | C10: 0 | D10: 6840000
A11: Predial | B11: 6320024 | C11: 6160988 | D11: 159036
A12: Avisos y Tableros | B12: 5972494 | C12: 4648598 | D12: 1323896
A13: Al Patrimonio | B13: 3422000 | C13: 9552019 | D13: -6130019
... A71: Total CONTRIBUCIONES Y AFILIACIONES | B71: 68982316 | C71: 109048820 | D71: -40066504
A72: Viaticos y Transportes Delegados | B72: 102726926 | C72: 97453824 | D72: =+B72-C72 -> 5273102
A73: Logistica Asamblea | B73: 33043946 | C73: 16970640 | D73: 16073306
A74: Atencion Delegados | B74: 23035701 | C74: 19880770 | D74: 3154931
A75: Logista Cursos Delegados | B75: 11294395 | C75: 20254217 | D75: -8959822
A76: Capacitación Delegados | B76: 9800000 | C76: 5565000 | D76: 4235000
A77: Comunicaciones Delegados | B77: 1874400 | C77: 3380000 | D77: -1505600
A78: Total GASTOS DE ASAMBLEA | B78: 181775368 | C78: 163504451 | D78: 18270917
A79: Viaticos Consejo Admon | B79: 147666450 | C79: 126378622 | D79: 21287828
A80: Viaticos Junta de Vigilancia | B80: 68970661 | C80: 56832005 | D80: 12138656
A81: Capacitacion Consejo De Admo | B81: 18757648 | C81: 11414118 | D81: 7343530
A82: Logista Consejo | B82: 11664039 | C82: 10020233 | D82: 1643806
A83: Celular Consejo | B83: 11467693 | C83: 15699940 | D83: -4232247
A84: Gastos Representacion Social | B84: 10473612 | C84: =8957900+300000 -> 9257900 | D84: =+B84-C84 -> 1215712
A85: Capacitacion Junta De Vigilancia | B85: 7736146 | C85: 6296922 | D85: 1439224
A86: Celular Junta De Vigilancia | B86: 6473911 | C86: 9739718 | D86: -3265807
A87: Logista Junta De Vigilancia | B87: 4665491.7 | C87: 6750286 | D87: -2084794.3
A88: Total GASTOS DE DIRECTIVOS | B88: 2.8787565e+08 | C88: 252389744 | D88: 35485908
A89: Viaticos Comite de Educacion | B89: 83318535 | C89: 91802260 | D89: -8483725
A90: Viaticos Comite de Credito | B90: 32416430 | C90: 47030246 | D90: -14613816
A91: Viaticos Comite Evaluacion Adtva | B91: 19382169 | C91: 15689568 | D91: 3692601
A92: Viat Comite Evaluacion de Cartera | B92: 16860601 | C92: 22576463 | D92: -5715862
A93: Viaticos y transportes C Riesgo de Liquidez | B93: 15227478 | C93: 0 | D93: 15227478
A94: Celular Comite de Educacion | B94: 11432553 | C94: 11720958 | D94: -288405
A95: Logistica Comite de Educacion | B95: 6870020 | C95: 5469543 | D95: 1400477
A96: Capacitacion Comite Riesgo de Liquidez | B96: 6633151 | C96: 0 | D96: 6633151
... A118: Reunion Integrac | B118: 76514596 | C118: 84803978 | D118: -8289382.2
A119: Activos Menor Cuantia | B119: 19324365 | C119: =13419398+91231 -> 13510629 | D119: 5904967
A120: Ajustes Saldos de Cartera ASociados | B120: 8427304 | C120: 4435476 | D120: 3991828
A121: Gastos de Viaje Asesores Externos | B121: 7218852 | C121: 5025459 | D121: 2193393
A122: Celebracion / Decoración / Navidad | B122: 14691619 | C122: 1573870 | D122: =+B122-C122 -> 13117749
A123: Total GASTOS VARIOS | B123: 126176736 | C123: 1.0934941e+08 | D123: 16827324
A124: Total general | B124: 2.3276299e+09 | C124: 2.1313583e+09 | D124: 1.962716e+08
B126: =+ERI!E37 -> 2.3276299e+09 | C126: =+ERI!G37 -> 2.1313583e+09

Sheet HT. G. Generales
A1: CODIGO | B1: CUENTA | C1: AUX | D1: DESCRIPCION | E1: Año 2022 | F1: Año 2021 | G1: Variación
A2: 51100101 | B2: 511001 | C2: HONORARIOS | D2: Honorarios en Asesores Externos | E2: 66448199 | F2: 64278190 | G2: =+E2-F2 -> 2170009
A3: 51100102 | B3: 511001 | C3: HONORARIOS | D3: Revisoria Fiscal | E3: 36000000 | F3: 36528727 | G3: =+E3-F3 -> -528727
C4: Total HONORARIOS | E4: =SUBTOTAL(9,E2:E3) -> 102448199 | F4: =SUBTOTAL(9,F2:F3) -> 100806917 | G4: =SUBTOTAL(9,G2:G3) -> 1641282
A5: 51100201 | B5: 511002 | C5: IMPUESTOS | D5: Industria y Comercio | E5: 31022201 | F5: 27788081 | G5: =+E5-F5 -> 3234120
A6: 51100202 | B6: 511002 | C6: IMPUESTOS | D6: Predial | E6: 6320024 | F6: 6160988 | G6: =+E6-F6 -> 159036
A7: 51100203 | B7: 511002 | C7: IMPUESTOS | D7: Al Patrimonio | E7: 3422000 | F7: 9552019 | G7: =+E7-F7 -> -6130019
A8: 51100204 | B8: 511002 | C8: IMPUESTOS | D8: Avisos y Tableros | E8: 5972494 | F8: 4648598 | G8: =+E8-F8 -> 1323896
A9: 51100205 | B9: 511002 | C9: IMPUESTOS | D9: Ajuste IVA - ICA - RTE FTE | E9: 2854.32 | F9: 2425.19 | G9: =+E9-F9 -> 429.13
A10: 51100206 | B10: 511002 | C10: IMPUESTOS | D10: Retencion en la fuente asumida | E10: 1302601.9 | F10: 411148.36 | G10: =+E10-F10 -> 891453.49
A11: 51100207 | B11: 511002 | C11: IMPUESTOS | D11: Iva Bienes 16% | E11: 934741 | F11: 49667509 | G11: =+E11-F11 -> -48732768
A12: 51100208 | B12: 511002 | C12: IMPUESTOS | D12: Iva Regimen Simplificado | E12: 0 | F12: 4392198 | G12: =+E12-F12 -> -4392198
A13: 51100209 | B13: 511002 | C13: IMPUESTOS | D13: Impto Al Consumo (8%) | E13: 9513812 | F13: 9170944.1 | G13: =+E13-F13 -> 342867.92
A14: 51100210 | B14: 511002 | C14: IMPUESTOS | D14: Iva Bienes 5% | E14: 248389 | F14: 371967 | G14: =+E14-F14 -> -123578
A15: 51100211 | B15: 511002 | C15: IMPUESTOS | D15: Iva Servicios 16% | E15: 9515691.6 | F15: 1.0750715e+08 | G15: =+E15-F15 -> -97991460
A16: 51100212 | B16: 511002 | C16: IMPUESTOS | D16: Iva Servicios 5% | E16: 7140 | F16: 7965 | G16: =+E16-F16 -> -825
... A22: 51100221 | B22: 511002 | C22: IMPUESTOS | D22: IVA Honorarios 19% | E22: 6840000 | F22: 0 | G22: =+E22-F22 -> 6840000
C23: Total IMPUESTOS | E23: =SUBTOTAL(9,E5:E22) -> 2.6212819e+08 | F23: =SUBTOTAL(9,F5:F22) -> 2.2727451e+08 | G23: =SUBTOTAL(9,G5:G22) -> 34853681
A24: 51100401 | B24: 511004 | C24: ARRENDAMIENTOS | D24: Arrendamientos | E24: 6523130.2 | F24: 8020894.6 | G24: =+E24-F24 -> -1497764.3
C25: Total ARRENDAMIENTOS | E25: =SUBTOTAL(9,E24:E24) -> 6523130.2 | F25: =SUBTOTAL(9,F24:F24) -> 8020894.6 | G25: =SUBTOTAL(9,G24:G24) -> -1497764.3
A26: 51100801 | B26: 511008 | C26: SEGUROS | D26: Poliza Asociados | E26: 23344680 | F26: 0 | G26: =+E26-F26 -> 23344680
A27: 51100802 | B27: 511008 | C27: SEGUROS | D27: Poliza Directivos | E27: 28611179 | F27: 21432372 | G27: =+E27-F27 -> 7178807
A28: 51100803 | B28: 511008 | C28: SEGUROS | D28: Poliza Activos | E28: 6656342 | F28: 11097786 | G28: =+E28-F28 -> -4441444
C29: Total SEGUROS | E29: =SUBTOTAL(9,E26:E28) -> 58612201 | F29: =SUBTOTAL(9,F26:F28) -> 32530158 | G29: =SUBTOTAL(9,G26:G28) -> 26082043
A30: 51101001 | B30: 511010 | C30: MANTENIMIENTO Y REPARACIONES | D30: Mantenimiento Equipo de Oficina | E30: 7633248 | F30: 7653884 | G30: =+E30-F30 -> -20636
A31: 51101002 | B31: 511010 | C31: MANTENIMIENTO Y REPARACIONES | D31: Aires | E31: 13961926 | F31: 4451655 | G31: =+E31-F31 -> 9510271
A32: 51101003 | B32: 511010 | C32: MANTENIMIENTO Y REPARACIONES | D32: Computadores | E32: 18204712 | F32: 14033977 | G32: =+E32-F32 -> 4170735
A33: 51101004 | B33: 511010 | C33: MANTENIMIENTO Y REPARACIONES | D33: Rep Locativas | E33: 17054165 | F33: 11627072 | G33: =+E33-F33 -> 5427093
A34: 51101005 | B34: 511010 | C34: MANTENIMIENTO Y REPARACIONES | D34: Software | E34: 1.8554611e+08 | F34: 1.3112291e+08 | G34: =+E34-F34 -> 54423199
A35: 51101006 | B35: 511010 | C35: MANTENIMIENTO Y REPARACIONES | D35: Fotocopiadora | E35: 2748500 | F35: 6897901 | G35: =+E35-F35 -> -4149401
C36: Total MANTENIMIENTO Y REPARACIONES | E36: =SUBTOTAL(9,E30:E35) -> 2.4514866e+08 | F36: =SUBTOTAL(9,F30:F35) -> 1.757874e+08 | G36: =SUBTOTAL(9,G30:G35) -> 69361261
A37: 51101401 | B37: 511014 | C37: CUOTAS DE ADMINISTRACION | D37: Administracion Sedes | E37: 20216964 | F37: 17690326 | G37: =+E37-F37 -> 2526638
C38: Total CUOTAS DE ADMINISTRACION | E38: =SUBTOTAL(9,E37:E37) -> 20216964 | F38: =SUBTOTAL(9,F37:F37) -> 17690326 | G38: =SUBTOTAL(9,G37:G37) -> 2526638
A39: 51101801 | B39: 511018 | C39: ASEO Y ELEMENTOS | D39: Aseo y Elementos | E39: 13447450 | F39: 11991570 | G39: =+E39-F39 -> 1455880
A40: 51101802 | B40: 511018 | C40: ASEO Y ELEMENTOS | D40: Botiquin | E40: 209971 | F40: 39240 | G40: =+E40-F40 -> 170731
C41: Total ASEO Y ELEMENTOS | E41: =SUBTOTAL(9,E39:E40) -> 13657421 | F41: =SUBTOTAL(9,F39:F40) -> 12030810 | G41: =SUBTOTAL(9,G39:G40) -> 1626611
A42: 51102001 | B42: 511020 | C42: CAFETERIA | D42: Cafetería | E42: 11289639 | F42: 12220382 | G42: =+E42-F42 -> -930743
A43: 51102002 | B43: 511020 | C43: CAFETERIA | D43: Refrigerios | E43: 8090575 | F43: 684624 | G43: =+E43-F43 -> 7405951
A44: 51102003 | B44: 511020 | C44: CAFETERIA | D44: Almuerzos | E44: 93108803 | F44: 78018588 | G44: =+E44-F44 -> 15090215
C45: Total CAFETERIA | E45: =SUBTOTAL(9,E42:E44) -> 112489017 | F45: =SUBTOTAL(9,F42:F44) -> 90923594 | G45: =SUBTOTAL(9,G42:G44) -> 21565423
A46: 51102201 | B46: 511022 | C46: SERVICIOS PUBLICOS | D46: Teléfono | E46: 9752492 | F46: 11013526 | G46: =+E46-F46 -> -1261034
A47: 51102202 | B47: 511022 | C47: SERVICIOS PUBLICOS | D47: Celular | E47: 25998632 | F47: 29182750 | G47: =+E47-F47 -> -3184118
A48: 51102203 | B48: 511022 | C48: SERVICIOS PUBLICOS | D48: Agua | E48: 4821100 | F48: 4358838 | G48: =+E48-F48 -> 462262
A49: 51102204 | B49: 511022 | C49: SERVICIOS PUBLICOS | D49: Energia | E49: 67059490 | F49: 62809597 | G49: =+E49-F49 -> 4249893
A50: 51102205 | B50: 511022 | C50: SERVICIOS PUBLICOS | D50: Tv Por Suscripcion | E50: 5471180 | F50: 5617388 | G50: =+E50-F50 -> -146208
A51: 51102206 | B51: 511022 | C51: SERVICIOS PUBLICOS | D51: Internet | E51: 73545154 | F51: 65397405 | G51: =+E51-F51 -> 8147748.8
C52: Total SERVICIOS PUBLICOS | E52: =SUBTOTAL(9,E46:E51) -> 1.8664805e+08 | F52: =SUBTOTAL(9,F46:F51) -> 1.783795e+08 | G52: =SUBTOTAL(9,G46:G51) -> 8268543.8
A53: 51102401 | B53: 511024 | C53: PORTES, CABLES, FAX Y TELEX | D53: Portes, Cables, Fax y Telex | E53: 53594980 | F53: 50772996 | G53: =+E53-F53 -> 2821984
C54: Total PORTES, CABLES, FAX Y TELEX | E54: =SUBTOTAL(9,E53:E53) -> 53594980 | F54: =SUBTOTAL(9,F53:F53) -> 50772996 | G54: =SUBTOTAL(9,G53:G53) -> 2821984
A55: 51102601 | B55: 511026 | C55: TRANSPORTE, FLETES Y ACARREOS | D55: Transporte Fletes y Acarreos | E55: 19424450 | F55: 14366787 | G55: =+E55-F55 -> 5057663
C56: Total TRANSPORTE, FLETES Y ACARREOS | E56: =SUBTOTAL(9,E55:E55) -> 19424450 | F56: =SUBTOTAL(9,F55:F55) -> 14366787 | G56: =SUBTOTAL(9,G55:G55) -> 5057663
A57: 51102801 | B57: 511028 | C57: PAPELERIA Y UTILES DE OFICINA | D57: Papelería y Utiles de Oficina | E57: 37327290 | F57: 27174638 | G57: =+E57-F57 -> 10152652
C58: Total PAPELERIA Y UTILES DE OFICINA | E58: =SUBTOTAL(9,E57:E57) -> 37327290 | F58: =SUBTOTAL(9,F57:F57) -> 27174638 | G58: =SUBTOTAL(9,G57:G57) -> 10152652
A59: 51103001 | B59: 511030 | C59: FOTOCOPIAS | D59: Fotocopias | E59: 73391 | F59: 275400 | G59: =+E59-F59 -> -202009
C60: Total FOTOCOPIAS | E60: =SUBTOTAL(9,E59:E59) -> 73391 | F60: =SUBTOTAL(9,F59:F59) -> 275400 | G60: =SUBTOTAL(9,G59:G59) -> -202009
A61: 51103401 | B61: 511034 | C61: PUBLICIDAD Y PROPAGANDA | D61: Musica Ambiental | E61: 6014810 | F61: 6276296 | G61: =+E61-F61 -> -261486
A62: 51103402 | B62: 511034 | C62: PUBLICIDAD Y PROPAGANDA | D62: Revista Contacto | E62: 30468445 | F62: 24929200 | G62: =+E62-F62 -> 5539245
A63: 51103403 | B63: 511034 | C63: PUBLICIDAD Y PROPAGANDA | D63: Cart,Carp,Volantes,Pend, Pasaca | E63: 33814100 | F63: 22722400 | G63: =+E63-F63 -> 11091700
A64: 51103404 | B64: 511034 | C64: PUBLICIDAD Y PROPAGANDA | D64: Publ.Ext Eventos Reg | E64: 11023500 | F64: 6615000 | G64: =+E64-F64 -> 4408500
A65: 51103405 | B65: 511034 | C65: PUBLICIDAD Y PROPAGANDA | D65: Prom Y Divulg | E65: 3740000 | F65: 16182068 | G65: =+E65-F65 -> -12442068
A66: 51103406 | B66: 511034 | C66: PUBLICIDAD Y PROPAGANDA | D66: Publi Ext Medios Masivos | E66: 3680400 | F66: 22999569 | G66: =+E66-F66 -> -19319169
A67: 51103407 | B67: 511034 | C67: PUBLICIDAD Y PROPAGANDA | D67: Portafolio de Servicios | E67: 3250000 | F67: 350000 | G67: =+E67-F67 -> 2900000
A68: 51103410 | B68: 511034 | C68: PUBLICIDAD Y PROPAGANDA | D68: Revista Balance Social | E68: 4800000 | F68: 5425000 | G68: =+E68-F68 -> -625000
A69: 51103411 | B69: 511034 | C69: PUBLICIDAD Y PROPAGANDA | D69: Videos | E69: 300000 | F69: 498260 | G69: =+E69-F69 -> -198260
A70: 51103412 | B70: 511034 | C70: PUBLICIDAD Y PROPAGANDA | D70: Publicidad Externa Medios Electronicos | E70: 15804053 | F70: 16968441 | G70: =+E70-F70 -> -1164388
A71: 51103413 | B71: 511034 | C71: PUBLICIDAD Y PROPAGANDA | D71: CootraCOPERCON TV | E71: 24180000 | F71: 23257588 | G71: =+E71-F71 -> 922412
C72: Total PUBLICIDAD Y PROPAGANDA | E72: =SUBTOTAL(9,E61:E71) -> 137075308 | F72: =SUBTOTAL(9,F61:F71) -> 146223822 | G72: =SUBTOTAL(9,G61:G71) -> -9148514
A73: 51103601 | B73: 511036 | C73: CONTRIBUCIONES Y AFILIACIONES | D73: Contribuciones y Afiliaciones | E73: 0 | F73: 60599000 | G73: =+E73-F73 -> -60599000
A74: 51103602 | B74: 511036 | C74: CONTRIBUCIONES Y AFILIACIONES | D74: Seguro de Deposito | E74: 21120000 | F74: 4288000 | G74: =+E74-F74 -> 16832000
A75: 51103603 | B75: 511036 | C75: CONTRIBUCIONES Y AFILIACIONES | D75: Cuota Sostenimiento Confeccop | E75: 1770516 | F75: 2482020 | G75: =+E75-F75 -> -711504
A76: 51103604 | B76: 511036 | C76: CONTRIBUCIONES Y AFILIACIONES | D76: Tasa Contribucion Supersolidaria | E76: 46091800 | F76: 41679800 | G76: =+E76-F76 -> 4412000
C77: Total CONTRIBUCIONES Y AFILIACIONES | E77: =SUBTOTAL(9,E73:E76) -> 68982316 | F77: =SUBTOTAL(9,F73:F76) -> 109048820 | G77: =SUBTOTAL(9,G73:G76) -> -40066504
A78: 51103801 | B78: 511038 | C78: GASTOS DE ASAMBLEA | D78: Capacitación Delegados | E78: 9800000 | F78: 5565000 | G78: =+E78-F78 -> 4235000
A79: 51103802 | B79: 511038 | C79: GASTOS DE ASAMBLEA | D79: Viaticos Asamblea | E79: 0 | F79: 1147713 | G79: =+E79-F79 -> -1147713
A80: 51103804 | B80: 511038 | C80: GASTOS DE ASAMBLEA | D80: Atencion Delegados | E80: 23035701 | F80: 19880770 | G80: =+E80-F80 -> 3154931
A81: 51103805 | B81: 511038 | C81: GASTOS DE ASAMBLEA | D81: Logistica Asamblea | E81: 33043946 | F81: 16970640 | G81: =+E81-F81 -> 16073306
A82: 51103807 | B82: 511038 | C82: GASTOS DE ASAMBLEA | D82: Logista Cursos Delegados | E82: 11294395 | F82: 20254217 | G82: =+E82-F82 -> -8959822
A83: 51103808 | B83: 511038 | C83: GASTOS DE ASAMBLEA | D83: Comunicaciones Delegados | E83: 1874400 | F83: 3380000 | G83: =+E83-F83 -> -1505600
A84: 51103809 | B84: 511038 | C84: GASTOS DE ASAMBLEA | D84: Viaticos y Transportes Delegados | E84: 102726926 | F84: 96306111 | G84: =+E84-F84 -> 6420815
C85: Total GASTOS DE ASAMBLEA | E85: =SUBTOTAL(9,E78:E84) -> 181775368 | F85: =SUBTOTAL(9,F78:F84) -> 163504451 | G85: =SUBTOTAL(9,G78:G84) -> 18270917
A86: 51104001 | B86: 511040 | C86: GASTOS DE DIRECTIVOS | D86: Viaticos Consejo Admon | E86: 147666450 | F86: 126378622 | G86: =+E86-F86 -> 21287828
A87: 51104002 | B87: 511040 | C87: GASTOS DE DIRECTIVOS | D87: Viaticos Junta de Vigilancia | E87: 68970661 | F87: 56832005 | G87: =+E87-F87 -> 12138656
A88: 51104003 | B88: 511040 | C88: GASTOS DE DIRECTIVOS | D88: Capacitacion Consejo De Admo | E88: 18757648 | F88: 11414118 | G88: =+E88-F88 -> 7343530
A89: 51104004 | B89: 511040 | C89: GASTOS DE DIRECTIVOS | D89: Capacitacion Junta De Vigilancia | E89: 7736146 | F89: 6296922 | G89: =+E89-F89 -> 1439224
A90: 51104005 | B90: 511040 | C90: GASTOS DE DIRECTIVOS | D90: Celular Consejo | E90: 11467693 | F90: 15699940 | G90: =+E90-F90 -> -4232247
A91: 51104006 | B91: 511040 | C91: GASTOS DE DIRECTIVOS | D91: Celular Junta De Vigilancia | E91: 6473911 | F91: 9739718 | G91: =+E91-F91 -> -3265807
A92: 51104007 | B92: 511040 | C92: GASTOS DE DIRECTIVOS | D92: Logista Consejo | E92: 11664039 | F92: 10020233 | G92: =+E92-F92 -> 1643806
A93: 51104008 | B93: 511040 | C93: GASTOS DE DIRECTIVOS | D93: Logista Junta De Vigilancia | E93: 4665491.7 | F93: 6750286 | G93: =+E93-F93 -> -2084794.3
A94: 51104009 | B94: 511040 | C94: GASTOS DE DIRECTIVOS | D94: Gastos Representacion Social | E94: 10473612 | F94: 8957900 | G94: =+E94-F94 -> 1515712
A95: 51104010 | B95: 511040 | C95: GASTOS DE DIRECTIVOS | D95: Gastos Representacion Social | E95: 0 | F95: 300000 | G95: =+E95-F95 -> -300000
C96: Total GASTOS DE DIRECTIVOS | E96: =SUBTOTAL(9,E86:E95) -> 2.8787565e+08 | F96: =SUBTOTAL(9,F86:F95) -> 252389744 | G96: =SUBTOTAL(9,G86:G95) -> 35485908
A97: 51104201 | B97: 511042 | C97: GASTOS DE COMITES | D97: Viaticos Comite de Educacion | E97: 83318535 | F97: 91802260 | G97: =+E97-F97 -> -8483725
A98: 51104202 | B98: 511042 | C98: GASTOS DE COMITES | D98: Viaticos Comite de Credito | E98: 32416430 | F98: 47030246 | G98: =+E98-F98 -> -14613816
A99: 51104203 | B99: 511042 | C99: GASTOS DE COMITES | D99: Capac Comite de Credito | E99: 1742437 | F99: 3514138 | G99: =+E99-F99 -> -1771701
A100: 51104204 | B100: 511042 | C100: GASTOS DE COMITES | D100: Celular Comite de Educacion | E100: 11432553 | F100: 11720958 | G100: =+E100-F100 -> -288405
A101: 51104205 | B101: 511042 | C101: GASTOS DE COMITES | D101: Celular Comite de Credito | E101: 5471488 | F101: 8688067 | G101: =+E101-F101 -> -3216579
A102: 51104206 | B102: 511042 | C102: GASTOS DE COMITES | D102: Logistica Comite de Credito | E102: 4897445 | F102: 6007911 | G102: =+E102-F102 -> -1110466
A103: 51104207 | B103: 511042 | C103: GASTOS DE COMITES | D103: Viat Comite Evaluacion de Cartera | E103: 16860601 | F103: 22576463 | G103: =+E103-F103 -> -5715862
A104: 51104208 | B104: 511042 | C104: GASTOS DE COMITES | D104: Viaticos Comite Evaluacion Adtva | E104: 19382169 | F104: 15689568 | G104: =+E104-F104 -> 3692601
A105: 51104209 | B105: 511042 | C105: GASTOS DE COMITES | D105: Capacitacion Comite de Educacion | E105: 4192436 | F105: 4371283 | G105: =+E105-F105 -> -178847
...

Sheet Nota Gastos y sociales
A3: CODIGO | B3: GASTOS SOCIALES | C3: Año 2022 | D3: Año 2021 | E3: Var | F3: %
A4: 51109510 | B4: Aux Educativo Hijos Asociad | C4: 572350000 | D4: 354400000 | E4: =+C4-D4 -> 217950000 | F4: =+E4/D4 -> 0.61498307
A5: 51109502 | B5: Obsequios Asociados | C5: 303996200 | D5: 259350000 | E5: =+C5-D5 -> 44646200 | F5: =+E5/D5 -> 0.17214652
A6: 51109507 | B6: Atencion Asociados | C6: 124789506 | D6: 1.3791377e+08 | E6: =+C6-D6 -> -13124260 | F6: =+E6/D6 -> -0.095162796
A7: 51107201 | B7: Gastos Fondo de Solidaridad | C7: 1.884358e+08 | D7: 1.3576848e+08 | E7: =+C7-D7 -> 52667320 | F7: =+E7/D7 -> 0.38792008
A8: 51109524 | B8: Eventos Infantiles | C8: 15595844 | D8: 39261452 | E8: =+C8-D8 -> -23665608 | F8: =+E8/D8 -> -0.60276956
A9: 51109503 | B9: Entidades Sociales | C9: 38688972 | D9: 36133075 | E9: =+C9-D9 -> 2555897 | F9: =+E9/D9 -> 0.070735663
A10: 51109525 | B10: Concursos | C10: 33282265 | D10: 20042820 | E10: =+C10-D10 -> 13239445 | F10: =+E10/D10 -> 0.660558
A11: 51109509 | B11: Logistica curso asociados | C11: 13851660 | D11: 17487636 | E11: =+C11-D11 -> -3635976 | F11: =+E11/D11 -> -0.20791695
A12: 51109508 | B12: Transporte asociados | C12: 8474841 | D12: 4894376 | E12: =+C12-D12 -> 3580465 | F12: =+E12/D12 -> 0.73154678
A13: 51109517 | B13: Capacitacion Asociados | C13: 3666672 | D13: 1010000 | E13: =+C13-D13 -> 2656672 | F13: =+E13/D13 -> 2.6303683
B14: Otros | C14: 0 | D14: 1025996 | E14: =+C14-D14 -> -1025996 | F14: =+E14/D14 -> -1
A15: 51109526 | B15: Representacion social empresas | C15: 17050842 | D15: 16450860 | E15: =+C15-D15 -> 599982 | F15: N.A.
B16: Total general | C16: =SUM(C4:C15) -> 1.3201826e+09 | D16: =SUM(D4:D15) -> 1.0237385e+09 | E16: =+C16-D16 -> 2.9644414e+08 | F16: =+E16/D16 -> 0.28957019

Sheet Nota partes relacionadas
A2: GERENCIA Y CONSEJO DE ADMON | B2: Año 2022 | C2: Año 2021 | D2: Año 2020
A3: Desembolso de Créditos | C3: 522144230 | D3: 546098495
A4: Saldo Créditos | B4: ='HT. Partes Relacionadas'!C14 -> 753448361 | C4: 658949072 | D4: 670566414
A5: Saldo de Aportes | B5: ='HT. Partes Relacionadas'!D14 -> 185468307 | C5: 176769425 | D5: 163900719
A6: Saldo de Depósitos | B6: ='HT. Partes Relacionadas'!E14 -> 8563296 | C6: 5784178 | D6: 0
A7: Auxilios otorgados | C7: 2360485 | D7: 6237364
A8: Beneficios a empleados | C8: 104192537 | D8: 101542828
A9: Honorarios, viáticos y transportes | B9: ='HT. Partes Relacionadas'!H14 -> 200778463 | C9: 181278792 | D9: 190789178
A10: Otras operaciones activas | B10: ='HT. Partes Relacionadas'!I14 -> 57012848 | C10: 5618235 | D10: 2384274
A11: Otras operaciones pasivas | B11: ='HT. Partes Relacionadas'!J14 -> 206841 | C11: 10495158 | D11: 4119097
A12: Intereses pagados | B12: ='HT. Partes Relacionadas'!K14 -> 280377 | C12: 109290902 | D12: 107075030

Sheet HT. Partes Relacionadas
A1: Fuente: | C1: Plano de Cartera | D1: Aux Cta 31 | E1: Aux Cta 21 | I1: Aux Cta 16 | J1: Aux Cta 24 Depurada | K1: Deb Cta 2805
A3: NOMBRE | B3: DESEMBOLSOS DE CREDITOS | C3: SALDO DE CREDITOS | D3: SALDO DE APORTES | E3: SALDO DE DEPOSITOS | F3: AUXILIOS OTORGADOS | G3: BENEFICIOS A EMPLEADOS | H3: HONORARIOS, VIATICOS Y TRANSPORTE | I3: OTRAS OPERACIONES ACTIVAS | J3: OTRAS OPERACIONES PASIVAS | K3: INTERESES PAGADOS
A4: Directivo 1 | B4: 49050000 | C4: 48798554 | D4: 24556027 | E4: 641348 | F4: 0 | G4: 0 | H4: 11012731 | I4: 17834 | J4: 5697 | K4: 0
A5: Directivo 2 | B5: 1987431 | C5: 19889142 | D5: 26686428 | E5: 1942819 | F5: 830000 | G5: 0 | H5: 7753872 | I5: 149114 | J5: 6206 | K5: 99220
A6: Directivo 3 | B6: 30371614 | C6: 119531672 | D6: 22665273 | E6: 577192 | F6: 360000 | G6: 0 | H6: 27475327 | I6: 436603 | J6: 4263 | K6: 0
A7: Directivo 4 | B7: 35211000 | C7: 81591890 | D7: 19846985 | E7: 525930 | F7: 30000 | G7: 0 | H7: 19559548 | I7: 243643 | J7: 5005 | K7: 0
A8: Directivo 5 | B8: 75059706 | C8: 73226492 | D8: 14188491 | E8: 1522720 | F8: 0 | G8: 0 | H8: 28236788 | I8: 264887 | J8: 4489 | K8: 81677
A9: Directivo 6 | B9: 86365132 | C9: 92774436 | D9: 8006391 | E9: 273033 | F9: 180000 | G9: 0 | H9: 10219558 | I9: 240347 | J9: 3587 | K9: 0
A10: Directivo 7 | B10: 75499069 | C10: 142864248 | D10: 38375109 | E10: 2081820 | F10: 0 | G10: 0 | H10: 22069426 | I10: 57145 | J10: 3877 | K10: 99480
A11: Directivo 8 | B11: 35511949 | C11: 34009479 | D11: 17675423 | E11: 622096 | F11: 360000 | G11: 0 | H11: 35945906 | I11: 680147 | J11: 4907 | K11: 0
A12: Directivo 9 | B12: 39603485 | C12: 86277323 | D12: 13468180 | E12: 376338 | F12: 600000 | G12: 0 | H12: 27167097 | I12: 438003 | J12: 50810 | K12: 0
A13: Directivo 10 | B13: 54485125 | C13: 54485125 | D13: 0 | E13: 0 | F13: 0 | G13: 37576291 | H13: 11338210 | I13: 54485125 | J13: 118000 | K13: 0
A14: TOTAL | B14: 483144511 | C14: 753448361 | D14: 185468307 | E14: 8563296 | F14: 2360000 | G14: 37576291 | H14: 200778463 | I14: 57012848 | J14: 206841 | K14: 280377

Sheet PIGNORACION PAGARES
A1: Entidad Valor No.Pagares Caja Social 4611769221 136 Bogota 7435738014 224 BBVA 598928887 24
B3: ENTIDAD | C3: VALOR | D3: NO. PAGARES
A4: Entidad Valor No.Pagares Caja Social 4611769221 136 Bogota 7435738014 224 BBVA 598928887 24
B5: Caja Social | C5: 4611769221 | D5: 136
B6: Bogota | C6: 7435738014 | D6: 224
B7: BBVA | C7: 598928887 | D7: 24
B8: POPULAR | C8: 2338400060 | D8: 573
B10: TOTAL | C10: =SUM(C5:C9) -> 14984836182 | D10: =SUM(D5:D9) -> 957
